Workbook
Name dmdong: IF(SCT!$G$8="131",vkh,IF(SCT!$G$8="141",vnv,IF(SCT!$G$8="331",vncc,"")))
Name intp: IN_PNX!$M$6:$M$202
Name invl: IN_PNX!$K$6:$K$202
Name inhh: IN_PNX!$O$6:$O$202
Name ipc: IN_PTC!$M$5:$M$200
Name ipt: IN_PTC!$N$5:$N$200
Name ixhh: IN_PNX!$P$6:$P$202
Name ixtp: IN_PNX!$N$6:$N$202
Name ixvl: IN_PNX!$L$6:$L$202
Name mcdpsc: DULIEU!$AR$7:$AR$532
Name mcdpsn: DULIEU!$AQ$7:$AQ$532
Name mct: DULIEU!$H$7:$H$532
Name mkh: DMKH!$B$10:$B$25
Name mkhncc: DMKH!$B$10:$B$47
Name mncc: DMKH!$K$10:$K$25
Name mnv: NV!$B$10:$B$30
Name mtk: DMTK!$C$10:$C$160
Name mvt: DMVT!$B$10:$B$30
Name stps: DULIEU!$X$7:$X$532
Name stpsccdps: CĐPS!$M$5:$M$155
Name stpsncdps: CĐPS!$L$5:$L$155
Name va: 'B03'!$AGO$25:$AGP$29
Name vb01ac: CĐPS!$ADV$5:$ADV$155
Name vb01an: CĐPS!$ADU$5:$ADU$155
Name vb01bc: CĐPS!$ADX$5:$ADX$155
Name vb01bn: CĐPS!$ADW$5:$ADW$155
Name vb02a: DULIEU!$AW$7:$AW$532
Name vd: 'B03'!$AGR$10:$AGS$12
Name vdl: DULIEU!$H$7:$AM$532
Name ve: 'B03'!$AGI$10:$AGJ$12
Name vf: 'B03'!$AGR$13:$AGS$17
Name vg: 'B03'!$AGR$18:$AGS$20
Name vh: 'B03'!$AGR$21:$AGS$23
Name vi: 'B03'!$AGO$10:$AGP$16
Name vj: 'B03'!$AGR$24:$AGS$26
Name vkh: DMKH!$B$10:$I$25
Name vkhncc: DMKH!$B$10:$I$47
Name vlctt: DULIEU!$V$6:$X$532
Name vncc: DMKH!$K$10:$R$25
Name vnv: NV!$B$10:$I$30
Name vnx: DULIEU!$J$7:$AM$532
Name vo: 'B03'!$AGO$17:$AGP$19
Name vp: 'B03'!$AGO$20:$AGP$24
Name vq: 'B03'!$AGF$10:$AGG$18
Name vr: 'B03'!$AGI$13:$AGJ$17
Name vs: 'B03'!$AGO$30:$AGP$32
Name vt: 'B03'!$AGI$18:$AGJ$20
Name vtk: DMTK!$C$10:$J$160
Name vtkc: DULIEU!$W$7:$W$532
Name vtkn: DULIEU!$V$7:$V$532
Name vu: 'B03'!$AGL$10:$AGM$42
Name vvt: DMVT!$B$10:$I$30
Name vw: 'B03'!$AGF$19:$AGG$39
Name vy: 'B03'!$AGI$21:$AGJ$31

Sheet MENU
A1: NGƯỜI VIẾT: ĐÀM VĂN ĐỨC, CẦN HỖ TRỢ LIÊN HỆ FB NẶNG THẦM, 0972075067 | B1: NGƯỜI VIẾT BÀI: ĐÀM VĂN ĐỨC | C1: PHẦM MỀM KẾ TOÁN EXCEL THÔNG TƯ 133 | M1: NGƯỜI VIẾT: ĐÀM VĂN ĐỨC, CẦN HỖ TRỢ LIÊN HỆ FB NẶNG THẦM, 0972075067 | N1: NGƯỜI VIẾT: ĐÀM VĂN ĐỨC, CẦN HỖ TRỢ LIÊN HỆ FB NẶNG THẦM, 0972075067
A2: NGƯỜI VIẾT: ĐÀM VĂN ĐỨC, CẦN HỖ TRỢ LIÊN HỆ FB NẶNG THẦM, 0972075067 | B2: NGƯỜI VIẾT BÀI: ĐÀM VĂN ĐỨC | C2: BẢNG DANH MỤC | E2: NGƯỜI VIẾT: ĐÀM VĂN ĐỨC, CẦN HỖ TRỢ LIÊN HỆ FB NẶNG THẦM, 0972075067 | G2: SỔ NHẬT KÝ | I2: NGƯỜI VIẾT: ĐÀM VĂN ĐỨC, CẦN HỖ TRỢ LIÊN HỆ FB NẶNG THẦM, 0972075067 | K2: SỔ CHI TIẾT | M2: NGƯỜI VIẾT: ĐÀM VĂN ĐỨC, CẦN HỖ TRỢ LIÊN HỆ FB NẶNG THẦM, 0972075067 | N2: NGƯỜI VIẾT: ĐÀM VĂN ĐỨC, CẦN HỖ TRỢ LIÊN HỆ FB NẶNG THẦM, 0972075067
A3: NGƯỜI VIẾT: ĐÀM VĂN ĐỨC, CẦN HỖ TRỢ LIÊN HỆ FB NẶNG THẦM, 0972075067 | B3: NGƯỜI VIẾT BÀI: ĐÀM VĂN ĐỨC | C3: Thông tin doanh nghiệp | E3: NGƯỜI VIẾT: ĐÀM VĂN ĐỨC, CẦN HỖ TRỢ LIÊN HỆ FB NẶNG THẦM, 0972075067 | G3: Sổ nhật ký chung | I3: NGƯỜI VIẾT: ĐÀM VĂN ĐỨC, CẦN HỖ TRỢ LIÊN HỆ FB NẶNG THẦM, 0972075067 | K3: Sổ chi tiết tài khoản | M3: NGƯỜI VIẾT: ĐÀM VĂN ĐỨC, CẦN HỖ TRỢ LIÊN HỆ FB NẶNG THẦM, 0972075067 | N3: NGƯỜI VIẾT: ĐÀM VĂN ĐỨC, CẦN HỖ TRỢ LIÊN HỆ FB NẶNG THẦM, 0972075067
A4: NGƯỜI VIẾT: ĐÀM VĂN ĐỨC, CẦN HỖ TRỢ LIÊN HỆ FB NẶNG THẦM, 0972075067 | B4: NGƯỜI VIẾT BÀI: ĐÀM VĂN ĐỨC | C4: Danh mục tài khoản | E4: NGƯỜI VIẾT: ĐÀM VĂN ĐỨC, CẦN HỖ TRỢ LIÊN HỆ FB NẶNG THẦM, 0972075067 | G4: Sổ nhật ký thu tiền | I4: NGƯỜI VIẾT: ĐÀM VĂN ĐỨC, CẦN HỖ TRỢ LIÊN HỆ FB NẶNG THẦM, 0972075067 | K4: Sổ chi tiết 111, 112 | M4: NGƯỜI VIẾT: ĐÀM VĂN ĐỨC, CẦN HỖ TRỢ LIÊN HỆ FB NẶNG THẦM, 0972075067 | N4: NGƯỜI VIẾT: ĐÀM VĂN ĐỨC, CẦN HỖ TRỢ LIÊN HỆ FB NẶNG THẦM, 0972075067
A5: NGƯỜI VIẾT: ĐÀM VĂN ĐỨC, CẦN HỖ TRỢ LIÊN HỆ FB NẶNG THẦM, 0972075067 | B5: NGƯỜI VIẾT BÀI: ĐÀM VĂN ĐỨC | C5: Danh mục VL, HH | E5: NGƯỜI VIẾT: ĐÀM VĂN ĐỨC, CẦN HỖ TRỢ LIÊN HỆ FB NẶNG THẦM, 0972075067 | G5: Sổ nhật ký chi tiền | I5: NGƯỜI VIẾT: ĐÀM VĂN ĐỨC, CẦN HỖ TRỢ LIÊN HỆ FB NẶNG THẦM, 0972075067 | K5: Sổ chi tiết 131, 331 | M5: NGƯỜI VIẾT: ĐÀM VĂN ĐỨC, CẦN HỖ TRỢ LIÊN HỆ FB NẶNG THẦM, 0972075067 | N5: NGƯỜI VIẾT: ĐÀM VĂN ĐỨC, CẦN HỖ TRỢ LIÊN HỆ FB NẶNG THẦM, 0972075067
A6: NGƯỜI VIẾT: ĐÀM VĂN ĐỨC, CẦN HỖ TRỢ LIÊN HỆ FB NẶNG THẦM, 0972075067 | B6: NGƯỜI VIẾT: ĐÀM VĂN ĐỨC, CẦN HỖ TRỢ LIÊN HỆ FB NẶNG THẦM, 0972075067 | C6: Danh mục KH, NCC | E6: NGƯỜI VIẾT: ĐÀM VĂN ĐỨC, CẦN HỖ TRỢ LIÊN HỆ FB NẶNG THẦM, 0972075067 | G6: Sổ nhật ký mua hàng | I6: NGƯỜI VIẾT: ĐÀM VĂN ĐỨC, CẦN HỖ TRỢ LIÊN HỆ FB NẶNG THẦM, 0972075067 | K6: Sổ chi tiết 152, 153, 155, 156 | M6: NGƯỜI VIẾT: ĐÀM VĂN ĐỨC, CẦN HỖ TRỢ LIÊN HỆ FB NẶNG THẦM, 0972075067 | N6: NGƯỜI VIẾT: ĐÀM VĂN ĐỨC, CẦN HỖ TRỢ LIÊN HỆ FB NẶNG THẦM, 0972075067
A7: NGƯỜI VIẾT BÀI: ĐÀM VĂN ĐỨC | B7: NGƯỜI VIẾT: ĐÀM VĂN ĐỨC, CẦN HỖ TRỢ LIÊN HỆ FB NẶNG THẦM, 0972075067 | C7: Danh mục nhân viên | E7: NGƯỜI VIẾT: ĐÀM VĂN ĐỨC, CẦN HỖ TRỢ LIÊN HỆ FB NẶNG THẦM, 0972075067 | G7: Sổ nhật ký bán hàng | I7: NGƯỜI VIẾT: ĐÀM VĂN ĐỨC, CẦN HỖ TRỢ LIÊN HỆ FB NẶNG THẦM, 0972075067 | K7: Sổ chi tiết 154 | M7: NGƯỜI VIẾT: ĐÀM VĂN ĐỨC, CẦN HỖ TRỢ LIÊN HỆ FB NẶNG THẦM, 0972075067 | N7: NGƯỜI VIẾT: ĐÀM VĂN ĐỨC, CẦN HỖ TRỢ LIÊN HỆ FB NẶNG THẦM, 0972075067
A8: NGƯỜI VIẾT BÀI: ĐÀM VĂN ĐỨC | E8: NGƯỜI VIẾT: ĐÀM VĂN ĐỨC, CẦN HỖ TRỢ LIÊN HỆ FB NẶNG THẦM, 0972075067 | K8: NGƯỜI VIẾT: ĐÀM VĂN ĐỨC, CẦN HỖ TRỢ LIÊN HỆ FB NẶNG THẦM, 0972075067 | M8: NGƯỜI VIẾT: ĐÀM VĂN ĐỨC, CẦN HỖ TRỢ LIÊN HỆ FB NẶNG THẦM, 0972075067 | N8: NGƯỜI VIẾT: ĐÀM VĂN ĐỨC, CẦN HỖ TRỢ LIÊN HỆ FB NẶNG THẦM, 0972075067
A9: NGƯỜI VIẾT BÀI: ĐÀM VĂN ĐỨC | K9: NGƯỜI VIẾT: ĐÀM VĂN ĐỨC, CẦN HỖ TRỢ LIÊN HỆ FB NẶNG THẦM, 0972075067 | M9: NGƯỜI VIẾT: ĐÀM VĂN ĐỨC, CẦN HỖ TRỢ LIÊN HỆ FB NẶNG THẦM, 0972075067 | N9: NGƯỜI VIẾT: ĐÀM VĂN ĐỨC, CẦN HỖ TRỢ LIÊN HỆ FB NẶNG THẦM, 0972075067
F10: DỮ LIỆU KẾ TOÁN | K10: NGƯỜI VIẾT: ĐÀM VĂN ĐỨC, CẦN HỖ TRỢ LIÊN HỆ FB NẶNG THẦM, 0972075067 | M10: NGƯỜI VIẾT: ĐÀM VĂN ĐỨC, CẦN HỖ TRỢ LIÊN HỆ FB NẶNG THẦM, 0972075067 | N10: NGƯỜI VIẾT: ĐÀM VĂN ĐỨC, CẦN HỖ TRỢ LIÊN HỆ FB NẶNG THẦM, 0972075067
F11: =NOW() -> 42704.551
G12: =IF(AND(G13>6,G13<12),"Chúc bạn ngày mới tốt lành :P",IF(AND(G13>=11,G13<13),"Nghỉ trưa thôi bạn, khò khò :D",IF(AND(G13>=13,G13<=17),"Làm việc buổi chiều nào :P",IF(AND(G13>17,G13<=24),"Chúc bạn buổi tối vui vẻ :D",IF(AND(G13>=0,G13<=6),"Chúc bạn ngủ ngon, khò khò :P",""))))) -> Làm việc buổi chiều nào :P
G13: =HOUR(H13) -> 13 | H13: =NOW() -> 42704.551
C14: SỔ TỔNG HỢP | E14: NGƯỜI VIẾT: ĐÀM VĂN ĐỨC, CẦN HỖ TRỢ LIÊN HỆ FB NẶNG THẦM, 0972075067 | G14: VAT | K14: BÁO CÁO TÀI CHÍNH
C15: Sổ cái | G15: In phiếu thu chi | K15: Bảng CDPS năm
C16: Sổ tổng hợp 131 | G16: In phiếu nhập xuất | K16: Bảng cân đối kế toán
C17: Sổ tổng hợp 131, 331 | G17: In phiếu kế toán | K17: Báo cáo KQKD
C18: Sổ tổng hợp 152, 153, 155, 156 | G18: Bảng kê mua vào | K18: Báo cáo LCTT
C19: Sổ tổng hợp 154 | G19: Bảng kê bán ra | K19: Bản thuyết minh BCTC
E20: NGƯỜI VIẾT: ĐÀM VĂN ĐỨC, CẦN HỖ TRỢ LIÊN HỆ FB NẶNG THẦM, 0972075067
C21: NGƯỜI VIẾT: ĐÀM VĂN ĐỨC, CẦN HỖ TRỢ LIÊN HỆ FB NẶNG THẦM, 0972075067

Sheet TTDN
B3: NGƯỜI VIẾT: ĐÀM VĂN ĐỨC, CẦN HỖ TRỢ LIÊN HỆ FB NẶNG THẦM, 0972075067
A4: THÔNG TIN DOANH NGHIỆP
A5: Diễn giải | B5: Thông tin
A6: Tên doanh nghiệp | B6: Công ty TNHH mua nỗi buồn bán niềm vui
A7: Địa chỉ trụ sở | B7: Phây búc Nặng Thầm
A8: Mã số thuế | B8: https://www.facebook.com/lang.tham.33
A9: Điện thoại | B9: 0972075067
A10: Email | B10: ducdamkt@gmail.com
A11: Giám đốc | B11: Đàm Văn Đức
A12: Kế toán trưởng | B12: Đàm Vĩnh Hưng
A13: Người lập biểu | B13: Sơn Tùng MTP
A14: Thủ kho | B14: Đan Nguyên
A15: Thủ quỹ | B15: Hồ Ngọc Hà
A16: Từ ngày 01/01/2015 đến ngày 31/12/2015 | B16: Hà Nội, ngày 31 tháng 12 năm 2015
B17: Năm 2015

Sheet DMTK
C4: ="Đơn vị: "&TTDN!$B$6 -> Đơn vị: Công ty TNHH mua nỗi buồn bán niềm vui | E4: NGƯỜI VIẾT: ĐÀM VĂN ĐỨC, CẦN HỖ TRỢ LIÊN HỆ FB NẶNG THẦM, 0972075067
C5: ="Địa chỉ: "&TTDN!$B$7 -> Địa chỉ: Phây búc Nặng Thầm
C7: BẢNG CÂN ĐỐI PHÁT SINH TÀI KHOẢN
C9: Tài khoản | D9: Tên tài khoản | E9: Dư nợ đầu kỳ | F9: Dư có đầu kỳ | G9: Phát sinh nợ | H9: Phát sinh có | I9: Dư nợ cuối kỳ | J9: Dư có cuối kỳ
A10: x | B10: 111* | C10: 111 | D10: Tiền mặt | E10: =SUM(E11:E12) -> 0 | F10: =SUM(F11:F12) -> 0 | G10: =SUMIF(vtkn,B10,stps) -> 2134610000 | H10: =SUMIF(vtkc,B10,stps) -> 126342500 | I10: =MAX(E10+G10-F10-H10,0) -> 2008267500 | J10: =MAX(F10+H10-E10-G10,0) -> 0
B11: 1111 | C11: 1111 | D11: Tiền mặt | G11: =SUMIF(vtkn,B11,stps) -> 2134610000 | H11: =SUMIF(vtkc,B11,stps) -> 126342500 | I11: =MAX(E11+G11-F11-H11,0) -> 2008267500 | J11: =MAX(F11+H11-E11-G11,0) -> 0
B12: 1112 | C12: 1112 | D12: Tiền mặt ngoại tệ | G12: =SUMIF(vtkn,B12,stps) -> 0 | H12: =SUMIF(vtkc,B12,stps) -> 0
A13: x | B13: 112* | C13: 112 | D13: Tiền gửi ngân hàng | E13: =SUM(E14:E17) -> 0 | F13: =SUM(F14:F17) -> 0 | G13: =SUMIF(vtkn,B13,stps) -> 140210013 | H13: =SUMIF(vtkc,B13,stps) -> 129616000 | I13: =MAX(E13+G13-F13-H13,0) -> 10594013 | J13: =MAX(F13+H13-E13-G13,0) -> 0
B14: 1121 | C14: 1121 | D14: Tiền mặt | G14: =SUMIF(vtkn,B14,stps) -> 0 | H14: =SUMIF(vtkc,B14,stps) -> 0 | I14: =MAX(E14+G14-F14-H14,0) -> 0 | J14: =MAX(F14+H14-E14-G14,0) -> 0
B15: 11211 | C15: 11211 | D15: Ngân hàng PG Bank | G15: =SUMIF(vtkn,B15,stps) -> 140210013 | H15: =SUMIF(vtkc,B15,stps) -> 129616000 | I15: =MAX(E15+G15-F15-H15,0) -> 10594013 | J15: =MAX(F15+H15-E15-G15,0) -> 0
B16: 11212 | C16: 11212 | D16: Ngân hàng VC Bank | G16: =SUMIF(vtkn,B16,stps) -> 0 | H16: =SUMIF(vtkc,B16,stps) -> 0 | I16: =MAX(E16+G16-F16-H16,0) -> 0 | J16: =MAX(F16+H16-E16-G16,0) -> 0
B17: 1122 | C17: 1122 | D17: Tiền ngoại tệ | G17: =SUMIF(vtkn,B17,stps) -> 0 | H17: =SUMIF(vtkc,B17,stps) -> 0 | I17: =MAX(E17+G17-F17-H17,0) -> 0 | J17: =MAX(F17+H17-E17-G17,0) -> 0
A18: x | B18: 121* | C18: 121 | D18: Chứng khoán kinh doanh | G18: =SUMIF(vtkn,B18,stps) -> 0 | H18: =SUMIF(vtkc,B18,stps) -> 0
A19: x | B19: 128* | C19: 128 | D19: Đầu tư nắm giữ đến ngày đáo hạn | E19: =SUM(E20:E21) -> 0 | F19: =SUM(F20:F21) -> 0 | G19: =SUMIF(vtkn,B19,stps) -> 0 | H19: =SUMIF(vtkc,B19,stps) -> 0
B20: 1281 | C20: 1281 | D20: Tiền gửi có kỳ hạn | G20: =SUMIF(vtkn,B20,stps) -> 0 | H20: =SUMIF(vtkc,B20,stps) -> 0 | I20: =MAX(E20+G20-F20-H20,0) -> 0 | J20: =MAX(F20+H20-E20-G20,0) -> 0
B21: 1288 | C21: 1288 | D21: Các khoản đầu tư khác nắm giữ đến ngày đáo hạn | G21: =SUMIF(vtkn,B21,stps) -> 0 | H21: =SUMIF(vtkc,B21,stps) -> 0 | I21: =MAX(E21+G21-F21-H21,0) -> 0 | J21: =MAX(F21+H21-E21-G21,0) -> 0
A22: x | B22: 131 | C22: 131 | D22: Phải thu của khách hàng | G22: =SUMIF(vtkn,B22,stps) -> 24310000 | H22: =SUMIF(vtkc,B22,stps) -> 129200000 | I22: =MAX(E22+G22-F22-H22,0) -> 0 | J22: =MAX(F22+H22-E22-G22,0) -> 104890000
A23: x | B23: 133* | C23: 133 | D23: Thuế giá trị gia tăng được khấu trừ | E23: =SUM(E24:E25) -> 0 | F23: =SUM(F24:F25) -> 0 | G23: =SUMIF(vtkn,B23,stps) -> 107700 | H23: =SUMIF(vtkc,B23,stps) -> 107700 | I23: =MAX(E23+G23-F23-H23,0) -> 0 | J23: =MAX(F23+H23-E23-G23,0) -> 0
B24: 1331 | C24: 1331 | D24: Thuế VAT được khấu trừ của hàng hoá, dịch vụ | G24: =SUMIF(vtkn,B24,stps) -> 107700 | H24: =SUMIF(vtkc,B24,stps) -> 107700 | I24: =MAX(E24+G24-F24-H24,0) -> 0 | J24: =MAX(F24+H24-E24-G24,0) -> 0
B25: 1332 | C25: 1332 | D25: Thuế VAT được khấu trừ của TSCĐ | G25: =SUMIF(vtkn,B25,stps) -> 0 | H25: =SUMIF(vtkc,B25,stps) -> 0 | I25: =MAX(E25+G25-F25-H25,0) -> 0 | J25: =MAX(F25+H25-E25-G25,0) -> 0
A26: x | B26: 136* | C26: 136 | D26: Phải thu nội bộ | E26: =SUM(E27:E28) -> 0 | F26: =SUM(F27:F28) -> 0 | G26: =SUMIF(vtkn,B26,stps) -> 0 | H26: =SUMIF(vtkc,B26,stps) -> 0 | I26: =MAX(E26+G26-F26-H26,0) -> 0 | J26: =MAX(F26+H26-E26-G26,0) -> 0
B27: 1361 | C27: 1361 | D27: Vốn kinh doanh ở đơn vị trực thuộc | G27: =SUMIF(vtkn,B27,stps) -> 0 | H27: =SUMIF(vtkc,B27,stps) -> 0 | I27: =MAX(E27+G27-F27-H27,0) -> 0 | J27: =MAX(F27+H27-E27-G27,0) -> 0
B28: 1368 | C28: 1368 | D28: Phải thu nội bộ khác | G28: =SUMIF(vtkn,B28,stps) -> 0 | H28: =SUMIF(vtkc,B28,stps) -> 0 | I28: =MAX(E28+G28-F28-H28,0) -> 0 | J28: =MAX(F28+H28-E28-G28,0) -> 0
A29: x | B29: 138* | C29: 138 | D29: Phải thu khác | E29: =SUM(E30:E32) -> 0 | F29: =SUM(F30:F32) -> 0 | G29: =SUMIF(vtkn,B29,stps) -> 0 | H29: =SUMIF(vtkc,B29,stps) -> 0 | I29: =MAX(E29+G29-F29-H29,0) -> 0 | J29: =MAX(F29+H29-E29-G29,0) -> 0
B30: 1381 | C30: 1381 | D30: Tài sản thiếu chờ xử lý | G30: =SUMIF(vtkn,B30,stps) -> 0 | H30: =SUMIF(vtkc,B30,stps) -> 0 | I30: =MAX(E30+G30-F30-H30,0) -> 0 | J30: =MAX(F30+H30-E30-G30,0) -> 0
B31: 1386 | C31: 1386 | D31: Cầm cố, thế chấp, ký quỹ, ký cược | G31: =SUMIF(vtkn,B31,stps) -> 0 | H31: =SUMIF(vtkc,B31,stps) -> 0 | I31: =MAX(E31+G31-F31-H31,0) -> 0 | J31: =MAX(F31+H31-E31-G31,0) -> 0
B32: 1388 | C32: 1388 | D32: Phải thu khác | G32: =SUMIF(vtkn,B32,stps) -> 0 | H32: =SUMIF(vtkc,B32,stps) -> 0 | I32: =MAX(E32+G32-F32-H32,0) -> 0 | J32: =MAX(F32+H32-E32-G32,0) -> 0
A33: x | B33: 141 | C33: 141 | D33: Tạm ứng | G33: =SUMIF(vtkn,B33,stps) -> 500000 | H33: =SUMIF(vtkc,B33,stps) -> 500000 | I33: =MAX(E33+G33-F33-H33,0) -> 0 | J33: =MAX(F33+H33-E33-G33,0) -> 0
A34: x | B34: 151 | C34: 151 | D34: Hàng mua đang đi đường | G34: =SUMIF(vtkn,B34,stps) -> 0 | H34: =SUMIF(vtkc,B34,stps) -> 0 | I34: =MAX(E34+G34-F34-H34,0) -> 0 | J34: =MAX(F34+H34-E34-G34,0) -> 0
A35: x | B35: 152* | C35: 152 | D35: Nguyên liệu, vật liệu | E35: =SUM(E36:E38) -> 0 | F35: =SUM(F36:F38) -> 0 | G35: =SUMIF(vtkn,B35,stps) -> 752000 | H35: =SUMIF(vtkc,B35,stps) -> 535200 | I35: =MAX(E35+G35-F35-H35,0) -> 216800 | J35: =MAX(F35+H35-E35-G35,0) -> 0
B36: 1521 | C36: 1521 | D36: Nguyên vật liệu chính | G36: =SUMIF(vtkn,B36,stps) -> 752000 | H36: =SUMIF(vtkc,B36,stps) -> 535200 | I36: =MAX(E36+G36-F36-H36,0) -> 216800 | J36: =MAX(F36+H36-E36-G36,0) -> 0
B37: 1522 | C37: 1522 | D37: Nguyên vật liệu phụ | G37: =SUMIF(vtkn,B37,stps) -> 0 | H37: =SUMIF(vtkc,B37,stps) -> 0 | I37: =MAX(E37+G37-F37-H37,0) -> 0 | J37: =MAX(F37+H37-E37-G37,0) -> 0
B38: 1523 | C38: 1523 | D38: Vật liệu, phế liệu khác | G38: =SUMIF(vtkn,B38,stps) -> 0 | H38: =SUMIF(vtkc,B38,stps) -> 0 | I38: =MAX(E38+G38-F38-H38,0) -> 0 | J38: =MAX(F38+H38-E38-G38,0) -> 0
A39: x | B39: 153 | C39: 153 | D39: Công cụ, dụng cụ | G39: =SUMIF(vtkn,B39,stps) -> 0 | H39: =SUMIF(vtkc,B39,stps) -> 0 | I39: =MAX(E39+G39-F39-H39,0) -> 0 | J39: =MAX(F39+H39-E39-G39,0) -> 0
A40: x | B40: 154* | C40: 154 | D40: Chi phí sản xuất kinh doanh dở dang | E40: =SUM(E41:E44) -> 0 | F40: =SUM(F41:F44) -> 0 | G40: =SUMIF(vtkn,B40,stps) -> 22709000 | H40: =SUMIF(vtkc,B40,stps) -> 19135000 | I40: =MAX(E40+G40-F40-H40,0) -> 3574000 | J40: =MAX(F40+H40-E40-G40,0) -> 0
B41: 1541 | C41: 1541 | D41: Chi phí nguyên vật liệu | G41: =SUMIF(vtkn,B41,stps) -> 0 | H41: =SUMIF(vtkc,B41,stps) -> 0 | I41: =MAX(E41+G41-F41-H41,0) -> 0 | J41: =MAX(F41+H41-E41-G41,0) -> 0
B42: 1542 | C42: 1542 | D42: Chi phí nhân công | G42: =SUMIF(vtkn,B42,stps) -> 22709000 | H42: =SUMIF(vtkc,B42,stps) -> 19135000 | I42: =MAX(E42+G42-F42-H42,0) -> 3574000 | J42: =MAX(F42+H42-E42-G42,0) -> 0
B43: 1543 | C43: 1543 | D43: Chi phí máy thi công | G43: =SUMIF(vtkn,B43,stps) -> 0 | H43: =SUMIF(vtkc,B43,stps) -> 0 | I43: =MAX(E43+G43-F43-H43,0) -> 0 | J43: =MAX(F43+H43-E43-G43,0) -> 0
B44: 1547 | C44: 1547 | D44: Chi phí sản xuất chung | G44: =SUMIF(vtkn,B44,stps) -> 0 | H44: =SUMIF(vtkc,B44,stps) -> 0 | I44: =MAX(E44+G44-F44-H44,0) -> 0 | J44: =MAX(F44+H44-E44-G44,0) -> 0
A45: x | B45: 155 | C45: 155 | D45: Thành phẩm | G45: =SUMIF(vtkn,B45,stps) -> 0 | H45: =SUMIF(vtkc,B45,stps) -> 0 | I45: =MAX(E45+G45-F45-H45,0) -> 0 | J45: =MAX(F45+H45-E45-G45,0) -> 0
A46: x | B46: 156 | C46: 156 | D46: Hàng hoá | G46: =SUMIF(vtkn,B46,stps) -> 125000 | H46: =SUMIF(vtkc,B46,stps) -> 26892 | I46: =MAX(E46+G46-F46-H46,0) -> 98108 | J46: =MAX(F46+H46-E46-G46,0) -> 0
A47: x | B47: 157 | C47: 157 | D47: Hàng gửi đi bán | G47: =SUMIF(vtkn,B47,stps) -> 0 | H47: =SUMIF(vtkc,B47,stps) -> 0 | I47: =MAX(E47+G47-F47-H47,0) -> 0 | J47: =MAX(F47+H47-E47-G47,0) -> 0
A48: x | B48: 211* | C48: 211 | D48: Tài sản cố định | E48: =SUM(E49:E51) -> 0 | F48: =SUM(F49:F51) -> 0 | G48: =SUMIF(vtkn,B48,stps) -> 0 | H48: =SUMIF(vtkc,B48,stps) -> 0 | I48: =MAX(E48+G48-F48-H48,0) -> 0 | J48: =MAX(F48+H48-E48-G48,0) -> 0
B49: 2111 | C49: 2111 | D49: TSCĐ hữu hình | G49: =SUMIF(vtkn,B49,stps) -> 0 | H49: =SUMIF(vtkc,B49,stps) -> 0 | I49: =MAX(E49+G49-F49-H49,0) -> 0 | J49: =MAX(F49+H49-E49-G49,0) -> 0
B50: 2112 | C50: 2112 | D50: TSCĐ thuê tài chính | G50: =SUMIF(vtkn,B50,stps) -> 0 | H50: =SUMIF(vtkc,B50,stps) -> 0 | I50: =MAX(E50+G50-F50-H50,0) -> 0 | J50: =MAX(F50+H50-E50-G50,0) -> 0
B51: 2113 | C51: 2112 | D51: TSCĐ vô hình | G51: =SUMIF(vtkn,B51,stps) -> 0 | H51: =SUMIF(vtkc,B51,stps) -> 0 | I51: =MAX(E51+G51-F51-H51,0) -> 0 | J51: =MAX(F51+H51-E51-G51,0) -> 0
A52: x | B52: 214* | C52: 214 | D52: Hao mòn tài sản cố định | E52: =SUM(E53:E56) -> 0 | F52: =SUM(F53:F56) -> 0 | G52: =SUMIF(vtkn,B52,stps) -> 0 | H52: =SUMIF(vtkc,B52,stps) -> 0 | I52: =MAX(E52+G52-F52-H52,0) -> 0 | J52: =MAX(F52+H52-E52-G52,0) -> 0
B53: 2141 | C53: 2141 | D53: Hao mòn TSCĐ hữu hình | G53: =SUMIF(vtkn,B53,stps) -> 0 | H53: =SUMIF(vtkc,B53,stps) -> 0 | I53: =MAX(E53+G53-F53-H53,0) -> 0 | J53: =MAX(F53+H53-E53-G53,0) -> 0
B54: 2142 | C54: 2142 | D54: Hao mòn TSCÐ thuê tài chính | G54: =SUMIF(vtkn,B54,stps) -> 0 | H54: =SUMIF(vtkc,B54,stps) -> 0 | I54: =MAX(E54+G54-F54-H54,0) -> 0 | J54: =MAX(F54+H54-E54-G54,0) -> 0
B55: 2143 | C55: 2143 | D55: Hao mòn TSCÐ vô hình | G55: =SUMIF(vtkn,B55,stps) -> 0 | H55: =SUMIF(vtkc,B55,stps) -> 0 | I55: =MAX(E55+G55-F55-H55,0) -> 0 | J55: =MAX(F55+H55-E55-G55,0) -> 0
B56: 2147 | C56: 2147 | D56: Hao mòn bất động sản đầu tư | G56: =SUMIF(vtkn,B56,stps) -> 0 | H56: =SUMIF(vtkc,B56,stps) -> 0 | I56: =MAX(E56+G56-F56-H56,0) -> 0 | J56: =MAX(F56+H56-E56-G56,0) -> 0
A57: x | B57: 217 | C57: 217 | D57: Bất động sản đầu tư | G57: =SUMIF(vtkn,B57,stps) -> 0 | H57: =SUMIF(vtkc,B57,stps) -> 0 | I57: =MAX(E57+G57-F57-H57,0) -> 0 | J57: =MAX(F57+H57-E57-G57,0) -> 0
A58: x | B58: 228 | C58: 228 | D58: Đầu tư góp vốn vào đơn vị khác | E58: =SUM(E59:E60) -> 0 | F58: =SUM(F59:F60) -> 0 | G58: =SUMIF(vtkn,B58,stps) -> 0 | H58: =SUMIF(vtkc,B58,stps) -> 0 | I58: =MAX(E58+G58-F58-H58,0) -> 0 | J58: =MAX(F58+H58-E58-G58,0) -> 0
B59: 2281 | C59: 2281 | D59: Đầu tư vào công ty liên doanh liên kết | G59: =SUMIF(vtkn,B59,stps) -> 0 | H59: =SUMIF(vtkc,B59,stps) -> 0 | I59: =MAX(E59+G59-F59-H59,0) -> 0 | J59: =MAX(F59+H59-E59-G59,0) -> 0
B60: 2288 | C60: 2288 | D60: Đầu tư khác | G60: =SUMIF(vtkn,B60,stps) -> 0 | H60: =SUMIF(vtkc,B60,stps) -> 0 | I60: =MAX(E60+G60-F60-H60,0) -> 0 | J60: =MAX(F60+H60-E60-G60,0) -> 0
A61: x | B61: 229 | C61: 229 | D61: Dự phòng tổn thất tài sản | E61: =SUM(E62:E65) -> 0 | F61: =SUM(F62:F65) -> 0 | G61: =SUMIF(vtkn,B61,stps) -> 0 | H61: =SUMIF(vtkc,B61,stps) -> 0 | I61: =MAX(E61+G61-F61-H61,0) -> 0 | J61: =MAX(F61+H61-E61-G61,0) -> 0
B62: 2291 | C62: 2291 | D62: Dự phòng giảm giá chứng khoán kinh doanh | G62: =SUMIF(vtkn,B62,stps) -> 0 | H62: =SUMIF(vtkc,B62,stps) -> 0 | I62: =MAX(E62+G62-F62-H62,0) -> 0 | J62: =MAX(F62+H62-E62-G62,0) -> 0
B63: 2292 | C63: 2292 | D63: Dự phòng tổn thất đầu tư vào đơn vị khác | G63: =SUMIF(vtkn,B63,stps) -> 0 | H63: =SUMIF(vtkc,B63,stps) -> 0 | I63: =MAX(E63+G63-F63-H63,0) -> 0 | J63: =MAX(F63+H63-E63-G63,0) -> 0
B64: 2293 | C64: 2293 | D64: Dự phòng phải thu khó đòi | G64: =SUMIF(vtkn,B64,stps) -> 0 | H64: =SUMIF(vtkc,B64,stps) -> 0 | I64: =MAX(E64+G64-F64-H64,0) -> 0 | J64: =MAX(F64+H64-E64-G64,0) -> 0
B65: 2294 | C65: 2294 | D65: Dự phòng giảm giá hàng tồn kho | G65: =SUMIF(vtkn,B65,stps) -> 0 | H65: =SUMIF(vtkc,B65,stps) -> 0 | I65: =MAX(E65+G65-F65-H65,0) -> 0 | J65: =MAX(F65+H65-E65-G65,0) -> 0
A66: x | B66: 241* | C66: 241 | D66: Xây dựng cơ bản dở dang | E66: =SUM(E67:E69) -> 0 | F66: =SUM(F67:F69) -> 0 | G66: =SUMIF(vtkn,B66,stps) -> 0 | H66: =SUMIF(vtkc,B66,stps) -> 0 | I66: =MAX(E66+G66-F66-H66,0) -> 0 | J66: =MAX(F66+H66-E66-G66,0) -> 0
B67: 2411 | C67: 2411 | D67: Mua sắm TSCÐ | G67: =SUMIF(vtkn,B67,stps) -> 0 | H67: =SUMIF(vtkc,B67,stps) -> 0 | I67: =MAX(E67+G67-F67-H67,0) -> 0 | J67: =MAX(F67+H67-E67-G67,0) -> 0
B68: 2412 | C68: 2412 | D68: Xây dựng cơ bản | G68: =SUMIF(vtkn,B68,stps) -> 0 | H68: =SUMIF(vtkc,B68,stps) -> 0 | I68: =MAX(E68+G68-F68-H68,0) -> 0 | J68: =MAX(F68+H68-E68-G68,0) -> 0
B69: 2413 | C69: 2413 | D69: Sửa chữa lớn TSCĐ | G69: =SUMIF(vtkn,B69,stps) -> 0 | H69: =SUMIF(vtkc,B69,stps) -> 0 | I69: =MAX(E69+G69-F69-H69,0) -> 0 | J69: =MAX(F69+H69-E69-G69,0) -> 0
A70: x | B70: 242 | C70: 242 | D70: Chi phí trả trước dài hạn | G70: =SUMIF(vtkn,B70,stps) -> 0 | H70: =SUMIF(vtkc,B70,stps) -> 0 | I70: =MAX(E70+G70-F70-H70,0) -> 0 | J70: =MAX(F70+H70-E70-G70,0) -> 0
A71: x | B71: 331 | C71: 331 | D71: Phải trả cho người bán | G71: =SUMIF(vtkn,B71,stps) -> 0 | H71: =SUMIF(vtkc,B71,stps) -> 717200 | I71: =MAX(E71+G71-F71-H71,0) -> 0 | J71: =MAX(F71+H71-E71-G71,0) -> 717200
A72: x | B72: 333* | C72: 333 | D72: Thuế và các khoản phải nộp Nhà nước | G72: =SUMIF(vtkn,B72,stps) -> 2357700 | H72: =SUMIF(vtkc,B72,stps) -> 4924545 | I72: =MAX(E72+G72-F72-H72,0) -> 0 | J72: =MAX(F72+H72-E72-G72,0) -> 2566845
B73: 3331 | C73: 3331 | D73: Thuế giá trị gia tăng phải nộp | G73: =SUMIF(vtkn,B73,stps) -> 0 | H73: =SUMIF(vtkc,B73,stps) -> 0 | I73: =MAX(E73+G73-F73-H73,0) -> 0 | J73: =MAX(F73+H73-E73-G73,0) -> 0
B74: 33311 | C74: 33311 | D74: Thuế GTGT đầu ra | G74: =SUMIF(vtkn,B74,stps) -> 107700 | H74: =SUMIF(vtkc,B74,stps) -> 2674545 | I74: =MAX(E74+G74-F74-H74,0) -> 0 | J74: =MAX(F74+H74-E74-G74,0) -> 2566845
B75: 33312 | C75: 33312 | D75: Thuế GTGT hàng nhập khẩu | G75: =SUMIF(vtkn,B75,stps) -> 0 | H75: =SUMIF(vtkc,B75,stps) -> 0 | I75: =MAX(E75+G75-F75-H75,0) -> 0 | J75: =MAX(F75+H75-E75-G75,0) -> 0
B76: 3332 | C76: 3332 | D76: Thuế tiêu thụ đặc biệt | G76: =SUMIF(vtkn,B76,stps) -> 0 | H76: =SUMIF(vtkc,B76,stps) -> 0 | I76: =MAX(E76+G76-F76-H76,0) -> 0 | J76: =MAX(F76+H76-E76-G76,0) -> 0
B77: 3333 | C77: 3333 | D77: Thuế xuất nhập khẩu | G77: =SUMIF(vtkn,B77,stps) -> 0 | H77: =SUMIF(vtkc,B77,stps) -> 0 | I77: =MAX(E77+G77-F77-H77,0) -> 0 | J77: =MAX(F77+H77-E77-G77,0) -> 0
B78: 3334 | C78: 3334 | D78: Thuế thu nhập doanh nghiệp | G78: =SUMIF(vtkn,B78,stps) -> 0 | H78: =SUMIF(vtkc,B78,stps) -> 0 | I78: =MAX(E78+G78-F78-H78,0) -> 0 | J78: =MAX(F78+H78-E78-G78,0) -> 0
B79: 3335 | C79: 3335 | D79: Thuế thu nhập cá nhân | G79: =SUMIF(vtkn,B79,stps) -> 0 | H79: =SUMIF(vtkc,B79,stps) -> 0 | I79: =MAX(E79+G79-F79-H79,0) -> 0 | J79: =MAX(F79+H79-E79-G79,0) -> 0
B80: 3336 | C80: 3336 | D80: Thuế tài nguyên | G80: =SUMIF(vtkn,B80,stps) -> 0 | H80: =SUMIF(vtkc,B80,stps) -> 0 | I80: =MAX(E80+G80-F80-H80,0) -> 0 | J80: =MAX(F80+H80-E80-G80,0) -> 0
B81: 3337 | C81: 3337 | D81: Thuế nhà đất, tiền thuê đất | G81: =SUMIF(vtkn,B81,stps) -> 0 | H81: =SUMIF(vtkc,B81,stps) -> 0 | I81: =MAX(E81+G81-F81-H81,0) -> 0 | J81: =MAX(F81+H81-E81-G81,0) -> 0
B82: 3338 | C82: 3338 | D82: Thuế bảo vệ mội trường và các loại thuế khác | G82: =SUMIF(vtkn,B82,stps) -> 0 | H82: =SUMIF(vtkc,B82,stps) -> 0 | I82: =MAX(E82+G82-F82-H82,0) -> 0 | J82: =MAX(F82+H82-E82-G82,0) -> 0
B83: 33381 | C83: 33381 | D83: Thuế bảo vệ mội trường | G83: =SUMIF(vtkn,B83,stps) -> 0 | H83: =SUMIF(vtkc,B83,stps) -> 0 | I83: =MAX(E83+G83-F83-H83,0) -> 0 | J83: =MAX(F83+H83-E83-G83,0) -> 0
B84: 33382 | C84: 33382 | D84: Các loại thuế khác | G84: =SUMIF(vtkn,B84,stps) -> 2250000 | H84: =SUMIF(vtkc,B84,stps) -> 2250000 | I84: =MAX(E84+G84-F84-H84,0) -> 0 | J84: =MAX(F84+H84-E84-G84,0) -> 0
B85: 3339 | C85: 3339 | D85: Phí, lệ phí và các khoản phải nộp khác | G85: =SUMIF(vtkn,B85,stps) -> 0 | H85: =SUMIF(vtkc,B85,stps) -> 0 | I85: =MAX(E85+G85-F85-H85,0) -> 0 | J85: =MAX(F85+H85-E85-G85,0) -> 0
A86: x | B86: 334 | C86: 334 | D86: Phải trả người lao động | G86: =SUMIF(vtkn,B86,stps) -> 96125000 | H86: =SUMIF(vtkc,B86,stps) -> 96125000 | I86: =MAX(E86+G86-F86-H86,0) -> 0 | J86: =MAX(F86+H86-E86-G86,0) -> 0
A87: x | B87: 335 | C87: 335 | D87: Chi phí phải trả | G87: =SUMIF(vtkn,B87,stps) -> 0 | H87: =SUMIF(vtkc,B87,stps) -> 0 | I87: =MAX(E87+G87-F87-H87,0) -> 0 | J87: =MAX(F87+H87-E87-G87,0) -> 0
A88: x | B88: 336 | C88: 336 | D88: Phải trả nội bộ | E88: =SUM(E89:E90) -> 0 | F88: =SUM(F89:F90) -> 0 | G88: =SUMIF(vtkn,B88,stps) -> 0 | H88: =SUMIF(vtkc,B88,stps) -> 0 | I88: =MAX(E88+G88-F88-H88,0) -> 0 | J88: =MAX(F88+H88-E88-G88,0) -> 0
B89: 3361 | C89: 3361 | D89: Phải trả nội bộ về vốn kinh doanh | G89: =SUMIF(vtkn,B89,stps) -> 0 | H89: =SUMIF(vtkc,B89,stps) -> 0 | I89: =MAX(E89+G89-F89-H89,0) -> 0 | J89: =MAX(F89+H89-E89-G89,0) -> 0
B90: 3368 | C90: 3368 | D90: Phải trả nội bộ khác | G90: =SUMIF(vtkn,B90,stps) -> 0 | H90: =SUMIF(vtkc,B90,stps) -> 0 | I90: =MAX(E90+G90-F90-H90,0) -> 0 | J90: =MAX(F90+H90-E90-G90,0) -> 0
A91: x | B91: 338* | C91: 338 | D91: Phải trả và phải nộp khác | E91: =SUM(E92:E99) -> 0 | F91: =SUM(F92:F99) -> 0 | G91: =SUMIF(vtkn,B91,stps) -> 0 | H91: =SUMIF(vtkc,B91,stps) -> 0 | I91: =MAX(E91+G91-F91-H91,0) -> 0 | J91: =MAX(F91+H91-E91-G91,0) -> 0
B92: 3381 | C92: 3381 | D92: Tài sản thừa chờ giải quyết | G92: =SUMIF(vtkn,B92,stps) -> 0 | H92: =SUMIF(vtkc,B92,stps) -> 0 | I92: =MAX(E92+G92-F92-H92,0) -> 0 | J92: =MAX(F92+H92-E92-G92,0) -> 0
B93: 3382 | C93: 3382 | D93: Kinh phí công doàn | G93: =SUMIF(vtkn,B93,stps) -> 0 | H93: =SUMIF(vtkc,B93,stps) -> 0 | I93: =MAX(E93+G93-F93-H93,0) -> 0 | J93: =MAX(F93+H93-E93-G93,0) -> 0
B94: 3383 | C94: 3383 | D94: Bảo hiểm xã hội | G94: =SUMIF(vtkn,B94,stps) -> 0 | H94: =SUMIF(vtkc,B94,stps) -> 0 | I94: =MAX(E94+G94-F94-H94,0) -> 0 | J94: =MAX(F94+H94-E94-G94,0) -> 0
B95: 3384 | C95: 3384 | D95: Bảo hiểm y tế | G95: =SUMIF(vtkn,B95,stps) -> 0 | H95: =SUMIF(vtkc,B95,stps) -> 0 | I95: =MAX(E95+G95-F95-H95,0) -> 0 | J95: =MAX(F95+H95-E95-G95,0) -> 0
B96: 3385 | C96: 3385 | D96: Bảo hiểm thất nghiệp | G96: =SUMIF(vtkn,B96,stps) -> 0 | H96: =SUMIF(vtkc,B96,stps) -> 0 | I96: =MAX(E96+G96-F96-H96,0) -> 0 | J96: =MAX(F96+H96-E96-G96,0) -> 0
B97: 3386 | C97: 3386 | D97: Nhận ký quỹ, ký cược | G97: =SUMIF(vtkn,B97,stps) -> 0 | H97: =SUMIF(vtkc,B97,stps) -> 0 | I97: =MAX(E97+G97-F97-H97,0) -> 0 | J97: =MAX(F97+H97-E97-G97,0) -> 0
B98: 3387 | C98: 3387 | D98: Doanh thu chưa thực hiện | G98: =SUMIF(vtkn,B98,stps) -> 0 | H98: =SUMIF(vtkc,B98,stps) -> 0 | I98: =MAX(E98+G98-F98-H98,0) -> 0 | J98: =MAX(F98+H98-E98-G98,0) -> 0
B99: 3388 | C99: 3388 | D99: Phải trả, phải nộp khác | G99: =SUMIF(vtkn,B99,stps) -> 0 | H99: =SUMIF(vtkc,B99,stps) -> 0 | I99: =MAX(E99+G99-F99-H99,0) -> 0 | J99: =MAX(F99+H99-E99-G99,0) -> 0
A100: x | B100: 341* | C100: 341 | D100: Vay và nợ thuê tài chính | E100: =SUM(E101:E102) -> 0 | F100: =SUM(F101:F102) -> 0 | G100: =SUMIF(vtkn,B100,stps) -> 0 | H100: =SUMIF(vtkc,B100,stps) -> 0 | I100: =MAX(E100+G100-F100-H100,0) -> 0 | J100: =MAX(F100+H100-E100-G100,0) -> 0
B101: 3411 | C101: 3411 | D101: Các khoản đi vay | G101: =SUMIF(vtkn,B101,stps) -> 0 | H101: =SUMIF(vtkc,B101,stps) -> 0 | I101: =MAX(E101+G101-F101-H101,0) -> 0 | J101: =MAX(F101+H101-E101-G101,0) -> 0
B102: 3412 | C102: 3412 | D102: Nợ thuê tài chính | G102: =SUMIF(vtkn,B102,stps) -> 0 | H102: =SUMIF(vtkc,B102,stps) -> 0 | I102: =MAX(E102+G102-F102-H102,0) -> 0 | J102: =MAX(F102+H102-E102-G102,0) -> 0
A103: x | B103: 352* | C103: 352 | D103: Dự phòng phải trả | E103: =SUM(E104:E106) -> 0 | F103: =SUM(F104:F106) -> 0 | G103: =SUMIF(vtkn,B103,stps) -> 0 | H103: =SUMIF(vtkc,B103,stps) -> 0 | I103: =MAX(E103+G103-F103-H103,0) -> 0 | J103: =MAX(F103+H103-E103-G103,0) -> 0
B104: 3521 | C104: 3521 | D104: Dự phòng bảo hành sản phẩm hàng hóa | G104: =SUMIF(vtkn,B104,stps) -> 0 | H104: =SUMIF(vtkc,B104,stps) -> 0 | I104: =MAX(E104+G104-F104-H104,0) -> 0 | J104: =MAX(F104+H104-E104-G104,0) -> 0
B105: 3522 | C105: 3522 | D105: Dự phòng bảo hành công trình xây dựng | G105: =SUMIF(vtkn,B105,stps) -> 0 | H105: =SUMIF(vtkc,B105,stps) -> 0 | I105: =MAX(E105+G105-F105-H105,0) -> 0 | J105: =MAX(F105+H105-E105-G105,0) -> 0
...

Sheet DMVT
A4: ="Đơn vị: "&TTDN!$B$6 -> Đơn vị: Công ty TNHH mua nỗi buồn bán niềm vui | D4: NGƯỜI VIẾT: ĐÀM VĂN ĐỨC, CẦN HỖ TRỢ LIÊN HỆ FB NẶNG THẦM, 0972075067
A5: ="Địa chỉ: "&TTDN!$B$7 -> Địa chỉ: Phây búc Nặng Thầm
A7: DANH MỤC VẬT TƯ, THÀNH PHẨM, HÀNG HÓA
A9: STT | B9: Mã | C9: Tên | D9: Đơn vị tính | E9: TK kho | F9: Tên kho | G9: Đơn giá | H9: SL tồn | I9: GT tồn
A10: =IF(B10="","",MAX($A$9:A9)+1) -> 1 | B10: HD0504/HĐKT | C10: Hợp đồng thiết kế bản vẽ kỹ thuật thi công nhà công vụ
A11: =IF(B11="","",MAX($A$9:A10)+1) -> 2 | B11: HD1509/HĐKT | C11: Hợp đồng thiết kế bản vẽ kỹ thuật thi công nhà máy sơn vỏ bình ga
A12: =IF(B12="","",MAX($A$9:A11)+1) -> 3 | B12: HD2611/HĐKT | C12: Hợp đồng thiết kế bản vẽ kỹ thuật thi công khách sạn Sơn Trà - Đà Nẵng
A13: =IF(B13="","",MAX($A$9:A12)+1) -> 4 | B13: DTMK2.0 | C13: Dây thép mạ kẽm 2.0 | D13: Kg | E13: 1521 | F13: Vật liệu chính
A14: =IF(B14="","",MAX($A$9:A13)+1) -> 5 | B14: DTMK2.2 | C14: Dây thép mạ kẽm 2.2 | D14: Kg | E14: 1521 | F14: Vật liệu chính
A15: =IF(B15="","",MAX($A$9:A14)+1) -> 6 | B15: DTMK2.6 | C15: Dây thép mạ kẽm 2.6 | D15: Kg | E15: 1521 | F15: Vật liệu chính
A16: =IF(B16="","",MAX($A$9:A15)+1) -> 7 | B16: PL | C16: Phế liệu | D16: Kg | E16: 1523 | F16: Phế liệu
A17: =IF(B17="","",MAX($A$9:A16)+1) -> 8 | B17: PP | C17: Phế phẩm | D17: Kg | E17: 1523 | F17: Phế liệu
A18: =IF(B18="","",MAX($A$9:A17)+1) -> 9 | B18: DTCL05 | C18: Lưới thép hàn mạ kẽm ĐTC L05 | D18: Cuộn | E18: 155 | F18: Thành phẩm
A19: =IF(B19="","",MAX($A$9:A18)+1)
A20: =IF(B20="","",MAX($A$9:A19)+1)
A21: =IF(B21="","",MAX($A$9:A20)+1)
A22: =IF(B22="","",MAX($A$9:A21)+1)
A23: =IF(B23="","",MAX($A$9:A22)+1)
A24: =IF(B24="","",MAX($A$9:A23)+1)
A25: =IF(B25="","",MAX($A$9:A24)+1)
A26: =IF(B26="","",MAX($A$9:A25)+1)
A27: =IF(B27="","",MAX($A$9:A26)+1)
A28: =IF(B28="","",MAX($A$9:A27)+1)
A29: =IF(B29="","",MAX($A$9:A28)+1)
A30: =IF(B30="","",MAX($A$9:A29)+1)

Sheet NV
A4: ="Đơn vị: "&TTDN!$B$6 -> Đơn vị: Công ty TNHH mua nỗi buồn bán niềm vui | F4: NGƯỜI VIẾT: ĐÀM VĂN ĐỨC, CẦN HỖ TRỢ LIÊN HỆ FB NẶNG THẦM, 0972075067
A5: ="Địa chỉ: "&TTDN!$B$7 -> Địa chỉ: Phây búc Nặng Thầm
A7: DANH MỤC NHÂN VIÊN
A9: STT | B9: Mã | C9: Họ và tên | D9: Bộ phận | E9: Chức vụ | F9: Mã số thuế | G9: Địa chỉ | H9: Dư Nợ | I9: Dư Có
A10: =IF(B10="","",MAX($A$9:A9)+1) -> 1 | B10: minh.lv | C10: Lê Văn Minh | D10: x | H10: 6
A11: =IF(B11="","",MAX($A$9:A10)+1) -> 2 | B11: quan.nv | C11: Nguyễn Văn Quân | D11: x | I11: 7
A12: =IF(B12="","",MAX($A$9:A11)+1)
A13: =IF(B13="","",MAX($A$9:A12)+1)
A14: =IF(B14="","",MAX($A$9:A13)+1)
A15: =IF(B15="","",MAX($A$9:A14)+1)
A16: =IF(B16="","",MAX($A$9:A15)+1)
A17: =IF(B17="","",MAX($A$9:A16)+1)
A18: =IF(B18="","",MAX($A$9:A17)+1)
A19: =IF(B19="","",MAX($A$9:A18)+1)
A20: =IF(B20="","",MAX($A$9:A19)+1)
A21: =IF(B21="","",MAX($A$9:A20)+1)
A22: =IF(B22="","",MAX($A$9:A21)+1)
A23: =IF(B23="","",MAX($A$9:A22)+1)
... A30: =IF(B30="","",MAX($A$9:A29)+1)

Sheet DMKH
A4: ="Đơn vị: "&TTDN!$B$6 -> Đơn vị: Công ty TNHH mua nỗi buồn bán niềm vui | F4: NGƯỜI VIẾT: ĐÀM VĂN ĐỨC, CẦN HỖ TRỢ LIÊN HỆ FB NẶNG THẦM, 0972075067
A5: ="Địa chỉ: "&TTDN!$B$7 -> Địa chỉ: Phây búc Nặng Thầm
A7: DANH MỤC KHÁCH HÀNG
A9: STT | B9: Mã | C9: Tên | D9: Mã số thuế | E9: Địa chỉ | F9: Mẫu HĐ | G9: Ký hiệu HĐ | H9: Dư Nợ đầu kỳ | I9: Dư Có đầu kỳ | J9: Kiểm tra mã | S9: x
A10: =IF(B10="","",MAX($A$9:A9)+1) -> 1 | B10: gas.cty | C10: Công ty TNHH DHV - GAS | E10: z | H10: 1 | I10: 0 | J10: =IF(COUNTIF($D$10:$D$47,$D10)>1,"Trùng mã","") | K10: =IF(B27="","",B27) -> hongphat.cty | L10: =IF(C27="","",C27) -> Công ty TNHH Hồng Phát | M10: =IF(D27="","",D27) | N10: =IF(E27="","",E27) | O10: =IF(F27="","",F27) | P10: =IF(G27="","",G27) | Q10: =IF(H27="",0,H27) -> 0 | R10: =IF(I27="",0,I27) -> 4
A11: =IF(B11="","",MAX($A$9:A10)+1) -> 2 | B11: lfd.cty | C11: Cty TNHH Linh Inteck LFD | E11: h | H11: 0 | I11: 2 | J11: =IF(COUNTIF($D$10:$D$47,$D11)>1,"Trùng mã","") | K11: =IF(B28="","",B28) -> phuhai.cty | L11: =IF(C28="","",C28) -> Công ty TNHH Phú Hải | M11: =IF(D28="","",D28) | N11: =IF(E28="","",E28) | O11: =IF(F28="","",F28) | P11: =IF(G28="","",G28) | Q11: =IF(H28="",0,H28) -> 5 | R11: =IF(I28="",0,I28) -> 0
A12: =IF(B12="","",MAX($A$9:A11)+1) -> 3 | B12: vitoan.cty | C12: Cty TNHH Công trình kiến trúc Vi Toản | E12: a | H12: 3 | I12: 0 | J12: =IF(COUNTIF($D$10:$D$47,$D12)>1,"Trùng mã","") | K12: =IF(B29="","",B29) | L12: =IF(C29="","",C29) | M12: =IF(D29="","",D29) | N12: =IF(E29="","",E29) | O12: =IF(F29="","",F29) | P12: =IF(G29="","",G29) | Q12: =IF(H29="",0,H29) -> 0 | R12: =IF(I29="",0,I29) -> 0
A13: =IF(B13="","",MAX($A$9:A12)+1) | J13: =IF(COUNTIF($D$10:$D$47,$D13)>1,"Trùng mã","") | K13: =IF(B30="","",B30) | L13: =IF(C30="","",C30) | M13: =IF(D30="","",D30) | N13: =IF(E30="","",E30) | O13: =IF(F30="","",F30) | P13: =IF(G30="","",G30) | Q13: =IF(H30="",0,H30) -> 0 | R13: =IF(I30="",0,I30) -> 0
A14: =IF(B14="","",MAX($A$9:A13)+1) | J14: =IF(COUNTIF($D$10:$D$47,$D14)>1,"Trùng mã","") | K14: =IF(B31="","",B31) | L14: =IF(C31="","",C31) | M14: =IF(D31="","",D31) | N14: =IF(E31="","",E31) | O14: =IF(F31="","",F31) | P14: =IF(G31="","",G31) | Q14: =IF(H31="",0,H31) -> 0 | R14: =IF(I31="",0,I31) -> 0
A15: =IF(B15="","",MAX($A$9:A14)+1) | J15: =IF(COUNTIF($D$10:$D$47,$D15)>1,"Trùng mã","") | K15: =IF(B32="","",B32) | L15: =IF(C32="","",C32) | M15: =IF(D32="","",D32) | N15: =IF(E32="","",E32) | O15: =IF(F32="","",F32) | P15: =IF(G32="","",G32) | Q15: =IF(H32="",0,H32) -> 0 | R15: =IF(I32="",0,I32) -> 0
A16: =IF(B16="","",MAX($A$9:A15)+1) | J16: =IF(COUNTIF($D$10:$D$47,$D16)>1,"Trùng mã","") | K16: =IF(B33="","",B33) | L16: =IF(C33="","",C33) | M16: =IF(D33="","",D33) | N16: =IF(E33="","",E33) | O16: =IF(F33="","",F33) | P16: =IF(G33="","",G33) | Q16: =IF(H33="",0,H33) -> 0 | R16: =IF(I33="",0,I33) -> 0
A17: =IF(B17="","",MAX($A$9:A16)+1) | J17: =IF(COUNTIF($D$10:$D$47,$D17)>1,"Trùng mã","") | K17: =IF(B34="","",B34) | L17: =IF(C34="","",C34) | M17: =IF(D34="","",D34) | N17: =IF(E34="","",E34) | O17: =IF(F34="","",F34) | P17: =IF(G34="","",G34) | Q17: =IF(H34="",0,H34) -> 0 | R17: =IF(I34="",0,I34) -> 0
A18: =IF(B18="","",MAX($A$9:A17)+1) | J18: =IF(COUNTIF($D$10:$D$47,$D18)>1,"Trùng mã","") | K18: =IF(B35="","",B35) | L18: =IF(C35="","",C35) | M18: =IF(D35="","",D35) | N18: =IF(E35="","",E35) | O18: =IF(F35="","",F35) | P18: =IF(G35="","",G35) | Q18: =IF(H35="",0,H35) -> 0 | R18: =IF(I35="",0,I35) -> 0
A19: =IF(B19="","",MAX($A$9:A18)+1) | J19: =IF(COUNTIF($D$10:$D$47,$D19)>1,"Trùng mã","") | K19: =IF(B36="","",B36) | L19: =IF(C36="","",C36) | M19: =IF(D36="","",D36) | N19: =IF(E36="","",E36) | O19: =IF(F36="","",F36) | P19: =IF(G36="","",G36) | Q19: =IF(H36="",0,H36) -> 0 | R19: =IF(I36="",0,I36) -> 0
A20: =IF(B20="","",MAX($A$9:A19)+1) | J20: =IF(COUNTIF($D$10:$D$47,$D20)>1,"Trùng mã","") | K20: =IF(B37="","",B37) | L20: =IF(C37="","",C37) | M20: =IF(D37="","",D37) | N20: =IF(E37="","",E37) | O20: =IF(F37="","",F37) | P20: =IF(G37="","",G37) | Q20: =IF(H37="",0,H37) -> 0 | R20: =IF(I37="",0,I37) -> 0
A21: =IF(B21="","",MAX($A$9:A20)+1) | J21: =IF(COUNTIF($D$10:$D$47,$D21)>1,"Trùng mã","") | K21: =IF(B38="","",B38) | L21: =IF(C38="","",C38) | M21: =IF(D38="","",D38) | N21: =IF(E38="","",E38) | O21: =IF(F38="","",F38) | P21: =IF(G38="","",G38) | Q21: =IF(H38="",0,H38) -> 0 | R21: =IF(I38="",0,I38) -> 0
A22: =IF(B22="","",MAX($A$9:A21)+1) | J22: =IF(COUNTIF($D$10:$D$47,$D22)>1,"Trùng mã","") | K22: =IF(B39="","",B39) | L22: =IF(C39="","",C39) | M22: =IF(D39="","",D39) | N22: =IF(E39="","",E39) | O22: =IF(F39="","",F39) | P22: =IF(G39="","",G39) | Q22: =IF(H39="",0,H39) -> 0 | R22: =IF(I39="",0,I39) -> 0
A23: =IF(B23="","",MAX($A$9:A22)+1) | J23: =IF(COUNTIF($D$10:$D$47,$D23)>1,"Trùng mã","") | K23: =IF(B40="","",B40) | L23: =IF(C40="","",C40) | M23: =IF(D40="","",D40) | N23: =IF(E40="","",E40) | O23: =IF(F40="","",F40) | P23: =IF(G40="","",G40) | Q23: =IF(H40="",0,H40) -> 0 | R23: =IF(I40="",0,I40) -> 0
A24: =IF(B24="","",MAX($A$9:A23)+1) | J24: =IF(COUNTIF($D$10:$D$47,$D24)>1,"Trùng mã","") | K24: =IF(B41="","",B41) | L24: =IF(C41="","",C41) | M24: =IF(D41="","",D41) | N24: =IF(E41="","",E41) | O24: =IF(F41="","",F41) | P24: =IF(G41="","",G41) | Q24: =IF(H41="",0,H41) -> 0 | R24: =IF(I41="",0,I41) -> 0
A25: =IF(B25="","",MAX($A$9:A24)+1) | J25: =IF(COUNTIF($D$10:$D$47,$D25)>1,"Trùng mã","") | K25: =IF(B42="","",B42) | L25: =IF(C42="","",C42) | M25: =IF(D42="","",D42) | N25: =IF(E42="","",E42) | O25: =IF(F42="","",F42) | P25: =IF(G42="","",G42) | Q25: =IF(H42="",0,H42) -> 0 | R25: =IF(I42="",0,I42) -> 0
A26: DANH MỤC NHÀ CUNG CẤP
A27: =IF(B27="","",MAX($A$26:A26)+1) -> 1 | B27: hongphat.cty | C27: Công ty TNHH Hồng Phát | I27: 4 | J27: =IF(COUNTIF($D$10:$D$47,$D27)>1,"Trùng mã","")
A28: =IF(B28="","",MAX($A$26:A27)+1) -> 2 | B28: phuhai.cty | C28: Công ty TNHH Phú Hải | H28: 5 | J28: =IF(COUNTIF($D$10:$D$47,$D28)>1,"Trùng mã","")
A29: =IF(B29="","",MAX($A$26:A28)+1) | J29: =IF(COUNTIF($D$10:$D$47,$D29)>1,"Trùng mã","")
A30: =IF(B30="","",MAX($A$26:A29)+1) | J30: =IF(COUNTIF($D$10:$D$47,$D30)>1,"Trùng mã","")
A31: =IF(B31="","",MAX($A$26:A30)+1) | J31: =IF(COUNTIF($D$10:$D$47,$D31)>1,"Trùng mã","")
A32: =IF(B32="","",MAX($A$26:A31)+1) | J32: =IF(COUNTIF($D$10:$D$47,$D32)>1,"Trùng mã","")
A33: =IF(B33="","",MAX($A$26:A32)+1) | J33: =IF(COUNTIF($D$10:$D$47,$D33)>1,"Trùng mã","")
A34: =IF(B34="","",MAX($A$26:A33)+1) | J34: =IF(COUNTIF($D$10:$D$47,$D34)>1,"Trùng mã","")
A35: =IF(B35="","",MAX($A$26:A34)+1) | J35: =IF(COUNTIF($D$10:$D$47,$D35)>1,"Trùng mã","")
A36: =IF(B36="","",MAX($A$26:A35)+1) | J36: =IF(COUNTIF($D$10:$D$47,$D36)>1,"Trùng mã","")
A37: =IF(B37="","",MAX($A$26:A36)+1) | J37: =IF(COUNTIF($D$10:$D$47,$D37)>1,"Trùng mã","")
A38: =IF(B38="","",MAX($A$26:A37)+1) | J38: =IF(COUNTIF($D$10:$D$47,$D38)>1,"Trùng mã","")
A39: =IF(B39="","",MAX($A$26:A38)+1) | J39: =IF(COUNTIF($D$10:$D$47,$D39)>1,"Trùng mã","")
A40: =IF(B40="","",MAX($A$26:A39)+1) | J40: =IF(COUNTIF($D$10:$D$47,$D40)>1,"Trùng mã","")
... A47: =IF(B47="","",MAX($A$26:A46)+1) | J47: =IF(COUNTIF($D$10:$D$47,$D47)>1,"Trùng mã","")

Sheet DULIEU
L2: DỮ LIỆU KẾ TOÁN
B3: ="Đơn vị: "&TTDN!$B$6 -> Đơn vị: Công ty TNHH mua nỗi buồn bán niềm vui | L3: =NOW() -> 42704.551
B4: ="Địa chỉ: "&TTDN!$B$7 -> Địa chỉ: Phây búc Nặng Thầm | K4: NGƯỜI VIẾT: ĐÀM VĂN ĐỨC, CẦN HỖ TRỢ LIÊN HỆ FB NẶNG THẦM, 0972075067 | L4: =IF(AND(O5>6,O5<12),"Chúc bạn ngày mới tốt lành :P",IF(AND(O5>=11,O5<13),"Nghỉ trưa thôi bạn, khò khò :D",IF(AND(O5>=13,O5<=17),"Làm việc buổi chiều nào :D",IF(AND(O5>17,O5<=24),"Chúc bạn buổi tối vui vẻ :D",IF(AND(O5>=0,O5<=6),"Chúc bạn ngủ ngon, khò khò :D",""))))) -> Làm việc buổi chiều nào :D
A5: PT | B5: PC | C5: PKT | D5: MH | E5: BH | F5: NVL | G5: XVL | H5: NTP | I5: XTP | J5: NHH | K5: XHH | L5: GBN | M5: GBC | O5: =HOUR(P5) -> 13 | P5: =NOW() -> 42704.551
A6: Tháng | D6: Ngày ghi sổ | E6: Ngày chứng từ gốc | F6: Số CTG | G6: 1 | H6: Số CTGS | I6: 1 | K6: Mã CN | L6: Tên CN | M6: Mã BP, KH | N6: Tên KH | O6: Diễn giải | P6: Mã VL,SP | Q6: Tên Vl,SP | R6: SL N | S6: SL X | T6: Đơn giá | U6: Tập hợp CP | V6: TK Ghi nợ | W6: TK Ghi có | X6: Số tiền phát sinh | Y6: Kiểm tra TK Nợ | Z6: Kiểm tra TK Có | AA6: Kiểm tra số ctừ | AB6: Thuế suất | AC6: Tiền thuế | AD6: Tên khách hàng | AE6: Địa chỉ | AF6: Ký hiệu HĐ | AG6: Ký hiệu mẫu HĐ | AH6: Số HĐ | AI6: Mã Số thuế | AJ6: Tài khoản PC | AK6: Số tiền PC | AL6: Mã dd/mm/yyyy | AM6: Mã ngày tháng năm | AN6: Mã TKN 131, 331 | AO6: Mã TKC 131, 331 | AP6: Kỳ thuế VAT | AQ6: MãN CĐPS | AR6: MãC CĐPS | AS6: MãN | AT6: Mã X | AU6: Mã Ct154 | AV6: Mã Z154 | AW6: Mã BCKQKD
A7: =IF(D7>0,MONTH(D7),0) -> 1 | B7: PC | C7: NVL | D7: 02/01/2015 | E7: 12/11/2014 | F7: 1 | G7: {=IF(B7<>"",IF(AND(OR(V7=V6,W7=W6),F7=F6,K7=K6,N7=N6),G6,MAX(IF(B7=B$6:$B6,$G$6:G6))+1),"")} -> 1 | H7: =IF(B7<>"",B7&TEXT(G7,"000"),"") -> PC001 | I7: {=IF(C7<>"",IF(AND(OR(V7=V6,W7=W6),F7=F6,K7=K6,N7=N6),I6,MAX(IF(C7=C$6:$C6,$I$6:I6))+1),"")} -> 1 | J7: =IF(C7<>"",C7&TEXT(I7,"000"),"") -> NVL001 | K7: minh.lv | L7: =IF($K7>0,VLOOKUP($K7,NV!$B$4:$C$33,2,0),"") -> Lê Văn Minh | N7: =IF($M7>0,VLOOKUP($M7,vkhncc,2,0),"") | O7: Góp vốn kinh doanh | Q7: =IF($P7>0,VLOOKUP($P7,vvt,2,0),"") | T7: =IFERROR(INDEX(NX!$L$9:$L$168,MATCH($A7&$P7,NX!$B$9:$B$169,0)),"") | V7: 1111 | W7: 4111 | X7: 2000000000 | Y7: =IF($V7="","",IF(ISNA(VLOOKUP($V7,mtk,1,0)),"Không có",VLOOKUP($V7,mtk,1,0))) -> 1111 | Z7: =IF($V7="","",IF(ISNA(VLOOKUP($W7,mtk,1,0)),"Không có",VLOOKUP($W7,mtk,1,0))) -> 4111 | AA7: =IF(COUNTIF($H$6:$H$526,$H7)>1,"Trùng mã",0) -> 0 | AC7: =ROUND(X7*AB7,0) -> 0 | AD7: =IF($M7="","",VLOOKUP($M7,vkhncc,2,0)) | AE7: =IF($M7="","",VLOOKUP($M7,vkhncc,4,0)) | AF7: =IF($AB7<>"",VLOOKUP($M7,vkhncc,7,0),"") | AG7: =IF($AB7<>"",VLOOKUP($M7,vkhncc,8,0),"") | AH7: =IF(OR($AB7<>"",C7="nvl",C7="nhh"),$F7,"") -> 1 | AI7: =IF($AB7<>"",VLOOKUP($M7,vkhncc,3,0),"") | AJ7: =IF(AND(H7=H8,V7=V8),W8,IF(AND(H7=H8,W7=W8),V8,"")) | AK7: =IF(AND(H7=H8,V7=V8),X8,IF(AND(H7=H8,W7=W8),X8,"")) | AL7: =D7 -> 02/01/2015 | AM7: =IF(D7="","","Ngày "&LEFT(D7,2)&" tháng "&MID(D7,4,2)&" năm "&RIGHT(D7,4)) -> Ngày 02 tháng 01 năm 2015 | AN7: =V7&M7 -> 1111 | AO7: =W7&M7 -> 4111 | AP7: =IF($AB7="","",IF(OR(MID($D7,4,2)="01",MID($D7,4,2)="02",MID($D7,4,2)="03"),"1",IF(OR(MID($D7,4,2)="04",MID($D7,4,2)="05",MID($D7,4,2)="06"),"2",IF(OR(MID($D7,4,2)="07",MID($D7,4,2)="08",MID($D7,4,2)="09"),"3",IF(OR(MID($D7,4,2)="10",MID($D7,4,2)="11",MID($D7,4,2)="12"),"4"))))) | AQ7: =A7&"-"&V7 -> 1-1111 | AR7: =A7&"-"&W7 -> 1-4111 | AS7: =IF(LEFT($J7,1)="n",A7&P7,"") -> 1 | AT7: =IF(LEFT($J7,1)="x",A7&P7,"") | AU7: =$A7&$H7&$U7&$V7 -> 1PC0011111 | AV7: =$A7&$U7&$W7 -> 14111 | AW7: =$A7&"-"&V7&"-"&W7 -> 1-1111-4111
A8: =IF(D8>0,MONTH(D8),0) -> 1 | B8: BH | C8: XVL | D8: 02/01/2015 | E8: 02/01/2015 | F8: v | G8: {=IF(B8<>"",IF(AND(OR(V8=V7,W8=W7),F8=F7,K8=K7,N8=N7),G7,MAX(IF(B8=B$6:$B7,$G$6:G7))+1),"")} -> 1 | H8: =IF(B8<>"",B8&TEXT(G8,"000"),"") -> BH001 | I8: {=IF(C8<>"",IF(AND(OR(V8=V7,W8=W7),F8=F7,K8=K7,N8=N7),I7,MAX(IF(C8=C$6:$C7,$I$6:I7))+1),"")} -> 1 | J8: =IF(C8<>"",C8&TEXT(I8,"000"),"") -> XVL001 | K8: quan.nv | L8: =IF($K8>0,VLOOKUP($K8,NV!$B$4:$C$33,2,0),"") -> Nguyễn Văn Quân | N8: =IF($M8>0,VLOOKUP($M8,vkhncc,2,0),"") | O8: Thưởng ngày tết dương lịch | Q8: =IF($P8>0,VLOOKUP($P8,vvt,2,0),"") | T8: =IFERROR(INDEX(NX!$L$9:$L$168,MATCH($A8&$P8,NX!$B$9:$B$169,0)),"") | V8: 64228 | W8: 1111 | X8: 4000000 | Y8: =IF($V8="","",IF(ISNA(VLOOKUP($V8,mtk,1,0)),"Không có",VLOOKUP($V8,mtk,1,0))) -> 64228 | Z8: =IF($V8="","",IF(ISNA(VLOOKUP($W8,mtk,1,0)),"Không có",VLOOKUP($W8,mtk,1,0))) -> 1111 | AA8: =IF(COUNTIF($H$6:$H$526,$H8)>1,"Trùng mã",0) -> 0 | AC8: =ROUND(X8*AB8,0) -> 0 | AD8: =IF($M8="","",VLOOKUP($M8,vkhncc,2,0)) | AE8: =IF($M8="","",VLOOKUP($M8,vkhncc,4,0)) | AF8: =IF($AB8<>"",VLOOKUP($M8,vkhncc,7,0),"") | AG8: =IF($AB8<>"",VLOOKUP($M8,vkhncc,8,0),"") | AH8: =IF(OR($AB8<>"",C8="nvl",C8="nhh"),$F8,"") | AI8: =IF($AB8<>"",VLOOKUP($M8,DMKH!$B$6:$F$1822,3,0),"") | AJ8: =IF(AND(H8=H9,V8=V9),W9,IF(AND(H8=H9,W8=W9),V9,"")) | AK8: =IF(AND(H8=H9,V8=V9),X9,IF(AND(H8=H9,W8=W9),X9,"")) | AL8: =D8 -> 02/01/2015 | AM8: =IF(D8="","","Ngày "&LEFT(D8,2)&" tháng "&MID(D8,4,2)&" năm "&RIGHT(D8,4)) -> Ngày 02 tháng 01 năm 2015 | AN8: =V8&M8 -> 64228 | AO8: =W8&M8 -> 1111 | AP8: =IF($AB8="","",IF(OR(MID($D8,4,2)="01",MID($D8,4,2)="02",MID($D8,4,2)="03"),"1",IF(OR(MID($D8,4,2)="04",MID($D8,4,2)="05",MID($D8,4,2)="06"),"2",IF(OR(MID($D8,4,2)="07",MID($D8,4,2)="08",MID($D8,4,2)="09"),"3",IF(OR(MID($D8,4,2)="10",MID($D8,4,2)="11",MID($D8,4,2)="12"),"4"))))) | AQ8: =A8&"-"&V8 -> 1-64228 | AR8: =A8&"-"&W8 -> 1-1111 | AS8: =IF(LEFT($J8,1)="n",A8&P8,"") | AT8: =IF(LEFT($J8,1)="x",A8&P8,"") -> 1 | AU8: =$A8&$H8&$U8&$V8 -> 1BH00164228 | AV8: =$A8&$U8&$W8 -> 11111 | AW8: =$A8&"-"&V8&"-"&W8 -> 1-64228-1111
A9: =IF(D9>0,MONTH(D9),0) -> 1 | B9: PC | C9: GBN | D9: 02/01/2015 | E9: 02/01/2015 | F9: 2 | G9: {=IF(B9<>"",IF(AND(OR(V9=V8,W9=W8),F9=F8,K9=K8,N9=N8),G8,MAX(IF(B9=B$6:$B8,$G$6:G8))+1),"")} -> 2 | H9: =IF(B9<>"",B9&TEXT(G9,"000"),"") -> PC002 | I9: {=IF(C9<>"",IF(AND(OR(V9=V8,W9=W8),F9=F8,K9=K8,N9=N8),I8,MAX(IF(C9=C$6:$C8,$I$6:I8))+1),"")} -> 1 | J9: =IF(C9<>"",C9&TEXT(I9,"000"),"") -> GBN001 | K9: quan.nv | L9: =IF($K9>0,VLOOKUP($K9,NV!$B$4:$C$33,2,0),"") -> Nguyễn Văn Quân | N9: =IF($M9>0,VLOOKUP($M9,vkhncc,2,0),"") | O9: Chi phí thuế môn bài năm 2014 | Q9: =IF($P9>0,VLOOKUP($P9,vvt,2,0),"") | T9: =IFERROR(INDEX(NX!$L$9:$L$168,MATCH($A9&$P9,NX!$B$9:$B$169,0)),"") | V9: 64225 | W9: 33382 | X9: 750000 | Y9: =IF($V9="","",IF(ISNA(VLOOKUP($V9,mtk,1,0)),"Không có",VLOOKUP($V9,mtk,1,0))) -> 64225 | Z9: =IF($V9="","",IF(ISNA(VLOOKUP($W9,mtk,1,0)),"Không có",VLOOKUP($W9,mtk,1,0))) -> 33382 | AA9: =IF(COUNTIF($H$6:$H$526,$H9)>1,"Trùng mã",0) -> 0 | AC9: =ROUND(X9*AB9,0) -> 0 | AD9: =IF($M9="","",VLOOKUP($M9,vkhncc,2,0)) | AE9: =IF($M9="","",VLOOKUP($M9,vkhncc,4,0)) | AF9: =IF($AB9<>"",VLOOKUP($M9,vkhncc,7,0),"") | AG9: =IF($AB9<>"",VLOOKUP($M9,vkhncc,8,0),"") | AH9: =IF(OR($AB9<>"",C9="nvl",C9="nhh"),$F9,"") | AI9: =IF($AB9<>"",VLOOKUP($M9,DMKH!$B$6:$F$1822,3,0),"") | AJ9: =IF(AND(H9=H10,V9=V10),W10,IF(AND(H9=H10,W9=W10),V10,"")) | AK9: =IF(AND(H9=H10,V9=V10),X10,IF(AND(H9=H10,W9=W10),X10,"")) | AL9: =D9 -> 02/01/2015 | AM9: =IF(D9="","","Ngày "&LEFT(D9,2)&" tháng "&MID(D9,4,2)&" năm "&RIGHT(D9,4)) -> Ngày 02 tháng 01 năm 2015 | AN9: =V9&M9 -> 64225 | AO9: =W9&M9 -> 33382 | AP9: =IF($AB9="","",IF(OR(MID($D9,4,2)="01",MID($D9,4,2)="02",MID($D9,4,2)="03"),"1",IF(OR(MID($D9,4,2)="04",MID($D9,4,2)="05",MID($D9,4,2)="06"),"2",IF(OR(MID($D9,4,2)="07",MID($D9,4,2)="08",MID($D9,4,2)="09"),"3",IF(OR(MID($D9,4,2)="10",MID($D9,4,2)="11",MID($D9,4,2)="12"),"4"))))) | AQ9: =A9&"-"&V9 -> 1-64225 | AR9: =A9&"-"&W9 -> 1-33382 | AS9: =IF(LEFT($J9,1)="n",A9&P9,"") | AT9: =IF(LEFT($J9,1)="x",A9&P9,"") | AU9: =$A9&$H9&$U9&$V9 -> 1PC00264225 | AV9: =$A9&$U9&$W9 -> 133382 | AW9: =$A9&"-"&V9&"-"&W9 -> 1-64225-33382
A10: =IF(D10>0,MONTH(D10),0) -> 1 | B10: PT | C10: GBC | D10: 02/01/2015 | E10: 02/01/2015 | F10: 3 | G10: {=IF(B10<>"",IF(AND(OR(V10=V9,W10=W9),F10=F9,K10=K9,N10=N9),G9,MAX(IF(B10=B$6:$B9,$G$6:G9))+1),"")} -> 1 | H10: =IF(B10<>"",B10&TEXT(G10,"000"),"") -> PT001 | I10: {=IF(C10<>"",IF(AND(OR(V10=V9,W10=W9),F10=F9,K10=K9,N10=N9),I9,MAX(IF(C10=C$6:$C9,$I$6:I9))+1),"")} -> 1 | J10: =IF(C10<>"",C10&TEXT(I10,"000"),"") -> GBC001 | K10: quan.nv | L10: =IF($K10>0,VLOOKUP($K10,NV!$B$4:$C$33,2,0),"") -> Nguyễn Văn Quân | N10: =IF($M10>0,VLOOKUP($M10,vkhncc,2,0),"") | O10: Chi phí thuế môn bài năm 2015 | Q10: =IF($P10>0,VLOOKUP($P10,vvt,2,0),"") | T10: =IFERROR(INDEX(NX!$L$9:$L$168,MATCH($A10&$P10,NX!$B$9:$B$169,0)),"") | V10: 64225 | W10: 33382 | X10: 1500000 | Y10: =IF($V10="","",IF(ISNA(VLOOKUP($V10,mtk,1,0)),"Không có",VLOOKUP($V10,mtk,1,0))) -> 64225 | Z10: =IF($V10="","",IF(ISNA(VLOOKUP($W10,mtk,1,0)),"Không có",VLOOKUP($W10,mtk,1,0))) -> 33382 | AA10: =IF(COUNTIF($H$6:$H$526,$H10)>1,"Trùng mã",0) -> 0 | AC10: =ROUND(X10*AB10,0) -> 0 | AD10: =IF($M10="","",VLOOKUP($M10,vkhncc,2,0)) | AE10: =IF($M10="","",VLOOKUP($M10,vkhncc,4,0)) | AF10: =IF($AB10<>"",VLOOKUP($M10,vkhncc,7,0),"") | AG10: =IF($AB10<>"",VLOOKUP($M10,vkhncc,8,0),"") | AH10: =IF(OR($AB10<>"",C10="nvl",C10="nhh"),$F10,"") | AI10: =IF($AB10<>"",VLOOKUP($M10,DMKH!$B$6:$F$1822,3,0),"") | AJ10: =IF(AND(H10=H11,V10=V11),W11,IF(AND(H10=H11,W10=W11),V11,"")) | AK10: =IF(AND(H10=H11,V10=V11),X11,IF(AND(H10=H11,W10=W11),X11,"")) | AL10: =D10 -> 02/01/2015 | AM10: =IF(D10="","","Ngày "&LEFT(D10,2)&" tháng "&MID(D10,4,2)&" năm "&RIGHT(D10,4)) -> Ngày 02 tháng 01 năm 2015 | AN10: =V10&M10 -> 64225 | AO10: =W10&M10 -> 33382 | AP10: =IF($AB10="","",IF(OR(MID($D10,4,2)="01",MID($D10,4,2)="02",MID($D10,4,2)="03"),"1",IF(OR(MID($D10,4,2)="04",MID($D10,4,2)="05",MID($D10,4,2)="06"),"2",IF(OR(MID($D10,4,2)="07",MID($D10,4,2)="08",MID($D10,4,2)="09"),"3",IF(OR(MID($D10,4,2)="10",MID($D10,4,2)="11",MID($D10,4,2)="12"),"4"))))) | AQ10: =A10&"-"&V10 -> 1-64225 | AR10: =A10&"-"&W10 -> 1-33382 | AS10: =IF(LEFT($J10,1)="n",A10&P10,"") | AT10: =IF(LEFT($J10,1)="x",A10&P10,"") | AU10: =$A10&$H10&$U10&$V10 -> 1PT00164225 | AV10: =$A10&$U10&$W10 -> 133382 | AW10: =$A10&"-"&V10&"-"&W10 -> 1-64225-33382
A11: =IF(D11>0,MONTH(D11),0) -> 1 | B11: PC | C11: NVL | D11: 13/01/2015 | E11: 13/01/2015 | F11: 4 | G11: {=IF(B11<>"",IF(AND(OR(V11=V10,W11=W10),F11=F10,K11=K10,N11=N10),G10,MAX(IF(B11=B$6:$B10,$G$6:G10))+1),"")} -> 3 | H11: =IF(B11<>"",B11&TEXT(G11,"000"),"") -> PC003 | I11: {=IF(C11<>"",IF(AND(OR(V11=V10,W11=W10),F11=F10,K11=K10,N11=N10),I10,MAX(IF(C11=C$6:$C10,$I$6:I10))+1),"")} -> 2 | J11: =IF(C11<>"",C11&TEXT(I11,"000"),"") -> NVL002 | K11: quan.nv | L11: =IF($K11>0,VLOOKUP($K11,NV!$B$4:$C$33,2,0),"") -> Nguyễn Văn Quân | N11: =IF($M11>0,VLOOKUP($M11,vkhncc,2,0),"") | O11: Nộp thuế môn bài năm 2014 và năm 2015 | Q11: =IF($P11>0,VLOOKUP($P11,vvt,2,0),"") | T11: =IFERROR(INDEX(NX!$L$9:$L$168,MATCH($A11&$P11,NX!$B$9:$B$169,0)),"") | V11: 33382 | W11: 1111 | X11: 2250000 | Y11: =IF($V11="","",IF(ISNA(VLOOKUP($V11,mtk,1,0)),"Không có",VLOOKUP($V11,mtk,1,0))) -> 33382 | Z11: =IF($V11="","",IF(ISNA(VLOOKUP($W11,mtk,1,0)),"Không có",VLOOKUP($W11,mtk,1,0))) -> 1111 | AA11: =IF(COUNTIF($H$6:$H$526,$H11)>1,"Trùng mã",0) -> 0 | AC11: =ROUND(X11*AB11,0) -> 0 | AD11: =IF($M11="","",VLOOKUP($M11,vkhncc,2,0)) | AE11: =IF($M11="","",VLOOKUP($M11,vkhncc,4,0)) | AF11: =IF($AB11<>"",VLOOKUP($M11,vkhncc,7,0),"") | AG11: =IF($AB11<>"",VLOOKUP($M11,vkhncc,8,0),"") | AH11: =IF(OR($AB11<>"",C11="nvl",C11="nhh"),$F11,"") -> 4 | AI11: =IF($AB11<>"",VLOOKUP($M11,DMKH!$B$6:$F$1822,3,0),"") | AJ11: =IF(AND(H11=H12,V11=V12),W12,IF(AND(H11=H12,W11=W12),V12,"")) | AK11: =IF(AND(H11=H12,V11=V12),X12,IF(AND(H11=H12,W11=W12),X12,"")) | AL11: =D11 -> 13/01/2015 | AM11: =IF(D11="","","Ngày "&LEFT(D11,2)&" tháng "&MID(D11,4,2)&" năm "&RIGHT(D11,4)) -> Ngày 13 tháng 01 năm 2015 | AN11: =V11&M11 -> 33382 | AO11: =W11&M11 -> 1111 | AP11: =IF($AB11="","",IF(OR(MID($D11,4,2)="01",MID($D11,4,2)="02",MID($D11,4,2)="03"),"1",IF(OR(MID($D11,4,2)="04",MID($D11,4,2)="05",MID($D11,4,2)="06"),"2",IF(OR(MID($D11,4,2)="07",MID($D11,4,2)="08",MID($D11,4,2)="09"),"3",IF(OR(MID($D11,4,2)="10",MID($D11,4,2)="11",MID($D11,4,2)="12"),"4"))))) | AQ11: =A11&"-"&V11 -> 1-33382 | AR11: =A11&"-"&W11 -> 1-1111 | AS11: =IF(LEFT($J11,1)="n",A11&P11,"") -> 1 | AT11: =IF(LEFT($J11,1)="x",A11&P11,"") | AU11: =$A11&$H11&$U11&$V11 -> 1PC00333382 | AV11: =$A11&$U11&$W11 -> 11111 | AW11: =$A11&"-"&V11&"-"&W11 -> 1-33382-1111
A12: =IF(D12>0,MONTH(D12),0) -> 1 | B12: PKT | C12: NVL | D12: 31/01/2015 | E12: 13/01/2015 | F12: 4 | G12: {=IF(B12<>"",IF(AND(OR(V12=V11,W12=W11),F12=F11,K12=K11,N12=N11),G11,MAX(IF(B12=B$6:$B11,$G$6:G11))+1),"")} -> 1 | H12: =IF(B12<>"",B12&TEXT(G12,"000"),"") -> PKT001 | I12: {=IF(C12<>"",IF(AND(OR(V12=V11,W12=W11),F12=F11,K12=K11,N12=N11),I11,MAX(IF(C12=C$6:$C11,$I$6:I11))+1),"")} -> 3 | J12: =IF(C12<>"",C12&TEXT(I12,"000"),"") -> NVL003 | K12: quan.nv | L12: =IF($K12>0,VLOOKUP($K12,NV!$B$4:$C$33,2,0),"") -> Nguyễn Văn Quân | N12: =IF($M12>0,VLOOKUP($M12,vkhncc,2,0),"") | O12: Lương phải trả tháng 01/2015 | Q12: =IF($P12>0,VLOOKUP($P12,vvt,2,0),"") | T12: =IFERROR(INDEX(NX!$L$9:$L$168,MATCH($A12&$P12,NX!$B$9:$B$169,0)),"") | V12: 64221 | W12: 334 | X12: 8404000 | Y12: =IF($V12="","",IF(ISNA(VLOOKUP($V12,mtk,1,0)),"Không có",VLOOKUP($V12,mtk,1,0))) -> 64221 | Z12: =IF($V12="","",IF(ISNA(VLOOKUP($W12,mtk,1,0)),"Không có",VLOOKUP($W12,mtk,1,0))) -> 334 | AA12: =IF(COUNTIF($H$6:$H$526,$H12)>1,"Trùng mã",0) -> 0 | AC12: =ROUND(X12*AB12,0) -> 0 | AD12: =IF($M12="","",VLOOKUP($M12,vkhncc,2,0)) | AE12: =IF($M12="","",VLOOKUP($M12,vkhncc,4,0)) | AF12: =IF($AB12<>"",VLOOKUP($M12,vkhncc,7,0),"") | AG12: =IF($AB12<>"",VLOOKUP($M12,vkhncc,8,0),"") | AH12: =IF(OR($AB12<>"",C12="nvl",C12="nhh"),$F12,"") -> 4 | AI12: =IF($AB12<>"",VLOOKUP($M12,DMKH!$B$6:$F$1822,3,0),"") | AJ12: =IF(AND(H12=H13,V12=V13),W13,IF(AND(H12=H13,W12=W13),V13,"")) | AK12: =IF(AND(H12=H13,V12=V13),X13,IF(AND(H12=H13,W12=W13),X13,"")) | AL12: =D12 -> 31/01/2015 | AM12: =IF(D12="","","Ngày "&LEFT(D12,2)&" tháng "&MID(D12,4,2)&" năm "&RIGHT(D12,4)) -> Ngày 31 tháng 01 năm 2015 | AN12: =V12&M12 -> 64221 | AO12: =W12&M12 -> 334 | AP12: =IF($AB12="","",IF(OR(MID($D12,4,2)="01",MID($D12,4,2)="02",MID($D12,4,2)="03"),"1",IF(OR(MID($D12,4,2)="04",MID($D12,4,2)="05",MID($D12,4,2)="06"),"2",IF(OR(MID($D12,4,2)="07",MID($D12,4,2)="08",MID($D12,4,2)="09"),"3",IF(OR(MID($D12,4,2)="10",MID($D12,4,2)="11",MID($D12,4,2)="12"),"4"))))) | AQ12: =A12&"-"&V12 -> 1-64221 | AR12: =A12&"-"&W12 -> 1-334 | AS12: =IF(LEFT($J12,1)="n",A12&P12,"") -> 1 | AT12: =IF(LEFT($J12,1)="x",A12&P12,"") | AU12: =$A12&$H12&$U12&$V12 -> 1PKT00164221 | AV12: =$A12&$U12&$W12 -> 1334 | AW12: =$A12&"-"&V12&"-"&W12 -> 1-64221-334
A13: =IF(D13>0,MONTH(D13),0) -> 1 | B13: PC | C13: GBN | D13: 31/01/2015 | E13: 31/01/2015 | F13: 6 | G13: {=IF(B13<>"",IF(AND(OR(V13=V12,W13=W12),F13=F12,K13=K12,N13=N12),G12,MAX(IF(B13=B$6:$B12,$G$6:G12))+1),"")} -> 4 | H13: =IF(B13<>"",B13&TEXT(G13,"000"),"") -> PC004 | I13: {=IF(C13<>"",IF(AND(OR(V13=V12,W13=W12),F13=F12,K13=K12,N13=N12),I12,MAX(IF(C13=C$6:$C12,$I$6:I12))+1),"")} -> 2 | J13: =IF(C13<>"",C13&TEXT(I13,"000"),"") -> GBN002 | K13: quan.nv | L13: =IF($K13>0,VLOOKUP($K13,NV!$B$4:$C$33,2,0),"") -> Nguyễn Văn Quân | N13: =IF($M13>0,VLOOKUP($M13,vkhncc,2,0),"") | O13: Thanh toán lương tháng 01/2015 | Q13: =IF($P13>0,VLOOKUP($P13,vvt,2,0),"") | T13: =IFERROR(INDEX(NX!$L$9:$L$168,MATCH($A13&$P13,NX!$B$9:$B$169,0)),"") | V13: 334 | W13: 1111 | X13: 8404000 | Y13: =IF($V13="","",IF(ISNA(VLOOKUP($V13,mtk,1,0)),"Không có",VLOOKUP($V13,mtk,1,0))) -> 334 | Z13: =IF($V13="","",IF(ISNA(VLOOKUP($W13,mtk,1,0)),"Không có",VLOOKUP($W13,mtk,1,0))) -> 1111 | AA13: =IF(COUNTIF($H$6:$H$526,$H13)>1,"Trùng mã",0) -> 0 | AC13: =ROUND(X13*AB13,0) -> 0 | AD13: =IF($M13="","",VLOOKUP($M13,vkhncc,2,0)) | AE13: =IF($M13="","",VLOOKUP($M13,vkhncc,4,0)) | AF13: =IF($AB13<>"",VLOOKUP($M13,vkhncc,7,0),"") | AG13: =IF($AB13<>"",VLOOKUP($M13,vkhncc,8,0),"") | AH13: =IF(OR($AB13<>"",C13="nvl",C13="nhh"),$F13,"") | AI13: =IF($AB13<>"",VLOOKUP($M13,DMKH!$B$6:$F$1822,3,0),"") | AJ13: =IF(AND(H13=H14,V13=V14),W14,IF(AND(H13=H14,W13=W14),V14,"")) | AK13: =IF(AND(H13=H14,V13=V14),X14,IF(AND(H13=H14,W13=W14),X14,"")) | AL13: =D13 -> 31/01/2015 | AM13: =IF(D13="","","Ngày "&LEFT(D13,2)&" tháng "&MID(D13,4,2)&" năm "&RIGHT(D13,4)) -> Ngày 31 tháng 01 năm 2015 | AN13: =V13&M13 -> 334 | AO13: =W13&M13 -> 1111 | AP13: =IF($AB13="","",IF(OR(MID($D13,4,2)="01",MID($D13,4,2)="02",MID($D13,4,2)="03"),"1",IF(OR(MID($D13,4,2)="04",MID($D13,4,2)="05",MID($D13,4,2)="06"),"2",IF(OR(MID($D13,4,2)="07",MID($D13,4,2)="08",MID($D13,4,2)="09"),"3",IF(OR(MID($D13,4,2)="10",MID($D13,4,2)="11",MID($D13,4,2)="12"),"4"))))) | AQ13: =A13&"-"&V13 -> 1-334 | AR13: =A13&"-"&W13 -> 1-1111 | AS13: =IF(LEFT($J13,1)="n",A13&P13,"") | AT13: =IF(LEFT($J13,1)="x",A13&P13,"") | AU13: =$A13&$H13&$U13&$V13 -> 1PC004334 | AV13: =$A13&$U13&$W13 -> 11111 | AW13: =$A13&"-"&V13&"-"&W13 -> 1-334-1111
A14: =IF(D14>0,MONTH(D14),0) -> 2 | B14: PC | C14: GBN | D14: 25/02/2015 | E14: 25/02/2015 | F14: v | G14: {=IF(B14<>"",IF(AND(OR(V14=V13,W14=W13),F14=F13,K14=K13,N14=N13),G13,MAX(IF(B14=B$6:$B13,$G$6:G13))+1),"")} -> 5 | H14: =IF(B14<>"",B14&TEXT(G14,"000"),"") -> PC005 | I14: {=IF(C14<>"",IF(AND(OR(V14=V13,W14=W13),F14=F13,K14=K13,N14=N13),I13,MAX(IF(C14=C$6:$C13,$I$6:I13))+1),"")} -> 3 | J14: =IF(C14<>"",C14&TEXT(I14,"000"),"") -> GBN003 | K14: quan.nv | L14: =IF($K14>0,VLOOKUP($K14,NV!$B$4:$C$33,2,0),"") -> Nguyễn Văn Quân | N14: =IF($M14>0,VLOOKUP($M14,vkhncc,2,0),"") | O14: Thưởng tết âm lịch | Q14: =IF($P14>0,VLOOKUP($P14,vvt,2,0),"") | T14: =IFERROR(INDEX(NX!$L$9:$L$168,MATCH($A14&$P14,NX!$B$9:$B$169,0)),"") | V14: 64228 | W14: 1111 | X14: 4000000 | Y14: =IF($V14="","",IF(ISNA(VLOOKUP($V14,mtk,1,0)),"Không có",VLOOKUP($V14,mtk,1,0))) -> 64228 | Z14: =IF($V14="","",IF(ISNA(VLOOKUP($W14,mtk,1,0)),"Không có",VLOOKUP($W14,mtk,1,0))) -> 1111 | AA14: =IF(COUNTIF($H$6:$H$526,$H14)>1,"Trùng mã",0) -> 0 | AC14: =ROUND(X14*AB14,0) -> 0 | AD14: =IF($M14="","",VLOOKUP($M14,vkhncc,2,0)) | AE14: =IF($M14="","",VLOOKUP($M14,vkhncc,4,0)) | AF14: =IF($AB14<>"",VLOOKUP($M14,vkhncc,7,0),"") | AG14: =IF($AB14<>"",VLOOKUP($M14,vkhncc,8,0),"") | AH14: =IF(OR($AB14<>"",C14="nvl",C14="nhh"),$F14,"") | AI14: =IF($AB14<>"",VLOOKUP($M14,DMKH!$B$6:$F$1822,3,0),"") | AJ14: =IF(AND(H14=H15,V14=V15),W15,IF(AND(H14=H15,W14=W15),V15,"")) | AK14: =IF(AND(H14=H15,V14=V15),X15,IF(AND(H14=H15,W14=W15),X15,"")) | AL14: =D14 -> 25/02/2015 | AM14: =IF(D14="","","Ngày "&LEFT(D14,2)&" tháng "&MID(D14,4,2)&" năm "&RIGHT(D14,4)) -> Ngày 25 tháng 02 năm 2015 | AN14: =V14&M14 -> 64228 | AO14: =W14&M14 -> 1111 | AP14: =IF($AB14="","",IF(OR(MID($D14,4,2)="01",MID($D14,4,2)="02",MID($D14,4,2)="03"),"1",IF(OR(MID($D14,4,2)="04",MID($D14,4,2)="05",MID($D14,4,2)="06"),"2",IF(OR(MID($D14,4,2)="07",MID($D14,4,2)="08",MID($D14,4,2)="09"),"3",IF(OR(MID($D14,4,2)="10",MID($D14,4,2)="11",MID($D14,4,2)="12"),"4"))))) | AQ14: =A14&"-"&V14 -> 2-64228 | AR14: =A14&"-"&W14 -> 2-1111 | AS14: =IF(LEFT($J14,1)="n",A14&P14,"") | AT14: =IF(LEFT($J14,1)="x",A14&P14,"") | AU14: =$A14&$H14&$U14&$V14 -> 2PC00564228 | AV14: =$A14&$U14&$W14 -> 21111 | AW14: =$A14&"-"&V14&"-"&W14 -> 2-64228-1111
A15: =IF(D15>0,MONTH(D15),0) -> 2 | B15: PKT | D15: 28/02/2015 | E15: 28/02/2015 | F15: 7 | G15: {=IF(B15<>"",IF(AND(OR(V15=V14,W15=W14),F15=F14,K15=K14,N15=N14),G14,MAX(IF(B15=B$6:$B14,$G$6:G14))+1),"")} -> 2 | H15: =IF(B15<>"",B15&TEXT(G15,"000"),"") -> PKT002 | I15: {=IF(C15<>"",IF(AND(OR(V15=V14,W15=W14),F15=F14,K15=K14,N15=N14),I14,MAX(IF(C15=C$6:$C14,$I$6:I14))+1),"")} | J15: =IF(C15<>"",C15&TEXT(I15,"000"),"") | K15: quan.nv | L15: =IF($K15>0,VLOOKUP($K15,NV!$B$4:$C$33,2,0),"") -> Nguyễn Văn Quân | N15: =IF($M15>0,VLOOKUP($M15,vkhncc,2,0),"") | O15: Lương phải trả tháng 02/2015 | Q15: =IF($P15>0,VLOOKUP($P15,vvt,2,0),"") | T15: =IFERROR(INDEX(NX!$L$9:$L$168,MATCH($A15&$P15,NX!$B$9:$B$169,0)),"") | V15: 64221 | W15: 334 | X15: 7677000 | Y15: =IF($V15="","",IF(ISNA(VLOOKUP($V15,mtk,1,0)),"Không có",VLOOKUP($V15,mtk,1,0))) -> 64221 | Z15: =IF($V15="","",IF(ISNA(VLOOKUP($W15,mtk,1,0)),"Không có",VLOOKUP($W15,mtk,1,0))) -> 334 | AA15: =IF(COUNTIF($H$6:$H$526,$H15)>1,"Trùng mã",0) -> 0 | AC15: =ROUND(X15*AB15,0) -> 0 | AD15: =IF($M15="","",VLOOKUP($M15,vkhncc,2,0)) | AE15: =IF($M15="","",VLOOKUP($M15,vkhncc,4,0)) | AF15: =IF($AB15<>"",VLOOKUP($M15,vkhncc,7,0),"") | AG15: =IF($AB15<>"",VLOOKUP($M15,vkhncc,8,0),"") | AH15: =IF(OR($AB15<>"",C15="nvl",C15="nhh"),$F15,"") | AI15: =IF($AB15<>"",VLOOKUP($M15,DMKH!$B$6:$F$1822,3,0),"") | AJ15: =IF(AND(H15=H16,V15=V16),W16,IF(AND(H15=H16,W15=W16),V16,"")) | AK15: =IF(AND(H15=H16,V15=V16),X16,IF(AND(H15=H16,W15=W16),X16,"")) | AL15: =D15 -> 28/02/2015 | AM15: =IF(D15="","","Ngày "&LEFT(D15,2)&" tháng "&MID(D15,4,2)&" năm "&RIGHT(D15,4)) -> Ngày 28 tháng 02 năm 2015 | AN15: =V15&M15 -> 64221 | AO15: =W15&M15 -> 334 | AP15: =IF($AB15="","",IF(OR(MID($D15,4,2)="01",MID($D15,4,2)="02",MID($D15,4,2)="03"),"1",IF(OR(MID($D15,4,2)="04",MID($D15,4,2)="05",MID($D15,4,2)="06"),"2",IF(OR(MID($D15,4,2)="07",MID($D15,4,2)="08",MID($D15,4,2)="09"),"3",IF(OR(MID($D15,4,2)="10",MID($D15,4,2)="11",MID($D15,4,2)="12"),"4"))))) | AQ15: =A15&"-"&V15 -> 2-64221 | AR15: =A15&"-"&W15 -> 2-334 | AS15: =IF(LEFT($J15,1)="n",A15&P15,"") | AT15: =IF(LEFT($J15,1)="x",A15&P15,"") | AU15: =$A15&$H15&$U15&$V15 -> 2PKT00264221 | AV15: =$A15&$U15&$W15 -> 2334 | AW15: =$A15&"-"&V15&"-"&W15 -> 2-64221-334
A16: =IF(D16>0,MONTH(D16),0) -> 2 | B16: PC | D16: 28/02/2015 | E16: 28/02/2015 | F16: 8 | G16: {=IF(B16<>"",IF(AND(OR(V16=V15,W16=W15),F16=F15,K16=K15,N16=N15),G15,MAX(IF(B16=B$6:$B15,$G$6:G15))+1),"")} -> 6 | H16: =IF(B16<>"",B16&TEXT(G16,"000"),"") -> PC006 | I16: {=IF(C16<>"",IF(AND(OR(V16=V15,W16=W15),F16=F15,K16=K15,N16=N15),I15,MAX(IF(C16=C$6:$C15,$I$6:I15))+1),"")} | J16: =IF(C16<>"",C16&TEXT(I16,"000"),"") | K16: quan.nv | L16: =IF($K16>0,VLOOKUP($K16,NV!$B$4:$C$33,2,0),"") -> Nguyễn Văn Quân | N16: =IF($M16>0,VLOOKUP($M16,vkhncc,2,0),"") | O16: Thanh toán lương tháng 02/2015 | Q16: =IF($P16>0,VLOOKUP($P16,vvt,2,0),"") | T16: =IFERROR(INDEX(NX!$L$9:$L$168,MATCH($A16&$P16,NX!$B$9:$B$169,0)),"") | V16: 334 | W16: 1111 | X16: 7677000 | Y16: =IF($V16="","",IF(ISNA(VLOOKUP($V16,mtk,1,0)),"Không có",VLOOKUP($V16,mtk,1,0))) -> 334 | Z16: =IF($V16="","",IF(ISNA(VLOOKUP($W16,mtk,1,0)),"Không có",VLOOKUP($W16,mtk,1,0))) -> 1111 | AA16: =IF(COUNTIF($H$6:$H$526,$H16)>1,"Trùng mã",0) -> 0 | AC16: =ROUND(X16*AB16,0) -> 0 | AD16: =IF($M16="","",VLOOKUP($M16,vkhncc,2,0)) | AE16: =IF($M16="","",VLOOKUP($M16,vkhncc,4,0)) | AF16: =IF($AB16<>"",VLOOKUP($M16,vkhncc,7,0),"") | AG16: =IF($AB16<>"",VLOOKUP($M16,vkhncc,8,0),"") | AH16: =IF(OR($AB16<>"",C16="nvl",C16="nhh"),$F16,"") | AI16: =IF($AB16<>"",VLOOKUP($M16,DMKH!$B$6:$F$1822,3,0),"") | AJ16: =IF(AND(H16=H17,V16=V17),W17,IF(AND(H16=H17,W16=W17),V17,"")) | AK16: =IF(AND(H16=H17,V16=V17),X17,IF(AND(H16=H17,W16=W17),X17,"")) | AL16: =D16 -> 28/02/2015 | AM16: =IF(D16="","","Ngày "&LEFT(D16,2)&" tháng "&MID(D16,4,2)&" năm "&RIGHT(D16,4)) -> Ngày 28 tháng 02 năm 2015 | AN16: =V16&M16 -> 334 | AO16: =W16&M16 -> 1111 | AP16: =IF($AB16="","",IF(OR(MID($D16,4,2)="01",MID($D16,4,2)="02",MID($D16,4,2)="03"),"1",IF(OR(MID($D16,4,2)="04",MID($D16,4,2)="05",MID($D16,4,2)="06"),"2",IF(OR(MID($D16,4,2)="07",MID($D16,4,2)="08",MID($D16,4,2)="09"),"3",IF(OR(MID($D16,4,2)="10",MID($D16,4,2)="11",MID($D16,4,2)="12"),"4"))))) | AQ16: =A16&"-"&V16 -> 2-334 | AR16: =A16&"-"&W16 -> 2-1111 | AS16: =IF(LEFT($J16,1)="n",A16&P16,"") | AT16: =IF(LEFT($J16,1)="x",A16&P16,"") | AU16: =$A16&$H16&$U16&$V16 -> 2PC006334 | AV16: =$A16&$U16&$W16 -> 21111 | AW16: =$A16&"-"&V16&"-"&W16 -> 2-334-1111
A17: =IF(D17>0,MONTH(D17),0) -> 3 | B17: PKT | D17: 31/03/2015 | E17: 31/03/2015 | F17: 9 | G17: {=IF(B17<>"",IF(AND(OR(V17=V16,W17=W16),F17=F16,K17=K16,N17=N16),G16,MAX(IF(B17=B$6:$B16,$G$6:G16))+1),"")} -> 3 | H17: =IF(B17<>"",B17&TEXT(G17,"000"),"") -> PKT003 | I17: {=IF(C17<>"",IF(AND(OR(V17=V16,W17=W16),F17=F16,K17=K16,N17=N16),I16,MAX(IF(C17=C$6:$C16,$I$6:I16))+1),"")} | J17: =IF(C17<>"",C17&TEXT(I17,"000"),"") | K17: quan.nv | L17: =IF($K17>0,VLOOKUP($K17,NV!$B$4:$C$33,2,0),"") -> Nguyễn Văn Quân | N17: =IF($M17>0,VLOOKUP($M17,vkhncc,2,0),"") | O17: Lương phải trả tháng 03/2015 | Q17: =IF($P17>0,VLOOKUP($P17,vvt,2,0),"") | T17: =IFERROR(INDEX(NX!$L$9:$L$168,MATCH($A17&$P17,NX!$B$9:$B$169,0)),"") | V17: 64221 | W17: 334 | X17: 8172000 | Y17: =IF($V17="","",IF(ISNA(VLOOKUP($V17,mtk,1,0)),"Không có",VLOOKUP($V17,mtk,1,0))) -> 64221 | Z17: =IF($V17="","",IF(ISNA(VLOOKUP($W17,mtk,1,0)),"Không có",VLOOKUP($W17,mtk,1,0))) -> 334 | AA17: =IF(COUNTIF($H$6:$H$526,$H17)>1,"Trùng mã",0) -> 0 | AC17: =ROUND(X17*AB17,0) -> 0 | AD17: =IF($M17="","",VLOOKUP($M17,vkhncc,2,0)) | AE17: =IF($M17="","",VLOOKUP($M17,vkhncc,4,0)) | AF17: =IF($AB17<>"",VLOOKUP($M17,vkhncc,7,0),"") | AG17: =IF($AB17<>"",VLOOKUP($M17,vkhncc,8,0),"") | AH17: =IF(OR($AB17<>"",C17="nvl",C17="nhh"),$F17,"") | AI17: =IF($AB17<>"",VLOOKUP($M17,DMKH!$B$6:$F$1822,3,0),"") | AJ17: =IF(AND(H17=H18,V17=V18),W18,IF(AND(H17=H18,W17=W18),V18,"")) | AK17: =IF(AND(H17=H18,V17=V18),X18,IF(AND(H17=H18,W17=W18),X18,"")) | AL17: =D17 -> 31/03/2015 | AM17: =IF(D17="","","Ngày "&LEFT(D17,2)&" tháng "&MID(D17,4,2)&" năm "&RIGHT(D17,4)) -> Ngày 31 tháng 03 năm 2015 | AN17: =V17&M17 -> 64221 | AO17: =W17&M17 -> 334 | AP17: =IF($AB17="","",IF(OR(MID($D17,4,2)="01",MID($D17,4,2)="02",MID($D17,4,2)="03"),"1",IF(OR(MID($D17,4,2)="04",MID($D17,4,2)="05",MID($D17,4,2)="06"),"2",IF(OR(MID($D17,4,2)="07",MID($D17,4,2)="08",MID($D17,4,2)="09"),"3",IF(OR(MID($D17,4,2)="10",MID($D17,4,2)="11",MID($D17,4,2)="12"),"4"))))) | AQ17: =A17&"-"&V17 -> 3-64221 | AR17: =A17&"-"&W17 -> 3-334 | AS17: =IF(LEFT($J17,1)="n",A17&P17,"") | AT17: =IF(LEFT($J17,1)="x",A17&P17,"") | AU17: =$A17&$H17&$U17&$V17 -> 3PKT00364221 | AV17: =$A17&$U17&$W17 -> 3334 | AW17: =$A17&"-"&V17&"-"&W17 -> 3-64221-334
A18: =IF(D18>0,MONTH(D18),0) -> 3 | B18: PC | D18: 31/03/2015 | E18: 31/03/2015 | F18: 10 | G18: {=IF(B18<>"",IF(AND(OR(V18=V17,W18=W17),F18=F17,K18=K17,N18=N17),G17,MAX(IF(B18=B$6:$B17,$G$6:G17))+1),"")} -> 7 | H18: =IF(B18<>"",B18&TEXT(G18,"000"),"") -> PC007 | I18: {=IF(C18<>"",IF(AND(OR(V18=V17,W18=W17),F18=F17,K18=K17,N18=N17),I17,MAX(IF(C18=C$6:$C17,$I$6:I17))+1),"")} | J18: =IF(C18<>"",C18&TEXT(I18,"000"),"") | K18: quan.nv | L18: =IF($K18>0,VLOOKUP($K18,NV!$B$4:$C$33,2,0),"") -> Nguyễn Văn Quân | N18: =IF($M18>0,VLOOKUP($M18,vkhncc,2,0),"") | O18: Thanh toán lương tháng 03/2015 | Q18: =IF($P18>0,VLOOKUP($P18,vvt,2,0),"") | T18: =IFERROR(INDEX(NX!$L$9:$L$168,MATCH($A18&$P18,NX!$B$9:$B$169,0)),"") | V18: 334 | W18: 1111 | X18: 8172000 | Y18: =IF($V18="","",IF(ISNA(VLOOKUP($V18,mtk,1,0)),"Không có",VLOOKUP($V18,mtk,1,0))) -> 334 | Z18: =IF($V18="","",IF(ISNA(VLOOKUP($W18,mtk,1,0)),"Không có",VLOOKUP($W18,mtk,1,0))) -> 1111 | AA18: =IF(COUNTIF($H$6:$H$526,$H18)>1,"Trùng mã",0) -> 0 | AC18: =ROUND(X18*AB18,0) -> 0 | AD18: =IF($M18="","",VLOOKUP($M18,vkhncc,2,0)) | AE18: =IF($M18="","",VLOOKUP($M18,vkhncc,4,0)) | AF18: =IF($AB18<>"",VLOOKUP($M18,vkhncc,7,0),"") | AG18: =IF($AB18<>"",VLOOKUP($M18,vkhncc,8,0),"") | AH18: =IF(OR($AB18<>"",C18="nvl",C18="nhh"),$F18,"") | AI18: =IF($AB18<>"",VLOOKUP($M18,DMKH!$B$6:$F$1822,3,0),"") | AJ18: =IF(AND(H18=H19,V18=V19),W19,IF(AND(H18=H19,W18=W19),V19,"")) | AK18: =IF(AND(H18=H19,V18=V19),X19,IF(AND(H18=H19,W18=W19),X19,"")) | AL18: =D18 -> 31/03/2015 | AM18: =IF(D18="","","Ngày "&LEFT(D18,2)&" tháng "&MID(D18,4,2)&" năm "&RIGHT(D18,4)) -> Ngày 31 tháng 03 năm 2015 | AN18: =V18&M18 -> 334 | AO18: =W18&M18 -> 1111 | AP18: =IF($AB18="","",IF(OR(MID($D18,4,2)="01",MID($D18,4,2)="02",MID($D18,4,2)="03"),"1",IF(OR(MID($D18,4,2)="04",MID($D18,4,2)="05",MID($D18,4,2)="06"),"2",IF(OR(MID($D18,4,2)="07",MID($D18,4,2)="08",MID($D18,4,2)="09"),"3",IF(OR(MID($D18,4,2)="10",MID($D18,4,2)="11",MID($D18,4,2)="12"),"4"))))) | AQ18: =A18&"-"&V18 -> 3-334 | AR18: =A18&"-"&W18 -> 3-1111 | AS18: =IF(LEFT($J18,1)="n",A18&P18,"") | AT18: =IF(LEFT($J18,1)="x",A18&P18,"") | AU18: =$A18&$H18&$U18&$V18 -> 3PC007334 | AV18: =$A18&$U18&$W18 -> 31111 | AW18: =$A18&"-"&V18&"-"&W18 -> 3-334-1111
A19: =IF(D19>0,MONTH(D19),0) -> 3 | B19: PKT | D19: 31/03/2015 | E19: 31/03/2015 | F19: 11 | G19: {=IF(B19<>"",IF(AND(OR(V19=V18,W19=W18),F19=F18,K19=K18,N19=N18),G18,MAX(IF(B19=B$6:$B18,$G$6:G18))+1),"")} -> 4 | H19: =IF(B19<>"",B19&TEXT(G19,"000"),"") -> PKT004 | I19: {=IF(C19<>"",IF(AND(OR(V19=V18,W19=W18),F19=F18,K19=K18,N19=N18),I18,MAX(IF(C19=C$6:$C18,$I$6:I18))+1),"")} | J19: =IF(C19<>"",C19&TEXT(I19,"000"),"") | K19: quan.nv | L19: =IF($K19>0,VLOOKUP($K19,NV!$B$4:$C$33,2,0),"") -> Nguyễn Văn Quân | N19: =IF($M19>0,VLOOKUP($M19,vkhncc,2,0),"") | O19: Kết chuyển chi phí lương nhân viên quản lý | Q19: =IF($P19>0,VLOOKUP($P19,vvt,2,0),"") | T19: =IFERROR(INDEX(NX!$L$9:$L$168,MATCH($A19&$P19,NX!$B$9:$B$169,0)),"") | V19: 911 | W19: 64221 | X19: 24253000 | Y19: =IF($V19="","",IF(ISNA(VLOOKUP($V19,mtk,1,0)),"Không có",VLOOKUP($V19,mtk,1,0))) -> 911 | Z19: =IF($V19="","",IF(ISNA(VLOOKUP($W19,mtk,1,0)),"Không có",VLOOKUP($W19,mtk,1,0))) -> 64221 | AA19: =IF(COUNTIF($H$6:$H$526,$H19)>1,"Trùng mã",0) -> 0 | AC19: =ROUND(X19*AB19,0) -> 0 | AD19: =IF($M19="","",VLOOKUP($M19,vkhncc,2,0)) | AE19: =IF($M19="","",VLOOKUP($M19,vkhncc,4,0)) | AF19: =IF($AB19<>"",VLOOKUP($M19,vkhncc,7,0),"") | AG19: =IF($AB19<>"",VLOOKUP($M19,vkhncc,8,0),"") | AH19: =IF(OR($AB19<>"",C19="nvl",C19="nhh"),$F19,"") | AI19: =IF($AB19<>"",VLOOKUP($M19,DMKH!$B$6:$F$1822,3,0),"") | AJ19: =IF(AND(H19=H20,V19=V20),W20,IF(AND(H19=H20,W19=W20),V20,"")) | AK19: =IF(AND(H19=H20,V19=V20),X20,IF(AND(H19=H20,W19=W20),X20,"")) | AL19: =D19 -> 31/03/2015 | AM19: =IF(D19="","","Ngày "&LEFT(D19,2)&" tháng "&MID(D19,4,2)&" năm "&RIGHT(D19,4)) -> Ngày 31 tháng 03 năm 2015 | AN19: =V19&M19 -> 911 | AO19: =W19&M19 -> 64221 | AP19: =IF($AB19="","",IF(OR(MID($D19,4,2)="01",MID($D19,4,2)="02",MID($D19,4,2)="03"),"1",IF(OR(MID($D19,4,2)="04",MID($D19,4,2)="05",MID($D19,4,2)="06"),"2",IF(OR(MID($D19,4,2)="07",MID($D19,4,2)="08",MID($D19,4,2)="09"),"3",IF(OR(MID($D19,4,2)="10",MID($D19,4,2)="11",MID($D19,4,2)="12"),"4"))))) | AQ19: =A19&"-"&V19 -> 3-911 | AR19: =A19&"-"&W19 -> 3-64221 | AS19: =IF(LEFT($J19,1)="n",A19&P19,"") | AT19: =IF(LEFT($J19,1)="x",A19&P19,"") | AU19: =$A19&$H19&$U19&$V19 -> 3PKT004911 | AV19: =$A19&$U19&$W19 -> 364221 | AW19: =$A19&"-"&V19&"-"&W19 -> 3-911-64221
A20: =IF(D20>0,MONTH(D20),0) -> 3 | B20: PKT | D20: 31/03/2015 | E20: 31/03/2015 | F20: 12 | G20: {=IF(B20<>"",IF(AND(OR(V20=V19,W20=W19),F20=F19,K20=K19,N20=N19),G19,MAX(IF(B20=B$6:$B19,$G$6:G19))+1),"")} -> 5 | H20: =IF(B20<>"",B20&TEXT(G20,"000"),"") -> PKT005 | I20: {=IF(C20<>"",IF(AND(OR(V20=V19,W20=W19),F20=F19,K20=K19,N20=N19),I19,MAX(IF(C20=C$6:$C19,$I$6:I19))+1),"")} | J20: =IF(C20<>"",C20&TEXT(I20,"000"),"") | K20: quan.nv | L20: =IF($K20>0,VLOOKUP($K20,NV!$B$4:$C$33,2,0),"") -> Nguyễn Văn Quân | N20: =IF($M20>0,VLOOKUP($M20,vkhncc,2,0),"") | O20: Kết chuyển chi phí thuế, lệ phí khác | Q20: =IF($P20>0,VLOOKUP($P20,vvt,2,0),"") | T20: =IFERROR(INDEX(NX!$L$9:$L$168,MATCH($A20&$P20,NX!$B$9:$B$169,0)),"") | V20: 911 | W20: 64225 | X20: 2250000 | Y20: =IF($V20="","",IF(ISNA(VLOOKUP($V20,mtk,1,0)),"Không có",VLOOKUP($V20,mtk,1,0))) -> 911 | Z20: =IF($V20="","",IF(ISNA(VLOOKUP($W20,mtk,1,0)),"Không có",VLOOKUP($W20,mtk,1,0))) -> 64225 | AA20: =IF(COUNTIF($H$6:$H$526,$H20)>1,"Trùng mã",0) -> 0 | AC20: =ROUND(X20*AB20,0) -> 0 | AD20: =IF($M20="","",VLOOKUP($M20,vkhncc,2,0)) | AE20: =IF($M20="","",VLOOKUP($M20,vkhncc,4,0)) | AF20: =IF($AB20<>"",VLOOKUP($M20,vkhncc,7,0),"") | AG20: =IF($AB20<>"",VLOOKUP($M20,vkhncc,8,0),"") | AH20: =IF(OR($AB20<>"",C20="nvl",C20="nhh"),$F20,"") | AI20: =IF($AB20<>"",VLOOKUP($M20,DMKH!$B$6:$F$1822,3,0),"") | AJ20: =IF(AND(H20=H21,V20=V21),W21,IF(AND(H20=H21,W20=W21),V21,"")) | AK20: =IF(AND(H20=H21,V20=V21),X21,IF(AND(H20=H21,W20=W21),X21,"")) | AL20: =D20 -> 31/03/2015 | AM20: =IF(D20="","","Ngày "&LEFT(D20,2)&" tháng "&MID(D20,4,2)&" năm "&RIGHT(D20,4)) -> Ngày 31 tháng 03 năm 2015 | AN20: =V20&M20 -> 911 | AO20: =W20&M20 -> 64225 | AP20: =IF($AB20="","",IF(OR(MID($D20,4,2)="01",MID($D20,4,2)="02",MID($D20,4,2)="03"),"1",IF(OR(MID($D20,4,2)="04",MID($D20,4,2)="05",MID($D20,4,2)="06"),"2",IF(OR(MID($D20,4,2)="07",MID($D20,4,2)="08",MID($D20,4,2)="09"),"3",IF(OR(MID($D20,4,2)="10",MID($D20,4,2)="11",MID($D20,4,2)="12"),"4"))))) | AQ20: =A20&"-"&V20 -> 3-911 | AR20: =A20&"-"&W20 -> 3-64225 | AS20: =IF(LEFT($J20,1)="n",A20&P20,"") | AT20: =IF(LEFT($J20,1)="x",A20&P20,"") | AU20: =$A20&$H20&$U20&$V20 -> 3PKT005911 | AV20: =$A20&$U20&$W20 -> 364225 | AW20: =$A20&"-"&V20&"-"&W20 -> 3-911-64225
A21: =IF(D21>0,MONTH(D21),0) -> 3 | B21: PKT | D21: 31/03/2015 | E21: 31/03/2015 | F21: v | G21: {=IF(B21<>"",IF(AND(OR(V21=V20,W21=W20),F21=F20,K21=K20,N21=N20),G20,MAX(IF(B21=B$6:$B20,$G$6:G20))+1),"")} -> 6 | H21: =IF(B21<>"",B21&TEXT(G21,"000"),"") -> PKT006 | I21: {=IF(C21<>"",IF(AND(OR(V21=V20,W21=W20),F21=F20,K21=K20,N21=N20),I20,MAX(IF(C21=C$6:$C20,$I$6:I20))+1),"")} | J21: =IF(C21<>"",C21&TEXT(I21,"000"),"") | L21: =IF($K21>0,VLOOKUP($K21,NV!$B$4:$C$33,2,0),"") | N21: =IF($M21>0,VLOOKUP($M21,vkhncc,2,0),"") | O21: Kết chuyển chi phí bằng tiền khác | Q21: =IF($P21>0,VLOOKUP($P21,vvt,2,0),"") | T21: =IFERROR(INDEX(NX!$L$9:$L$168,MATCH($A21&$P21,NX!$B$9:$B$169,0)),"") | V21: 911 | W21: 64228 | X21: 8000000 | Y21: =IF($V21="","",IF(ISNA(VLOOKUP($V21,mtk,1,0)),"Không có",VLOOKUP($V21,mtk,1,0))) -> 911 | Z21: =IF($V21="","",IF(ISNA(VLOOKUP($W21,mtk,1,0)),"Không có",VLOOKUP($W21,mtk,1,0))) -> 64228 | AA21: =IF(COUNTIF($H$6:$H$526,$H21)>1,"Trùng mã",0) -> 0 | AC21: =ROUND(X21*AB21,0) -> 0 | AD21: =IF($M21="","",VLOOKUP($M21,vkhncc,2,0)) | AE21: =IF($M21="","",VLOOKUP($M21,vkhncc,4,0)) | AF21: =IF($AB21<>"",VLOOKUP($M21,vkhncc,7,0),"") | AG21: =IF($AB21<>"",VLOOKUP($M21,vkhncc,8,0),"") | AH21: =IF(OR($AB21<>"",C21="nvl",C21="nhh"),$F21,"") | AI21: =IF($AB21<>"",VLOOKUP($M21,DMKH!$B$6:$F$1822,3,0),"") | AJ21: =IF(AND(H21=H22,V21=V22),W22,IF(AND(H21=H22,W21=W22),V22,"")) | AK21: =IF(AND(H21=H22,V21=V22),X22,IF(AND(H21=H22,W21=W22),X22,"")) | AL21: =D21 -> 31/03/2015 | AM21: =IF(D21="","","Ngày "&LEFT(D21,2)&" tháng "&MID(D21,4,2)&" năm "&RIGHT(D21,4)) -> Ngày 31 tháng 03 năm 2015 | AN21: =V21&M21 -> 911 | AO21: =W21&M21 -> 64228 | AP21: =IF($AB21="","",IF(OR(MID($D21,4,2)="01",MID($D21,4,2)="02",MID($D21,4,2)="03"),"1",IF(OR(MID($D21,4,2)="04",MID($D21,4,2)="05",MID($D21,4,2)="06"),"2",IF(OR(MID($D21,4,2)="07",MID($D21,4,2)="08",MID($D21,4,2)="09"),"3",IF(OR(MID($D21,4,2)="10",MID($D21,4,2)="11",MID($D21,4,2)="12"),"4"))))) | AQ21: =A21&"-"&V21 -> 3-911 | AR21: =A21&"-"&W21 -> 3-64228 | AS21: =IF(LEFT($J21,1)="n",A21&P21,"") | AT21: =IF(LEFT($J21,1)="x",A21&P21,"") | AU21: =$A21&$H21&$U21&$V21 -> 3PKT006911 | AV21: =$A21&$U21&$W21 -> 364228 | AW21: =$A21&"-"&V21&"-"&W21 -> 3-911-64228
A22: =IF(D22>0,MONTH(D22),0) -> 3 | B22: PKT | D22: 31/03/2015 | E22: 31/03/2015 | F22: 13 | G22: {=IF(B22<>"",IF(AND(OR(V22=V21,W22=W21),F22=F21,K22=K21,N22=N21),G21,MAX(IF(B22=B$6:$B21,$G$6:G21))+1),"")} -> 7 | H22: =IF(B22<>"",B22&TEXT(G22,"000"),"") -> PKT007 | I22: {=IF(C22<>"",IF(AND(OR(V22=V21,W22=W21),F22=F21,K22=K21,N22=N21),I21,MAX(IF(C22=C$6:$C21,$I$6:I21))+1),"")} | J22: =IF(C22<>"",C22&TEXT(I22,"000"),"") | K22: quan.nv | L22: =IF($K22>0,VLOOKUP($K22,NV!$B$4:$C$33,2,0),"") -> Nguyễn Văn Quân | N22: =IF($M22>0,VLOOKUP($M22,vkhncc,2,0),"") | O22: Xác định kết quả kinh doanh | Q22: =IF($P22>0,VLOOKUP($P22,vvt,2,0),"") | T22: =IFERROR(INDEX(NX!$L$9:$L$168,MATCH($A22&$P22,NX!$B$9:$B$169,0)),"") | V22: 4212 | W22: 911 | X22: 34503000 | Y22: =IF($V22="","",IF(ISNA(VLOOKUP($V22,mtk,1,0)),"Không có",VLOOKUP($V22,mtk,1,0))) -> 4212 | Z22: =IF($V22="","",IF(ISNA(VLOOKUP($W22,mtk,1,0)),"Không có",VLOOKUP($W22,mtk,1,0))) -> 911 | AA22: =IF(COUNTIF($H$6:$H$526,$H22)>1,"Trùng mã",0) -> 0 | AC22: =ROUND(X22*AB22,0) -> 0 | AD22: =IF($M22="","",VLOOKUP($M22,vkhncc,2,0)) | AE22: =IF($M22="","",VLOOKUP($M22,vkhncc,4,0)) | AF22: =IF($AB22<>"",VLOOKUP($M22,vkhncc,7,0),"") | AG22: =IF($AB22<>"",VLOOKUP($M22,vkhncc,8,0),"") | AH22: =IF(OR($AB22<>"",C22="nvl",C22="nhh"),$F22,"") | AI22: =IF($AB22<>"",VLOOKUP($M22,DMKH!$B$6:$F$1822,3,0),"") | AJ22: =IF(AND(H22=H23,V22=V23),W23,IF(AND(H22=H23,W22=W23),V23,"")) | AK22: =IF(AND(H22=H23,V22=V23),X23,IF(AND(H22=H23,W22=W23),X23,"")) | AL22: =D22 -> 31/03/2015 | AM22: =IF(D22="","","Ngày "&LEFT(D22,2)&" tháng "&MID(D22,4,2)&" năm "&RIGHT(D22,4)) -> Ngày 31 tháng 03 năm 2015 | AN22: =V22&M22 -> 4212 | AO22: =W22&M22 -> 911 | AP22: =IF($AB22="","",IF(OR(MID($D22,4,2)="01",MID($D22,4,2)="02",MID($D22,4,2)="03"),"1",IF(OR(MID($D22,4,2)="04",MID($D22,4,2)="05",MID($D22,4,2)="06"),"2",IF(OR(MID($D22,4,2)="07",MID($D22,4,2)="08",MID($D22,4,2)="09"),"3",IF(OR(MID($D22,4,2)="10",MID($D22,4,2)="11",MID($D22,4,2)="12"),"4"))))) | AQ22: =A22&"-"&V22 -> 3-4212 | AR22: =A22&"-"&W22 -> 3-911 | AS22: =IF(LEFT($J22,1)="n",A22&P22,"") | AT22: =IF(LEFT($J22,1)="x",A22&P22,"") | AU22: =$A22&$H22&$U22&$V22 -> 3PKT0074212 | AV22: =$A22&$U22&$W22 -> 3911 | AW22: =$A22&"-"&V22&"-"&W22 -> 3-4212-911
A23: =IF(D23>0,MONTH(D23),0) -> 4 | B23: PC | D23: 13/04/2015 | E23: 13/04/2015 | F23: 14 | G23: {=IF(B23<>"",IF(AND(OR(V23=V22,W23=W22),F23=F22,K23=K22,N23=N22),G22,MAX(IF(B23=B$6:$B22,$G$6:G22))+1),"")} -> 8 | H23: =IF(B23<>"",B23&TEXT(G23,"000"),"") -> PC008 | I23: {=IF(C23<>"",IF(AND(OR(V23=V22,W23=W22),F23=F22,K23=K22,N23=N22),I22,MAX(IF(C23=C$6:$C22,$I$6:I22))+1),"")} | J23: =IF(C23<>"",C23&TEXT(I23,"000"),"") | K23: quan.nv | L23: =IF($K23>0,VLOOKUP($K23,NV!$B$4:$C$33,2,0),"") -> Nguyễn Văn Quân | N23: =IF($M23>0,VLOOKUP($M23,vkhncc,2,0),"") | O23: Nộp tiền vào tài khoản ngân hàng | Q23: =IF($P23>0,VLOOKUP($P23,vvt,2,0),"") | T23: =IFERROR(INDEX(NX!$L$9:$L$168,MATCH($A23&$P23,NX!$B$9:$B$169,0)),"") | V23: 11211 | W23: 1111 | X23: 1000000 | Y23: =IF($V23="","",IF(ISNA(VLOOKUP($V23,mtk,1,0)),"Không có",VLOOKUP($V23,mtk,1,0))) -> 11211 | Z23: =IF($V23="","",IF(ISNA(VLOOKUP($W23,mtk,1,0)),"Không có",VLOOKUP($W23,mtk,1,0))) -> 1111 | AA23: =IF(COUNTIF($H$6:$H$526,$H23)>1,"Trùng mã",0) -> 0 | AC23: =ROUND(X23*AB23,0) -> 0 | AD23: =IF($M23="","",VLOOKUP($M23,vkhncc,2,0)) | AE23: =IF($M23="","",VLOOKUP($M23,vkhncc,4,0)) | AF23: =IF($AB23<>"",VLOOKUP($M23,vkhncc,7,0),"") | AG23: =IF($AB23<>"",VLOOKUP($M23,vkhncc,8,0),"") | AH23: =IF(OR($AB23<>"",C23="nvl",C23="nhh"),$F23,"") | AI23: =IF($AB23<>"",VLOOKUP($M23,DMKH!$B$6:$F$1822,3,0),"") | AJ23: =IF(AND(H23=H24,V23=V24),W24,IF(AND(H23=H24,W23=W24),V24,"")) | AK23: =IF(AND(H23=H24,V23=V24),X24,IF(AND(H23=H24,W23=W24),X24,"")) | AL23: =D23 -> 13/04/2015 | AM23: =IF(D23="","","Ngày "&LEFT(D23,2)&" tháng "&MID(D23,4,2)&" năm "&RIGHT(D23,4)) -> Ngày 13 tháng 04 năm 2015 | AN23: =V23&M23 -> 11211 | AO23: =W23&M23 -> 1111 | AP23: =IF($AB23="","",IF(OR(MID($D23,4,2)="01",MID($D23,4,2)="02",MID($D23,4,2)="03"),"1",IF(OR(MID($D23,4,2)="04",MID($D23,4,2)="05",MID($D23,4,2)="06"),"2",IF(OR(MID($D23,4,2)="07",MID($D23,4,2)="08",MID($D23,4,2)="09"),"3",IF(OR(MID($D23,4,2)="10",MID($D23,4,2)="11",MID($D23,4,2)="12"),"4"))))) | AQ23: =A23&"-"&V23 -> 4-11211 | AR23: =A23&"-"&W23 -> 4-1111 | AS23: =IF(LEFT($J23,1)="n",A23&P23,"") | AT23: =IF(LEFT($J23,1)="x",A23&P23,"") | AU23: =$A23&$H23&$U23&$V23 -> 4PC00811211 | AV23: =$A23&$U23&$W23 -> 41111 | AW23: =$A23&"-"&V23&"-"&W23 -> 4-11211-1111
A24: =IF(D24>0,MONTH(D24),0) -> 4 | B24: GBC | D24: 25/04/2015 | E24: 25/04/2015 | F24: 15 | G24: {=IF(B24<>"",IF(AND(OR(V24=V23,W24=W23),F24=F23,K24=K23,N24=N23),G23,MAX(IF(B24=B$6:$B23,$G$6:G23))+1),"")} -> 1 | H24: =IF(B24<>"",B24&TEXT(G24,"000"),"") -> GBC001 | I24: {=IF(C24<>"",IF(AND(OR(V24=V23,W24=W23),F24=F23,K24=K23,N24=N23),I23,MAX(IF(C24=C$6:$C23,$I$6:I23))+1),"")} | J24: =IF(C24<>"",C24&TEXT(I24,"000"),"") | L24: =IF($K24>0,VLOOKUP($K24,NV!$B$4:$C$33,2,0),"") | N24: =IF($M24>0,VLOOKUP($M24,vkhncc,2,0),"") | O24: Lãi tiền gửi ngân hàng | Q24: =IF($P24>0,VLOOKUP($P24,vvt,2,0),"") | T24: =IFERROR(INDEX(NX!$L$9:$L$168,MATCH($A24&$P24,NX!$B$9:$B$169,0)),"") | V24: 11211 | W24: 515 | X24: 289 | Y24: =IF($V24="","",IF(ISNA(VLOOKUP($V24,mtk,1,0)),"Không có",VLOOKUP($V24,mtk,1,0))) -> 11211 | Z24: =IF($V24="","",IF(ISNA(VLOOKUP($W24,mtk,1,0)),"Không có",VLOOKUP($W24,mtk,1,0))) -> 515 | AA24: =IF(COUNTIF($H$6:$H$526,$H24)>1,"Trùng mã",0) -> 0 | AC24: =ROUND(X24*AB24,0) -> 0 | AD24: =IF($M24="","",VLOOKUP($M24,vkhncc,2,0)) | AE24: =IF($M24="","",VLOOKUP($M24,vkhncc,4,0)) | AF24: =IF($AB24<>"",VLOOKUP($M24,vkhncc,7,0),"") | AG24: =IF($AB24<>"",VLOOKUP($M24,vkhncc,8,0),"") | AH24: =IF(OR($AB24<>"",C24="nvl",C24="nhh"),$F24,"") | AI24: =IF($AB24<>"",VLOOKUP($M24,DMKH!$B$6:$F$1822,3,0),"") | AJ24: =IF(AND(H24=H25,V24=V25),W25,IF(AND(H24=H25,W24=W25),V25,"")) | AK24: =IF(AND(H24=H25,V24=V25),X25,IF(AND(H24=H25,W24=W25),X25,"")) | AL24: =D24 -> 25/04/2015 | AM24: =IF(D24="","","Ngày "&LEFT(D24,2)&" tháng "&MID(D24,4,2)&" năm "&RIGHT(D24,4)) -> Ngày 25 tháng 04 năm 2015 | AN24: =V24&M24 -> 11211 | AO24: =W24&M24 -> 515 | AP24: =IF($AB24="","",IF(OR(MID($D24,4,2)="01",MID($D24,4,2)="02",MID($D24,4,2)="03"),"1",IF(OR(MID($D24,4,2)="04",MID($D24,4,2)="05",MID($D24,4,2)="06"),"2",IF(OR(MID($D24,4,2)="07",MID($D24,4,2)="08",MID($D24,4,2)="09"),"3",IF(OR(MID($D24,4,2)="10",MID($D24,4,2)="11",MID($D24,4,2)="12"),"4"))))) | AQ24: =A24&"-"&V24 -> 4-11211 | AR24: =A24&"-"&W24 -> 4-515 | AS24: =IF(LEFT($J24,1)="n",A24&P24,"") | AT24: =IF(LEFT($J24,1)="x",A24&P24,"") | AU24: =$A24&$H24&$U24&$V24 -> 4GBC00111211 | AV24: =$A24&$U24&$W24 -> 4515 | AW24: =$A24&"-"&V24&"-"&W24 -> 4-11211-515
A25: =IF(D25>0,MONTH(D25),0) -> 4 | B25: PC | D25: 29/04/2015 | E25: 29/04/2015 | F25: v | G25: {=IF(B25<>"",IF(AND(OR(V25=V24,W25=W24),F25=F24,K25=K24,N25=N24),G24,MAX(IF(B25=B$6:$B24,$G$6:G24))+1),"")} -> 9 | H25: =IF(B25<>"",B25&TEXT(G25,"000"),"") -> PC009 | I25: {=IF(C25<>"",IF(AND(OR(V25=V24,W25=W24),F25=F24,K25=K24,N25=N24),I24,MAX(IF(C25=C$6:$C24,$I$6:I24))+1),"")} | J25: =IF(C25<>"",C25&TEXT(I25,"000"),"") | K25: quan.nv | L25: =IF($K25>0,VLOOKUP($K25,NV!$B$4:$C$33,2,0),"") -> Nguyễn Văn Quân | N25: =IF($M25>0,VLOOKUP($M25,vkhncc,2,0),"") | O25: Thưởng ngày lễ 30/4, 01/5 | Q25: =IF($P25>0,VLOOKUP($P25,vvt,2,0),"") | T25: =IFERROR(INDEX(NX!$L$9:$L$168,MATCH($A25&$P25,NX!$B$9:$B$169,0)),"") | V25: 64228 | W25: 1111 | X25: 4000000 | Y25: =IF($V25="","",IF(ISNA(VLOOKUP($V25,mtk,1,0)),"Không có",VLOOKUP($V25,mtk,1,0))) -> 64228 | Z25: =IF($V25="","",IF(ISNA(VLOOKUP($W25,mtk,1,0)),"Không có",VLOOKUP($W25,mtk,1,0))) -> 1111 | AA25: =IF(COUNTIF($H$6:$H$526,$H25)>1,"Trùng mã",0) -> 0 | AC25: =ROUND(X25*AB25,0) -> 0 | AD25: =IF($M25="","",VLOOKUP($M25,vkhncc,2,0)) | AE25: =IF($M25="","",VLOOKUP($M25,vkhncc,4,0)) | AF25: =IF($AB25<>"",VLOOKUP($M25,vkhncc,7,0),"") | AG25: =IF($AB25<>"",VLOOKUP($M25,vkhncc,8,0),"") | AH25: =IF(OR($AB25<>"",C25="nvl",C25="nhh"),$F25,"") | AI25: =IF($AB25<>"",VLOOKUP($M25,DMKH!$B$6:$F$1822,3,0),"") | AJ25: =IF(AND(H25=H26,V25=V26),W26,IF(AND(H25=H26,W25=W26),V26,"")) | AK25: =IF(AND(H25=H26,V25=V26),X26,IF(AND(H25=H26,W25=W26),X26,"")) | AL25: =D25 -> 29/04/2015 | AM25: =IF(D25="","","Ngày "&LEFT(D25,2)&" tháng "&MID(D25,4,2)&" năm "&RIGHT(D25,4)) -> Ngày 29 tháng 04 năm 2015 | AN25: =V25&M25 -> 64228 | AO25: =W25&M25 -> 1111 | AP25: =IF($AB25="","",IF(OR(MID($D25,4,2)="01",MID($D25,4,2)="02",MID($D25,4,2)="03"),"1",IF(OR(MID($D25,4,2)="04",MID($D25,4,2)="05",MID($D25,4,2)="06"),"2",IF(OR(MID($D25,4,2)="07",MID($D25,4,2)="08",MID($D25,4,2)="09"),"3",IF(OR(MID($D25,4,2)="10",MID($D25,4,2)="11",MID($D25,4,2)="12"),"4"))))) | AQ25: =A25&"-"&V25 -> 4-64228 | AR25: =A25&"-"&W25 -> 4-1111 | AS25: =IF(LEFT($J25,1)="n",A25&P25,"") | AT25: =IF(LEFT($J25,1)="x",A25&P25,"") | AU25: =$A25&$H25&$U25&$V25 -> 4PC00964228 | AV25: =$A25&$U25&$W25 -> 41111 | AW25: =$A25&"-"&V25&"-"&W25 -> 4-64228-1111
A26: =IF(D26>0,MONTH(D26),0) -> 4 | B26: PKT | D26: 30/04/2015 | E26: 30/04/2015 | F26: 16 | G26: {=IF(B26<>"",IF(AND(OR(V26=V25,W26=W25),F26=F25,K26=K25,N26=N25),G25,MAX(IF(B26=B$6:$B25,$G$6:G25))+1),"")} -> 8 | H26: =IF(B26<>"",B26&TEXT(G26,"000"),"") -> PKT008 | I26: {=IF(C26<>"",IF(AND(OR(V26=V25,W26=W25),F26=F25,K26=K25,N26=N25),I25,MAX(IF(C26=C$6:$C25,$I$6:I25))+1),"")} | J26: =IF(C26<>"",C26&TEXT(I26,"000"),"") | K26: quan.nv | L26: =IF($K26>0,VLOOKUP($K26,NV!$B$4:$C$33,2,0),"") -> Nguyễn Văn Quân | N26: =IF($M26>0,VLOOKUP($M26,vkhncc,2,0),"") | O26: Lương phải trả tháng 04/2015 | Q26: =IF($P26>0,VLOOKUP($P26,vvt,2,0),"") | T26: =IFERROR(INDEX(NX!$L$9:$L$168,MATCH($A26&$P26,NX!$B$9:$B$169,0)),"") | V26: 64221 | W26: 334 | X26: 7942000 | Y26: =IF($V26="","",IF(ISNA(VLOOKUP($V26,mtk,1,0)),"Không có",VLOOKUP($V26,mtk,1,0))) -> 64221 | Z26: =IF($V26="","",IF(ISNA(VLOOKUP($W26,mtk,1,0)),"Không có",VLOOKUP($W26,mtk,1,0))) -> 334 | AA26: =IF(COUNTIF($H$6:$H$526,$H26)>1,"Trùng mã",0) -> 0 | AC26: =ROUND(X26*AB26,0) -> 0 | AD26: =IF($M26="","",VLOOKUP($M26,vkhncc,2,0)) | AE26: =IF($M26="","",VLOOKUP($M26,vkhncc,4,0)) | AF26: =IF($AB26<>"",VLOOKUP($M26,vkhncc,7,0),"") | AG26: =IF($AB26<>"",VLOOKUP($M26,vkhncc,8,0),"") | AH26: =IF(OR($AB26<>"",C26="nvl",C26="nhh"),$F26,"") | AI26: =IF($AB26<>"",VLOOKUP($M26,DMKH!$B$6:$F$1822,3,0),"") | AJ26: =IF(AND(H26=H27,V26=V27),W27,IF(AND(H26=H27,W26=W27),V27,"")) | AK26: =IF(AND(H26=H27,V26=V27),X27,IF(AND(H26=H27,W26=W27),X27,"")) | AL26: =D26 -> 30/04/2015 | AM26: =IF(D26="","","Ngày "&LEFT(D26,2)&" tháng "&MID(D26,4,2)&" năm "&RIGHT(D26,4)) -> Ngày 30 tháng 04 năm 2015 | AN26: =V26&M26 -> 64221 | AO26: =W26&M26 -> 334 | AP26: =IF($AB26="","",IF(OR(MID($D26,4,2)="01",MID($D26,4,2)="02",MID($D26,4,2)="03"),"1",IF(OR(MID($D26,4,2)="04",MID($D26,4,2)="05",MID($D26,4,2)="06"),"2",IF(OR(MID($D26,4,2)="07",MID($D26,4,2)="08",MID($D26,4,2)="09"),"3",IF(OR(MID($D26,4,2)="10",MID($D26,4,2)="11",MID($D26,4,2)="12"),"4"))))) | AQ26: =A26&"-"&V26 -> 4-64221 | AR26: =A26&"-"&W26 -> 4-334 | AS26: =IF(LEFT($J26,1)="n",A26&P26,"") | AT26: =IF(LEFT($J26,1)="x",A26&P26,"") | AU26: =$A26&$H26&$U26&$V26 -> 4PKT00864221 | AV26: =$A26&$U26&$W26 -> 4334 | AW26: =$A26&"-"&V26&"-"&W26 -> 4-64221-334
A27: =IF(D27>0,MONTH(D27),0) -> 4 | B27: PC | D27: 30/04/2015 | E27: 30/04/2015 | F27: 17 | G27: {=IF(B27<>"",IF(AND(OR(V27=V26,W27=W26),F27=F26,K27=K26,N27=N26),G26,MAX(IF(B27=B$6:$B26,$G$6:G26))+1),"")} -> 10 | H27: =IF(B27<>"",B27&TEXT(G27,"000"),"") -> PC010 | I27: {=IF(C27<>"",IF(AND(OR(V27=V26,W27=W26),F27=F26,K27=K26,N27=N26),I26,MAX(IF(C27=C$6:$C26,$I$6:I26))+1),"")} | J27: =IF(C27<>"",C27&TEXT(I27,"000"),"") | K27: quan.nv | L27: =IF($K27>0,VLOOKUP($K27,NV!$B$4:$C$33,2,0),"") -> Nguyễn Văn Quân | N27: =IF($M27>0,VLOOKUP($M27,vkhncc,2,0),"") | O27: Thanh toán lương tháng 04/2015 | Q27: =IF($P27>0,VLOOKUP($P27,vvt,2,0),"") | T27: =IFERROR(INDEX(NX!$L$9:$L$168,MATCH($A27&$P27,NX!$B$9:$B$169,0)),"") | V27: 334 | W27: 1111 | X27: 7942000 | Y27: =IF($V27="","",IF(ISNA(VLOOKUP($V27,mtk,1,0)),"Không có",VLOOKUP($V27,mtk,1,0))) -> 334 | Z27: =IF($V27="","",IF(ISNA(VLOOKUP($W27,mtk,1,0)),"Không có",VLOOKUP($W27,mtk,1,0))) -> 1111 | AA27: =IF(COUNTIF($H$6:$H$526,$H27)>1,"Trùng mã",0) -> 0 | AC27: =ROUND(X27*AB27,0) -> 0 | AD27: =IF($M27="","",VLOOKUP($M27,vkhncc,2,0)) | AE27: =IF($M27="","",VLOOKUP($M27,vkhncc,4,0)) | AF27: =IF($AB27<>"",VLOOKUP($M27,vkhncc,7,0),"") | AG27: =IF($AB27<>"",VLOOKUP($M27,vkhncc,8,0),"") | AH27: =IF(OR($AB27<>"",C27="nvl",C27="nhh"),$F27,"") | AI27: =IF($AB27<>"",VLOOKUP($M27,DMKH!$B$6:$F$1822,3,0),"") | AJ27: =IF(AND(H27=H28,V27=V28),W28,IF(AND(H27=H28,W27=W28),V28,"")) | AK27: =IF(AND(H27=H28,V27=V28),X28,IF(AND(H27=H28,W27=W28),X28,"")) | AL27: =D27 -> 30/04/2015 | AM27: =IF(D27="","","Ngày "&LEFT(D27,2)&" tháng "&MID(D27,4,2)&" năm "&RIGHT(D27,4)) -> Ngày 30 tháng 04 năm 2015 | AN27: =V27&M27 -> 334 | AO27: =W27&M27 -> 1111 | AP27: =IF($AB27="","",IF(OR(MID($D27,4,2)="01",MID($D27,4,2)="02",MID($D27,4,2)="03"),"1",IF(OR(MID($D27,4,2)="04",MID($D27,4,2)="05",MID($D27,4,2)="06"),"2",IF(OR(MID($D27,4,2)="07",MID($D27,4,2)="08",MID($D27,4,2)="09"),"3",IF(OR(MID($D27,4,2)="10",MID($D27,4,2)="11",MID($D27,4,2)="12"),"4"))))) | AQ27: =A27&"-"&V27 -> 4-334 | AR27: =A27&"-"&W27 -> 4-1111 | AS27: =IF(LEFT($J27,1)="n",A27&P27,"") | AT27: =IF(LEFT($J27,1)="x",A27&P27,"") | AU27: =$A27&$H27&$U27&$V27 -> 4PC010334 | AV27: =$A27&$U27&$W27 -> 41111 | AW27: =$A27&"-"&V27&"-"&W27 -> 4-334-1111
A28: =IF(D28>0,MONTH(D28),0) -> 5 | B28: GBN | D28: 23/05/2015 | E28: 23/05/2015 | F28: 18 | G28: {=IF(B28<>"",IF(AND(OR(V28=V27,W28=W27),F28=F27,K28=K27,N28=N27),G27,MAX(IF(B28=B$6:$B27,$G$6:G27))+1),"")} -> 1 | H28: =IF(B28<>"",B28&TEXT(G28,"000"),"") -> GBN001 | I28: {=IF(C28<>"",IF(AND(OR(V28=V27,W28=W27),F28=F27,K28=K27,N28=N27),I27,MAX(IF(C28=C$6:$C27,$I$6:I27))+1),"")} | J28: =IF(C28<>"",C28&TEXT(I28,"000"),"") | L28: =IF($K28>0,VLOOKUP($K28,NV!$B$4:$C$33,2,0),"") | N28: =IF($M28>0,VLOOKUP($M28,vkhncc,2,0),"") | O28: Phí SMS tháng 4/2015 | Q28: =IF($P28>0,VLOOKUP($P28,vvt,2,0),"") | T28: =IFERROR(INDEX(NX!$L$9:$L$168,MATCH($A28&$P28,NX!$B$9:$B$169,0)),"") | V28: 64227 | W28: 11211 | X28: 55000 | Y28: =IF($V28="","",IF(ISNA(VLOOKUP($V28,mtk,1,0)),"Không có",VLOOKUP($V28,mtk,1,0))) -> 64227 | Z28: =IF($V28="","",IF(ISNA(VLOOKUP($W28,mtk,1,0)),"Không có",VLOOKUP($W28,mtk,1,0))) -> 11211 | AA28: =IF(COUNTIF($H$6:$H$526,$H28)>1,"Trùng mã",0) -> 0 | AC28: =ROUND(X28*AB28,0) -> 0 | AD28: =IF($M28="","",VLOOKUP($M28,vkhncc,2,0)) | AE28: =IF($M28="","",VLOOKUP($M28,vkhncc,4,0)) | AF28: =IF($AB28<>"",VLOOKUP($M28,vkhncc,7,0),"") | AG28: =IF($AB28<>"",VLOOKUP($M28,vkhncc,8,0),"") | AH28: =IF(OR($AB28<>"",C28="nvl",C28="nhh"),$F28,"") | AI28: =IF($AB28<>"",VLOOKUP($M28,DMKH!$B$6:$F$1822,3,0),"") | AJ28: =IF(AND(H28=H29,V28=V29),W29,IF(AND(H28=H29,W28=W29),V29,"")) | AK28: =IF(AND(H28=H29,V28=V29),X29,IF(AND(H28=H29,W28=W29),X29,"")) | AL28: =D28 -> 23/05/2015 | AM28: =IF(D28="","","Ngày "&LEFT(D28,2)&" tháng "&MID(D28,4,2)&" năm "&RIGHT(D28,4)) -> Ngày 23 tháng 05 năm 2015 | AN28: =V28&M28 -> 64227 | AO28: =W28&M28 -> 11211 | AP28: =IF($AB28="","",IF(OR(MID($D28,4,2)="01",MID($D28,4,2)="02",MID($D28,4,2)="03"),"1",IF(OR(MID($D28,4,2)="04",MID($D28,4,2)="05",MID($D28,4,2)="06"),"2",IF(OR(MID($D28,4,2)="07",MID($D28,4,2)="08",MID($D28,4,2)="09"),"3",IF(OR(MID($D28,4,2)="10",MID($D28,4,2)="11",MID($D28,4,2)="12"),"4"))))) | AQ28: =A28&"-"&V28 -> 5-64227 | AR28: =A28&"-"&W28 -> 5-11211 | AS28: =IF(LEFT($J28,1)="n",A28&P28,"") | AT28: =IF(LEFT($J28,1)="x",A28&P28,"") | AU28: =$A28&$H28&$U28&$V28 -> 5GBN00164227 | AV28: =$A28&$U28&$W28 -> 511211 | AW28: =$A28&"-"&V28&"-"&W28 -> 5-64227-11211
A29: =IF(D29>0,MONTH(D29),0) -> 5 | B29: GBC | D29: 25/05/2015 | E29: 25/05/2015 | F29: 19 | G29: {=IF(B29<>"",IF(AND(OR(V29=V28,W29=W28),F29=F28,K29=K28,N29=N28),G28,MAX(IF(B29=B$6:$B28,$G$6:G28))+1),"")} -> 2 | H29: =IF(B29<>"",B29&TEXT(G29,"000"),"") -> GBC002 | I29: {=IF(C29<>"",IF(AND(OR(V29=V28,W29=W28),F29=F28,K29=K28,N29=N28),I28,MAX(IF(C29=C$6:$C28,$I$6:I28))+1),"")} | J29: =IF(C29<>"",C29&TEXT(I29,"000"),"") | L29: =IF($K29>0,VLOOKUP($K29,NV!$B$4:$C$33,2,0),"") | N29: =IF($M29>0,VLOOKUP($M29,vkhncc,2,0),"") | O29: Lãi tiền gửi ngân hàng | Q29: =IF($P29>0,VLOOKUP($P29,vvt,2,0),"") | T29: =IFERROR(INDEX(NX!$L$9:$L$168,MATCH($A29&$P29,NX!$B$9:$B$169,0)),"") | V29: 11211 | W29: 515 | X29: 663 | Y29: =IF($V29="","",IF(ISNA(VLOOKUP($V29,mtk,1,0)),"Không có",VLOOKUP($V29,mtk,1,0))) -> 11211 | Z29: =IF($V29="","",IF(ISNA(VLOOKUP($W29,mtk,1,0)),"Không có",VLOOKUP($W29,mtk,1,0))) -> 515 | AA29: =IF(COUNTIF($H$6:$H$526,$H29)>1,"Trùng mã",0) -> 0 | AC29: =ROUND(X29*AB29,0) -> 0 | AD29: =IF($M29="","",VLOOKUP($M29,vkhncc,2,0)) | AE29: =IF($M29="","",VLOOKUP($M29,vkhncc,4,0)) | AF29: =IF($AB29<>"",VLOOKUP($M29,vkhncc,7,0),"") | AG29: =IF($AB29<>"",VLOOKUP($M29,vkhncc,8,0),"") | AH29: =IF(OR($AB29<>"",C29="nvl",C29="nhh"),$F29,"") | AI29: =IF($AB29<>"",VLOOKUP($M29,DMKH!$B$6:$F$1822,3,0),"") | AJ29: =IF(AND(H29=H30,V29=V30),W30,IF(AND(H29=H30,W29=W30),V30,"")) | AK29: =IF(AND(H29=H30,V29=V30),X30,IF(AND(H29=H30,W29=W30),X30,"")) | AL29: =D29 -> 25/05/2015 | AM29: =IF(D29="","","Ngày "&LEFT(D29,2)&" tháng "&MID(D29,4,2)&" năm "&RIGHT(D29,4)) -> Ngày 25 tháng 05 năm 2015 | AN29: =V29&M29 -> 11211 | AO29: =W29&M29 -> 515 | AP29: =IF($AB29="","",IF(OR(MID($D29,4,2)="01",MID($D29,4,2)="02",MID($D29,4,2)="03"),"1",IF(OR(MID($D29,4,2)="04",MID($D29,4,2)="05",MID($D29,4,2)="06"),"2",IF(OR(MID($D29,4,2)="07",MID($D29,4,2)="08",MID($D29,4,2)="09"),"3",IF(OR(MID($D29,4,2)="10",MID($D29,4,2)="11",MID($D29,4,2)="12"),"4"))))) | AQ29: =A29&"-"&V29 -> 5-11211 | AR29: =A29&"-"&W29 -> 5-515 | AS29: =IF(LEFT($J29,1)="n",A29&P29,"") | AT29: =IF(LEFT($J29,1)="x",A29&P29,"") | AU29: =$A29&$H29&$U29&$V29 -> 5GBC00211211 | AV29: =$A29&$U29&$W29 -> 5515 | AW29: =$A29&"-"&V29&"-"&W29 -> 5-11211-515
A30: =IF(D30>0,MONTH(D30),0) -> 5 | B30: PKT | D30: 31/05/2015 | E30: 31/05/2015 | F30: 20 | G30: {=IF(B30<>"",IF(AND(OR(V30=V29,W30=W29),F30=F29,K30=K29,N30=N29),G29,MAX(IF(B30=B$6:$B29,$G$6:G29))+1),"")} -> 9 | H30: =IF(B30<>"",B30&TEXT(G30,"000"),"") -> PKT009 | I30: {=IF(C30<>"",IF(AND(OR(V30=V29,W30=W29),F30=F29,K30=K29,N30=N29),I29,MAX(IF(C30=C$6:$C29,$I$6:I29))+1),"")} | J30: =IF(C30<>"",C30&TEXT(I30,"000"),"") | K30: quan.nv | L30: =IF($K30>0,VLOOKUP($K30,NV!$B$4:$C$33,2,0),"") -> Nguyễn Văn Quân | N30: =IF($M30>0,VLOOKUP($M30,vkhncc,2,0),"") | O30: Lương phải trả tháng 05/2015 | Q30: =IF($P30>0,VLOOKUP($P30,vvt,2,0),"") | T30: =IFERROR(INDEX(NX!$L$9:$L$168,MATCH($A30&$P30,NX!$B$9:$B$169,0)),"") | U30: HD0504/HĐKT | V30: 1542 | W30: 334 | X30: 2885000 | Y30: =IF($V30="","",IF(ISNA(VLOOKUP($V30,mtk,1,0)),"Không có",VLOOKUP($V30,mtk,1,0))) -> 1542 | Z30: =IF($V30="","",IF(ISNA(VLOOKUP($W30,mtk,1,0)),"Không có",VLOOKUP($W30,mtk,1,0))) -> 334 | AA30: =IF(COUNTIF($H$6:$H$526,$H30)>1,"Trùng mã",0) -> Trùng mã | AC30: =ROUND(X30*AB30,0) -> 0 | AD30: =IF($M30="","",VLOOKUP($M30,vkhncc,2,0)) | AE30: =IF($M30="","",VLOOKUP($M30,vkhncc,4,0)) | AF30: =IF($AB30<>"",VLOOKUP($M30,vkhncc,7,0),"") | AG30: =IF($AB30<>"",VLOOKUP($M30,vkhncc,8,0),"") | AH30: =IF(OR($AB30<>"",C30="nvl",C30="nhh"),$F30,"") | AI30: =IF($AB30<>"",VLOOKUP($M30,DMKH!$B$6:$F$1822,3,0),"") | AJ30: =IF(AND(H30=H31,V30=V31),W31,IF(AND(H30=H31,W30=W31),V31,"")) -> 64221 | AK30: =IF(AND(H30=H31,V30=V31),X31,IF(AND(H30=H31,W30=W31),X31,"")) -> 4335000 | AL30: =D30 -> 31/05/2015 | AM30: =IF(D30="","","Ngày "&LEFT(D30,2)&" tháng "&MID(D30,4,2)&" năm "&RIGHT(D30,4)) -> Ngày 31 tháng 05 năm 2015 | AN30: =V30&M30 -> 1542 | AO30: =W30&M30 -> 334 | AP30: =IF($AB30="","",IF(OR(MID($D30,4,2)="01",MID($D30,4,2)="02",MID($D30,4,2)="03"),"1",IF(OR(MID($D30,4,2)="04",MID($D30,4,2)="05",MID($D30,4,2)="06"),"2",IF(OR(MID($D30,4,2)="07",MID($D30,4,2)="08",MID($D30,4,2)="09"),"3",IF(OR(MID($D30,4,2)="10",MID($D30,4,2)="11",MID($D30,4,2)="12"),"4"))))) | AQ30: =A30&"-"&V30 -> 5-1542 | AR30: =A30&"-"&W30 -> 5-334 | AS30: =IF(LEFT($J30,1)="n",A30&P30,"") | AT30: =IF(LEFT($J30,1)="x",A30&P30,"") | AU30: =$A30&$H30&$U30&$V30 -> 5PKT009HD0504/HĐKT1542 | AV30: =$A30&$U30&$W30 -> 5HD0504/HĐKT334 | AW30: =$A30&"-"&V30&"-"&W30 -> 5-1542-334
A31: =IF(D31>0,MONTH(D31),0) -> 5 | B31: PKT | D31: 31/05/2015 | E31: 31/05/2015 | F31: 20 | G31: {=IF(B31<>"",IF(AND(OR(V31=V30,W31=W30),F31=F30,K31=K30,N31=N30),G30,MAX(IF(B31=B$6:$B30,$G$6:G30))+1),"")} -> 9 | H31: =IF(B31<>"",B31&TEXT(G31,"000"),"") -> PKT009 | I31: {=IF(C31<>"",IF(AND(OR(V31=V30,W31=W30),F31=F30,K31=K30,N31=N30),I30,MAX(IF(C31=C$6:$C30,$I$6:I30))+1),"")} | J31: =IF(C31<>"",C31&TEXT(I31,"000"),"") | K31: quan.nv | L31: =IF($K31>0,VLOOKUP($K31,NV!$B$4:$C$33,2,0),"") -> Nguyễn Văn Quân | N31: =IF($M31>0,VLOOKUP($M31,vkhncc,2,0),"") | O31: Lương phải trả tháng 05/2015 | Q31: =IF($P31>0,VLOOKUP($P31,vvt,2,0),"") | T31: =IFERROR(INDEX(NX!$L$9:$L$168,MATCH($A31&$P31,NX!$B$9:$B$169,0)),"") | V31: 64221 | W31: 334 | X31: 4335000 | Y31: =IF($V31="","",IF(ISNA(VLOOKUP($V31,mtk,1,0)),"Không có",VLOOKUP($V31,mtk,1,0))) -> 64221 | Z31: =IF($V31="","",IF(ISNA(VLOOKUP($W31,mtk,1,0)),"Không có",VLOOKUP($W31,mtk,1,0))) -> 334 | AA31: =IF(COUNTIF($H$6:$H$526,$H31)>1,"Trùng mã",0) -> Trùng mã | AC31: =ROUND(X31*AB31,0) -> 0 | AD31: =IF($M31="","",VLOOKUP($M31,vkhncc,2,0)) | AE31: =IF($M31="","",VLOOKUP($M31,vkhncc,4,0)) | AF31: =IF($AB31<>"",VLOOKUP($M31,vkhncc,7,0),"") | AG31: =IF($AB31<>"",VLOOKUP($M31,vkhncc,8,0),"") | AH31: =IF(OR($AB31<>"",C31="nvl",C31="nhh"),$F31,"") | AI31: =IF($AB31<>"",VLOOKUP($M31,DMKH!$B$6:$F$1822,3,0),"") | AJ31: =IF(AND(H31=H32,V31=V32),W32,IF(AND(H31=H32,W31=W32),V32,"")) | AK31: =IF(AND(H31=H32,V31=V32),X32,IF(AND(H31=H32,W31=W32),X32,"")) | AL31: =D31 -> 31/05/2015 | AM31: =IF(D31="","","Ngày "&LEFT(D31,2)&" tháng "&MID(D31,4,2)&" năm "&RIGHT(D31,4)) -> Ngày 31 tháng 05 năm 2015 | AN31: =V31&M31 -> 64221 | AO31: =W31&M31 -> 334 | AP31: =IF($AB31="","",IF(OR(MID($D31,4,2)="01",MID($D31,4,2)="02",MID($D31,4,2)="03"),"1",IF(OR(MID($D31,4,2)="04",MID($D31,4,2)="05",MID($D31,4,2)="06"),"2",IF(OR(MID($D31,4,2)="07",MID($D31,4,2)="08",MID($D31,4,2)="09"),"3",IF(OR(MID($D31,4,2)="10",MID($D31,4,2)="11",MID($D31,4,2)="12"),"4"))))) | AQ31: =A31&"-"&V31 -> 5-64221 | AR31: =A31&"-"&W31 -> 5-334 | AS31: =IF(LEFT($J31,1)="n",A31&P31,"") | AT31: =IF(LEFT($J31,1)="x",A31&P31,"") | AU31: =$A31&$H31&$U31&$V31 -> 5PKT00964221 | AV31: =$A31&$U31&$W31 -> 5334 | AW31: =$A31&"-"&V31&"-"&W31 -> 5-64221-334
A32: =IF(D32>0,MONTH(D32),0) -> 5 | B32: PC | D32: 31/05/2015 | E32: 31/05/2015 | F32: 21 | G32: {=IF(B32<>"",IF(AND(OR(V32=V31,W32=W31),F32=F31,K32=K31,N32=N31),G31,MAX(IF(B32=B$6:$B31,$G$6:G31))+1),"")} -> 11 | H32: =IF(B32<>"",B32&TEXT(G32,"000"),"") -> PC011 | I32: {=IF(C32<>"",IF(AND(OR(V32=V31,W32=W31),F32=F31,K32=K31,N32=N31),I31,MAX(IF(C32=C$6:$C31,$I$6:I31))+1),"")} | J32: =IF(C32<>"",C32&TEXT(I32,"000"),"") | K32: quan.nv | L32: =IF($K32>0,VLOOKUP($K32,NV!$B$4:$C$33,2,0),"") -> Nguyễn Văn Quân | N32: =IF($M32>0,VLOOKUP($M32,vkhncc,2,0),"") | O32: Thanh toán lương tháng 05/2015 | Q32: =IF($P32>0,VLOOKUP($P32,vvt,2,0),"") | T32: =IFERROR(INDEX(NX!$L$9:$L$168,MATCH($A32&$P32,NX!$B$9:$B$169,0)),"") | V32: 334 | W32: 1111 | X32: 7220000 | Y32: =IF($V32="","",IF(ISNA(VLOOKUP($V32,mtk,1,0)),"Không có",VLOOKUP($V32,mtk,1,0))) -> 334 | Z32: =IF($V32="","",IF(ISNA(VLOOKUP($W32,mtk,1,0)),"Không có",VLOOKUP($W32,mtk,1,0))) -> 1111 | AA32: =IF(COUNTIF($H$6:$H$526,$H32)>1,"Trùng mã",0) -> 0 | AC32: =ROUND(X32*AB32,0) -> 0 | AD32: =IF($M32="","",VLOOKUP($M32,vkhncc,2,0)) | AE32: =IF($M32="","",VLOOKUP($M32,vkhncc,4,0)) | AF32: =IF($AB32<>"",VLOOKUP($M32,vkhncc,7,0),"") | AG32: =IF($AB32<>"",VLOOKUP($M32,vkhncc,8,0),"") | AH32: =IF(OR($AB32<>"",C32="nvl",C32="nhh"),$F32,"") | AI32: =IF($AB32<>"",VLOOKUP($M32,DMKH!$B$6:$F$1822,3,0),"") | AJ32: =IF(AND(H32=H33,V32=V33),W33,IF(AND(H32=H33,W32=W33),V33,"")) | AK32: =IF(AND(H32=H33,V32=V33),X33,IF(AND(H32=H33,W32=W33),X33,"")) | AL32: =D32 -> 31/05/2015 | AM32: =IF(D32="","","Ngày "&LEFT(D32,2)&" tháng "&MID(D32,4,2)&" năm "&RIGHT(D32,4)) -> Ngày 31 tháng 05 năm 2015 | AN32: =V32&M32 -> 334 | AO32: =W32&M32 -> 1111 | AP32: =IF($AB32="","",IF(OR(MID($D32,4,2)="01",MID($D32,4,2)="02",MID($D32,4,2)="03"),"1",IF(OR(MID($D32,4,2)="04",MID($D32,4,2)="05",MID($D32,4,2)="06"),"2",IF(OR(MID($D32,4,2)="07",MID($D32,4,2)="08",MID($D32,4,2)="09"),"3",IF(OR(MID($D32,4,2)="10",MID($D32,4,2)="11",MID($D32,4,2)="12"),"4"))))) | AQ32: =A32&"-"&V32 -> 5-334 | AR32: =A32&"-"&W32 -> 5-1111 | AS32: =IF(LEFT($J32,1)="n",A32&P32,"") | AT32: =IF(LEFT($J32,1)="x",A32&P32,"") | AU32: =$A32&$H32&$U32&$V32 -> 5PC011334 | AV32: =$A32&$U32&$W32 -> 51111 | AW32: =$A32&"-"&V32&"-"&W32 -> 5-334-1111
A33: =IF(D33>0,MONTH(D33),0) -> 6 | B33: GBN | D33: 13/06/2015 | E33: 13/06/2015 | F33: 22 | G33: {=IF(B33<>"",IF(AND(OR(V33=V32,W33=W32),F33=F32,K33=K32,N33=N32),G32,MAX(IF(B33=B$6:$B32,$G$6:G32))+1),"")} -> 2 | H33: =IF(B33<>"",B33&TEXT(G33,"000"),"") -> GBN002 | I33: {=IF(C33<>"",IF(AND(OR(V33=V32,W33=W32),F33=F32,K33=K32,N33=N32),I32,MAX(IF(C33=C$6:$C32,$I$6:I32))+1),"")} | J33: =IF(C33<>"",C33&TEXT(I33,"000"),"") | L33: =IF($K33>0,VLOOKUP($K33,NV!$B$4:$C$33,2,0),"") | N33: =IF($M33>0,VLOOKUP($M33,vkhncc,2,0),"") | O33: Phí SMS tháng 5/2015 | Q33: =IF($P33>0,VLOOKUP($P33,vvt,2,0),"") | T33: =IFERROR(INDEX(NX!$L$9:$L$168,MATCH($A33&$P33,NX!$B$9:$B$169,0)),"") | V33: 64227 | W33: 11211 | X33: 55000 | Y33: =IF($V33="","",IF(ISNA(VLOOKUP($V33,mtk,1,0)),"Không có",VLOOKUP($V33,mtk,1,0))) -> 64227 | Z33: =IF($V33="","",IF(ISNA(VLOOKUP($W33,mtk,1,0)),"Không có",VLOOKUP($W33,mtk,1,0))) -> 11211 | AA33: =IF(COUNTIF($H$6:$H$526,$H33)>1,"Trùng mã",0) -> 0 | AC33: =ROUND(X33*AB33,0) -> 0 | AD33: =IF($M33="","",VLOOKUP($M33,vkhncc,2,0)) | AE33: =IF($M33="","",VLOOKUP($M33,vkhncc,4,0)) | AF33: =IF($AB33<>"",VLOOKUP($M33,vkhncc,7,0),"") | AG33: =IF($AB33<>"",VLOOKUP($M33,vkhncc,8,0),"") | AH33: =IF(OR($AB33<>"",C33="nvl",C33="nhh"),$F33,"") | AI33: =IF($AB33<>"",VLOOKUP($M33,DMKH!$B$6:$F$1822,3,0),"") | AJ33: =IF(AND(H33=H34,V33=V34),W34,IF(AND(H33=H34,W33=W34),V34,"")) | AK33: =IF(AND(H33=H34,V33=V34),X34,IF(AND(H33=H34,W33=W34),X34,"")) | AL33: =D33 -> 13/06/2015 | AM33: =IF(D33="","","Ngày "&LEFT(D33,2)&" tháng "&MID(D33,4,2)&" năm "&RIGHT(D33,4)) -> Ngày 13 tháng 06 năm 2015 | AN33: =V33&M33 -> 64227 | AO33: =W33&M33 -> 11211 | AP33: =IF($AB33="","",IF(OR(MID($D33,4,2)="01",MID($D33,4,2)="02",MID($D33,4,2)="03"),"1",IF(OR(MID($D33,4,2)="04",MID($D33,4,2)="05",MID($D33,4,2)="06"),"2",IF(OR(MID($D33,4,2)="07",MID($D33,4,2)="08",MID($D33,4,2)="09"),"3",IF(OR(MID($D33,4,2)="10",MID($D33,4,2)="11",MID($D33,4,2)="12"),"4"))))) | AQ33: =A33&"-"&V33 -> 6-64227 | AR33: =A33&"-"&W33 -> 6-11211 | AS33: =IF(LEFT($J33,1)="n",A33&P33,"") | AT33: =IF(LEFT($J33,1)="x",A33&P33,"") | AU33: =$A33&$H33&$U33&$V33 -> 6GBN00264227 | AV33: =$A33&$U33&$W33 -> 611211 | AW33: =$A33&"-"&V33&"-"&W33 -> 6-64227-11211
A34: =IF(D34>0,MONTH(D34),0) -> 6 | B34: GBC | D34: 25/06/2015 | E34: 25/06/2015 | F34: 23 | G34: {=IF(B34<>"",IF(AND(OR(V34=V33,W34=W33),F34=F33,K34=K33,N34=N33),G33,MAX(IF(B34=B$6:$B33,$G$6:G33))+1),"")} -> 3 | H34: =IF(B34<>"",B34&TEXT(G34,"000"),"") -> GBC003 | I34: {=IF(C34<>"",IF(AND(OR(V34=V33,W34=W33),F34=F33,K34=K33,N34=N33),I33,MAX(IF(C34=C$6:$C33,$I$6:I33))+1),"")} | J34: =IF(C34<>"",C34&TEXT(I34,"000"),"") | L34: =IF($K34>0,VLOOKUP($K34,NV!$B$4:$C$33,2,0),"") | N34: =IF($M34>0,VLOOKUP($M34,vkhncc,2,0),"") | O34: Lãi tiền gửi ngân hàng | Q34: =IF($P34>0,VLOOKUP($P34,vvt,2,0),"") | T34: =IFERROR(INDEX(NX!$L$9:$L$168,MATCH($A34&$P34,NX!$B$9:$B$169,0)),"") | V34: 11211 | W34: 515 | X34: 636 | Y34: =IF($V34="","",IF(ISNA(VLOOKUP($V34,mtk,1,0)),"Không có",VLOOKUP($V34,mtk,1,0))) -> 11211 | Z34: =IF($V34="","",IF(ISNA(VLOOKUP($W34,mtk,1,0)),"Không có",VLOOKUP($W34,mtk,1,0))) -> 515 | AA34: =IF(COUNTIF($H$6:$H$526,$H34)>1,"Trùng mã",0) -> 0 | AC34: =ROUND(X34*AB34,0) -> 0 | AD34: =IF($M34="","",VLOOKUP($M34,vkhncc,2,0)) | AE34: =IF($M34="","",VLOOKUP($M34,vkhncc,4,0)) | AF34: =IF($AB34<>"",VLOOKUP($M34,vkhncc,7,0),"") | AG34: =IF($AB34<>"",VLOOKUP($M34,vkhncc,8,0),"") | AH34: =IF(OR($AB34<>"",C34="nvl",C34="nhh"),$F34,"") | AI34: =IF($AB34<>"",VLOOKUP($M34,DMKH!$B$6:$F$1822,3,0),"") | AJ34: =IF(AND(H34=H35,V34=V35),W35,IF(AND(H34=H35,W34=W35),V35,"")) | AK34: =IF(AND(H34=H35,V34=V35),X35,IF(AND(H34=H35,W34=W35),X35,"")) | AL34: =D34 -> 25/06/2015 | AM34: =IF(D34="","","Ngày "&LEFT(D34,2)&" tháng "&MID(D34,4,2)&" năm "&RIGHT(D34,4)) -> Ngày 25 tháng 06 năm 2015 | AN34: =V34&M34 -> 11211 | AO34: =W34&M34 -> 515 | AP34: =IF($AB34="","",IF(OR(MID($D34,4,2)="01",MID($D34,4,2)="02",MID($D34,4,2)="03"),"1",IF(OR(MID($D34,4,2)="04",MID($D34,4,2)="05",MID($D34,4,2)="06"),"2",IF(OR(MID($D34,4,2)="07",MID($D34,4,2)="08",MID($D34,4,2)="09"),"3",IF(OR(MID($D34,4,2)="10",MID($D34,4,2)="11",MID($D34,4,2)="12"),"4"))))) | AQ34: =A34&"-"&V34 -> 6-11211 | AR34: =A34&"-"&W34 -> 6-515 | AS34: =IF(LEFT($J34,1)="n",A34&P34,"") | AT34: =IF(LEFT($J34,1)="x",A34&P34,"") | AU34: =$A34&$H34&$U34&$V34 -> 6GBC00311211 | AV34: =$A34&$U34&$W34 -> 6515 | AW34: =$A34&"-"&V34&"-"&W34 -> 6-11211-515
A35: =IF(D35>0,MONTH(D35),0) -> 6 | B35: GBC | D35: 30/06/2015 | E35: 30/06/2015 | F35: 24 | G35: {=IF(B35<>"",IF(AND(OR(V35=V34,W35=W34),F35=F34,K35=K34,N35=N34),G34,MAX(IF(B35=B$6:$B34,$G$6:G34))+1),"")} -> 4 | H35: =IF(B35<>"",B35&TEXT(G35,"000"),"") -> GBC004 | I35: {=IF(C35<>"",IF(AND(OR(V35=V34,W35=W34),F35=F34,K35=K34,N35=N34),I34,MAX(IF(C35=C$6:$C34,$I$6:I34))+1),"")} | J35: =IF(C35<>"",C35&TEXT(I35,"000"),"") | L35: =IF($K35>0,VLOOKUP($K35,NV!$B$4:$C$33,2,0),"") | M35: gas.cty | N35: =IF($M35>0,VLOOKUP($M35,vkhncc,2,0),"") -> Công ty TNHH DHV - GAS | O35: Cty TNHH DHV - GAS ứng trước tiền thiết kế | Q35: =IF($P35>0,VLOOKUP($P35,vvt,2,0),"") | T35: =IFERROR(INDEX(NX!$L$9:$L$168,MATCH($A35&$P35,NX!$B$9:$B$169,0)),"") | V35: 11211 | W35: 131 | X35: 24200000 | Y35: =IF($V35="","",IF(ISNA(VLOOKUP($V35,mtk,1,0)),"Không có",VLOOKUP($V35,mtk,1,0))) -> 11211 | Z35: =IF($V35="","",IF(ISNA(VLOOKUP($W35,mtk,1,0)),"Không có",VLOOKUP($W35,mtk,1,0))) -> 131 | AA35: =IF(COUNTIF($H$6:$H$526,$H35)>1,"Trùng mã",0) -> 0 | AC35: =ROUND(X35*AB35,0) -> 0 | AD35: =IF($M35="","",VLOOKUP($M35,vkhncc,2,0)) -> Công ty TNHH DHV - GAS | AE35: =IF($M35="","",VLOOKUP($M35,vkhncc,4,0)) -> z | AF35: =IF($AB35<>"",VLOOKUP($M35,vkhncc,7,0),"") | AG35: =IF($AB35<>"",VLOOKUP($M35,vkhncc,8,0),"") | AH35: =IF(OR($AB35<>"",C35="nvl",C35="nhh"),$F35,"") | AI35: =IF($AB35<>"",VLOOKUP($M35,DMKH!$B$6:$F$1822,3,0),"") | AJ35: =IF(AND(H35=H36,V35=V36),W36,IF(AND(H35=H36,W35=W36),V36,"")) | AK35: =IF(AND(H35=H36,V35=V36),X36,IF(AND(H35=H36,W35=W36),X36,"")) | AL35: =D35 -> 30/06/2015 | AM35: =IF(D35="","","Ngày "&LEFT(D35,2)&" tháng "&MID(D35,4,2)&" năm "&RIGHT(D35,4)) -> Ngày 30 tháng 06 năm 2015 | AN35: =V35&M35 -> 11211gas.cty | AO35: =W35&M35 -> 131gas.cty | AP35: =IF($AB35="","",IF(OR(MID($D35,4,2)="01",MID($D35,4,2)="02",MID($D35,4,2)="03"),"1",IF(OR(MID($D35,4,2)="04",MID($D35,4,2)="05",MID($D35,4,2)="06"),"2",IF(OR(MID($D35,4,2)="07",MID($D35,4,2)="08",MID($D35,4,2)="09"),"3",IF(OR(MID($D35,4,2)="10",MID($D35,4,2)="11",MID($D35,4,2)="12"),"4"))))) | AQ35: =A35&"-"&V35 -> 6-11211 | AR35: =A35&"-"&W35 -> 6-131 | AS35: =IF(LEFT($J35,1)="n",A35&P35,"") | AT35: =IF(LEFT($J35,1)="x",A35&P35,"") | AU35: =$A35&$H35&$U35&$V35 -> 6GBC00411211 | AV35: =$A35&$U35&$W35 -> 6131 | AW35: =$A35&"-"&V35&"-"&W35 -> 6-11211-131
A36: =IF(D36>0,MONTH(D36),0) -> 6 | B36: PKT | D36: 30/06/2015 | E36: 30/06/2015 | F36: 25 | G36: {=IF(B36<>"",IF(AND(OR(V36=V35,W36=W35),F36=F35,K36=K35,N36=N35),G35,MAX(IF(B36=B$6:$B35,$G$6:G35))+1),"")} -> 10 | H36: =IF(B36<>"",B36&TEXT(G36,"000"),"") -> PKT010 | I36: {=IF(C36<>"",IF(AND(OR(V36=V35,W36=W35),F36=F35,K36=K35,N36=N35),I35,MAX(IF(C36=C$6:$C35,$I$6:I35))+1),"")} | J36: =IF(C36<>"",C36&TEXT(I36,"000"),"") | K36: quan.nv | L36: =IF($K36>0,VLOOKUP($K36,NV!$B$4:$C$33,2,0),"") -> Nguyễn Văn Quân | N36: =IF($M36>0,VLOOKUP($M36,vkhncc,2,0),"") | O36: Lương phải trả tháng 06/2015 | Q36: =IF($P36>0,VLOOKUP($P36,vvt,2,0),"") | T36: =IFERROR(INDEX(NX!$L$9:$L$168,MATCH($A36&$P36,NX!$B$9:$B$169,0)),"") | U36: HD0504/HĐKT | V36: 1542 | W36: 334 | X36: 3112000 | Y36: =IF($V36="","",IF(ISNA(VLOOKUP($V36,mtk,1,0)),"Không có",VLOOKUP($V36,mtk,1,0))) -> 1542 | Z36: =IF($V36="","",IF(ISNA(VLOOKUP($W36,mtk,1,0)),"Không có",VLOOKUP($W36,mtk,1,0))) -> 334 | AA36: =IF(COUNTIF($H$6:$H$526,$H36)>1,"Trùng mã",0) -> Trùng mã | AC36: =ROUND(X36*AB36,0) -> 0 | AD36: =IF($M36="","",VLOOKUP($M36,vkhncc,2,0)) | AE36: =IF($M36="","",VLOOKUP($M36,vkhncc,4,0)) | AF36: =IF($AB36<>"",VLOOKUP($M36,vkhncc,7,0),"") | AG36: =IF($AB36<>"",VLOOKUP($M36,vkhncc,8,0),"") | AH36: =IF(OR($AB36<>"",C36="nvl",C36="nhh"),$F36,"") | AI36: =IF($AB36<>"",VLOOKUP($M36,DMKH!$B$6:$F$1822,3,0),"") | AJ36: =IF(AND(H36=H37,V36=V37),W37,IF(AND(H36=H37,W36=W37),V37,"")) -> 64221 | AK36: =IF(AND(H36=H37,V36=V37),X37,IF(AND(H36=H37,W36=W37),X37,"")) -> 4830000 | AL36: =D36 -> 30/06/2015 | AM36: =IF(D36="","","Ngày "&LEFT(D36,2)&" tháng "&MID(D36,4,2)&" năm "&RIGHT(D36,4)) -> Ngày 30 tháng 06 năm 2015 | AN36: =V36&M36 -> 1542 | AO36: =W36&M36 -> 334 | AP36: =IF($AB36="","",IF(OR(MID($D36,4,2)="01",MID($D36,4,2)="02",MID($D36,4,2)="03"),"1",IF(OR(MID($D36,4,2)="04",MID($D36,4,2)="05",MID($D36,4,2)="06"),"2",IF(OR(MID($D36,4,2)="07",MID($D36,4,2)="08",MID($D36,4,2)="09"),"3",IF(OR(MID($D36,4,2)="10",MID($D36,4,2)="11",MID($D36,4,2)="12"),"4"))))) | AQ36: =A36&"-"&V36 -> 6-1542 | AR36: =A36&"-"&W36 -> 6-334 | AS36: =IF(LEFT($J36,1)="n",A36&P36,"") | AT36: =IF(LEFT($J36,1)="x",A36&P36,"") | AU36: =$A36&$H36&$U36&$V36 -> 6PKT010HD0504/HĐKT1542 | AV36: =$A36&$U36&$W36 -> 6HD0504/HĐKT334 | AW36: =$A36&"-"&V36&"-"&W36 -> 6-1542-334
A37: =IF(D37>0,MONTH(D37),0) -> 6 | B37: PKT | D37: 30/06/2015 | E37: 30/06/2015 | F37: 25 | G37: {=IF(B37<>"",IF(AND(OR(V37=V36,W37=W36),F37=F36,K37=K36,N37=N36),G36,MAX(IF(B37=B$6:$B36,$G$6:G36))+1),"")} -> 10 | H37: =IF(B37<>"",B37&TEXT(G37,"000"),"") -> PKT010 | I37: {=IF(C37<>"",IF(AND(OR(V37=V36,W37=W36),F37=F36,K37=K36,N37=N36),I36,MAX(IF(C37=C$6:$C36,$I$6:I36))+1),"")} | J37: =IF(C37<>"",C37&TEXT(I37,"000"),"") | K37: quan.nv | L37: =IF($K37>0,VLOOKUP($K37,NV!$B$4:$C$33,2,0),"") -> Nguyễn Văn Quân | N37: =IF($M37>0,VLOOKUP($M37,vkhncc,2,0),"") | O37: Lương phải trả tháng 06/2015 | Q37: =IF($P37>0,VLOOKUP($P37,vvt,2,0),"") | T37: =IFERROR(INDEX(NX!$L$9:$L$168,MATCH($A37&$P37,NX!$B$9:$B$169,0)),"") | V37: 64221 | W37: 334 | X37: 4830000 | Y37: =IF($V37="","",IF(ISNA(VLOOKUP($V37,mtk,1,0)),"Không có",VLOOKUP($V37,mtk,1,0))) -> 64221 | Z37: =IF($V37="","",IF(ISNA(VLOOKUP($W37,mtk,1,0)),"Không có",VLOOKUP($W37,mtk,1,0))) -> 334 | AA37: =IF(COUNTIF($H$6:$H$526,$H37)>1,"Trùng mã",0) -> Trùng mã | AC37: =ROUND(X37*AB37,0) -> 0 | AD37: =IF($M37="","",VLOOKUP($M37,vkhncc,2,0)) | AE37: =IF($M37="","",VLOOKUP($M37,vkhncc,4,0)) | AF37: =IF($AB37<>"",VLOOKUP($M37,vkhncc,7,0),"") | AG37: =IF($AB37<>"",VLOOKUP($M37,vkhncc,8,0),"") | AH37: =IF(OR($AB37<>"",C37="nvl",C37="nhh"),$F37,"") | AI37: =IF($AB37<>"",VLOOKUP($M37,DMKH!$B$6:$F$1822,3,0),"") | AJ37: =IF(AND(H37=H38,V37=V38),W38,IF(AND(H37=H38,W37=W38),V38,"")) | AK37: =IF(AND(H37=H38,V37=V38),X38,IF(AND(H37=H38,W37=W38),X38,"")) | AL37: =D37 -> 30/06/2015 | AM37: =IF(D37="","","Ngày "&LEFT(D37,2)&" tháng "&MID(D37,4,2)&" năm "&RIGHT(D37,4)) -> Ngày 30 tháng 06 năm 2015 | AN37: =V37&M37 -> 64221 | AO37: =W37&M37 -> 334 | AP37: =IF($AB37="","",IF(OR(MID($D37,4,2)="01",MID($D37,4,2)="02",MID($D37,4,2)="03"),"1",IF(OR(MID($D37,4,2)="04",MID($D37,4,2)="05",MID($D37,4,2)="06"),"2",IF(OR(MID($D37,4,2)="07",MID($D37,4,2)="08",MID($D37,4,2)="09"),"3",IF(OR(MID($D37,4,2)="10",MID($D37,4,2)="11",MID($D37,4,2)="12"),"4"))))) | AQ37: =A37&"-"&V37 -> 6-64221 | AR37: =A37&"-"&W37 -> 6-334 | AS37: =IF(LEFT($J37,1)="n",A37&P37,"") | AT37: =IF(LEFT($J37,1)="x",A37&P37,"") | AU37: =$A37&$H37&$U37&$V37 -> 6PKT01064221 | AV37: =$A37&$U37&$W37 -> 6334 | AW37: =$A37&"-"&V37&"-"&W37 -> 6-64221-334
A38: =IF(D38>0,MONTH(D38),0) -> 6 | B38: PC | D38: 30/06/2015 | E38: 30/06/2015 | F38: 26 | G38: {=IF(B38<>"",IF(AND(OR(V38=V37,W38=W37),F38=F37,K38=K37,N38=N37),G37,MAX(IF(B38=B$6:$B37,$G$6:G37))+1),"")} -> 12 | H38: =IF(B38<>"",B38&TEXT(G38,"000"),"") -> PC012 | I38: {=IF(C38<>"",IF(AND(OR(V38=V37,W38=W37),F38=F37,K38=K37,N38=N37),I37,MAX(IF(C38=C$6:$C37,$I$6:I37))+1),"")} | J38: =IF(C38<>"",C38&TEXT(I38,"000"),"") | K38: quan.nv | L38: =IF($K38>0,VLOOKUP($K38,NV!$B$4:$C$33,2,0),"") -> Nguyễn Văn Quân | N38: =IF($M38>0,VLOOKUP($M38,vkhncc,2,0),"") | O38: Thanh toán lương tháng 06/2015 | Q38: =IF($P38>0,VLOOKUP($P38,vvt,2,0),"") | T38: =IFERROR(INDEX(NX!$L$9:$L$168,MATCH($A38&$P38,NX!$B$9:$B$169,0)),"") | V38: 334 | W38: 1111 | X38: 7942000 | Y38: =IF($V38="","",IF(ISNA(VLOOKUP($V38,mtk,1,0)),"Không có",VLOOKUP($V38,mtk,1,0))) -> 334 | Z38: =IF($V38="","",IF(ISNA(VLOOKUP($W38,mtk,1,0)),"Không có",VLOOKUP($W38,mtk,1,0))) -> 1111 | AA38: =IF(COUNTIF($H$6:$H$526,$H38)>1,"Trùng mã",0) -> 0 | AC38: =ROUND(X38*AB38,0) -> 0 | AD38: =IF($M38="","",VLOOKUP($M38,vkhncc,2,0)) | AE38: =IF($M38="","",VLOOKUP($M38,vkhncc,4,0)) | AF38: =IF($AB38<>"",VLOOKUP($M38,vkhncc,7,0),"") | AG38: =IF($AB38<>"",VLOOKUP($M38,vkhncc,8,0),"") | AH38: =IF(OR($AB38<>"",C38="nvl",C38="nhh"),$F38,"") | AI38: =IF($AB38<>"",VLOOKUP($M38,DMKH!$B$6:$F$1822,3,0),"") | AJ38: =IF(AND(H38=H39,V38=V39),W39,IF(AND(H38=H39,W38=W39),V39,"")) | AK38: =IF(AND(H38=H39,V38=V39),X39,IF(AND(H38=H39,W38=W39),X39,"")) | AL38: =D38 -> 30/06/2015 | AM38: =IF(D38="","","Ngày "&LEFT(D38,2)&" tháng "&MID(D38,4,2)&" năm "&RIGHT(D38,4)) -> Ngày 30 tháng 06 năm 2015 | AN38: =V38&M38 -> 334 | AO38: =W38&M38 -> 1111 | AP38: =IF($AB38="","",IF(OR(MID($D38,4,2)="01",MID($D38,4,2)="02",MID($D38,4,2)="03"),"1",IF(OR(MID($D38,4,2)="04",MID($D38,4,2)="05",MID($D38,4,2)="06"),"2",IF(OR(MID($D38,4,2)="07",MID($D38,4,2)="08",MID($D38,4,2)="09"),"3",IF(OR(MID($D38,4,2)="10",MID($D38,4,2)="11",MID($D38,4,2)="12"),"4"))))) | AQ38: =A38&"-"&V38 -> 6-334 | AR38: =A38&"-"&W38 -> 6-1111 | AS38: =IF(LEFT($J38,1)="n",A38&P38,"") | AT38: =IF(LEFT($J38,1)="x",A38&P38,"") | AU38: =$A38&$H38&$U38&$V38 -> 6PC012334 | AV38: =$A38&$U38&$W38 -> 61111 | AW38: =$A38&"-"&V38&"-"&W38 -> 6-334-1111
A39: =IF(D39>0,MONTH(D39),0) -> 6 | B39: PKT | D39: 30/06/2015 | E39: 30/06/2015 | F39: 27 | G39: {=IF(B39<>"",IF(AND(OR(V39=V38,W39=W38),F39=F38,K39=K38,N39=N38),G38,MAX(IF(B39=B$6:$B38,$G$6:G38))+1),"")} -> 11 | H39: =IF(B39<>"",B39&TEXT(G39,"000"),"") -> PKT011 | I39: {=IF(C39<>"",IF(AND(OR(V39=V38,W39=W38),F39=F38,K39=K38,N39=N38),I38,MAX(IF(C39=C$6:$C38,$I$6:I38))+1),"")} | J39: =IF(C39<>"",C39&TEXT(I39,"000"),"") | K39: quan.nv | L39: =IF($K39>0,VLOOKUP($K39,NV!$B$4:$C$33,2,0),"") -> Nguyễn Văn Quân | N39: =IF($M39>0,VLOOKUP($M39,vkhncc,2,0),"") | O39: Kết chuyển chi phí lương nhân viên quản lý | Q39: =IF($P39>0,VLOOKUP($P39,vvt,2,0),"") | T39: =IFERROR(INDEX(NX!$L$9:$L$168,MATCH($A39&$P39,NX!$B$9:$B$169,0)),"") | V39: 911 | W39: 64221 | X39: 17107000 | Y39: =IF($V39="","",IF(ISNA(VLOOKUP($V39,mtk,1,0)),"Không có",VLOOKUP($V39,mtk,1,0))) -> 911 | Z39: =IF($V39="","",IF(ISNA(VLOOKUP($W39,mtk,1,0)),"Không có",VLOOKUP($W39,mtk,1,0))) -> 64221 | AA39: =IF(COUNTIF($H$6:$H$526,$H39)>1,"Trùng mã",0) -> 0 | AC39: =ROUND(X39*AB39,0) -> 0 | AD39: =IF($M39="","",VLOOKUP($M39,vkhncc,2,0)) | AE39: =IF($M39="","",VLOOKUP($M39,vkhncc,4,0)) | AF39: =IF($AB39<>"",VLOOKUP($M39,vkhncc,7,0),"") | AG39: =IF($AB39<>"",VLOOKUP($M39,vkhncc,8,0),"") | AH39: =IF(OR($AB39<>"",C39="nvl",C39="nhh"),$F39,"") | AI39: =IF($AB39<>"",VLOOKUP($M39,DMKH!$B$6:$F$1822,3,0),"") | AJ39: =IF(AND(H39=H40,V39=V40),W40,IF(AND(H39=H40,W39=W40),V40,"")) | AK39: =IF(AND(H39=H40,V39=V40),X40,IF(AND(H39=H40,W39=W40),X40,"")) | AL39: =D39 -> 30/06/2015 | AM39: =IF(D39="","","Ngày "&LEFT(D39,2)&" tháng "&MID(D39,4,2)&" năm "&RIGHT(D39,4)) -> Ngày 30 tháng 06 năm 2015 | AN39: =V39&M39 -> 911 | AO39: =W39&M39 -> 64221 | AP39: =IF($AB39="","",IF(OR(MID($D39,4,2)="01",MID($D39,4,2)="02",MID($D39,4,2)="03"),"1",IF(OR(MID($D39,4,2)="04",MID($D39,4,2)="05",MID($D39,4,2)="06"),"2",IF(OR(MID($D39,4,2)="07",MID($D39,4,2)="08",MID($D39,4,2)="09"),"3",IF(OR(MID($D39,4,2)="10",MID($D39,4,2)="11",MID($D39,4,2)="12"),"4"))))) | AQ39: =A39&"-"&V39 -> 6-911 | AR39: =A39&"-"&W39 -> 6-64221 | AS39: =IF(LEFT($J39,1)="n",A39&P39,"") | AT39: =IF(LEFT($J39,1)="x",A39&P39,"") | AU39: =$A39&$H39&$U39&$V39 -> 6PKT011911 | AV39: =$A39&$U39&$W39 -> 664221 | AW39: =$A39&"-"&V39&"-"&W39 -> 6-911-64221
A40: =IF(D40>0,MONTH(D40),0) -> 6 | B40: PKT | D40: 30/06/2015 | E40: 30/06/2015 | F40: 28 | G40: {=IF(B40<>"",IF(AND(OR(V40=V39,W40=W39),F40=F39,K40=K39,N40=N39),G39,MAX(IF(B40=B$6:$B39,$G$6:G39))+1),"")} -> 12 | H40: =IF(B40<>"",B40&TEXT(G40,"000"),"") -> PKT012 | I40: {=IF(C40<>"",IF(AND(OR(V40=V39,W40=W39),F40=F39,K40=K39,N40=N39),I39,MAX(IF(C40=C$6:$C39,$I$6:I39))+1),"")} | J40: =IF(C40<>"",C40&TEXT(I40,"000"),"") | K40: quan.nv | L40: =IF($K40>0,VLOOKUP($K40,NV!$B$4:$C$33,2,0),"") -> Nguyễn Văn Quân | N40: =IF($M40>0,VLOOKUP($M40,vkhncc,2,0),"") | O40: Kết chuyển chi phí dịch vụ mua ngoài | Q40: =IF($P40>0,VLOOKUP($P40,vvt,2,0),"") | T40: =IFERROR(INDEX(NX!$L$9:$L$168,MATCH($A40&$P40,NX!$B$9:$B$169,0)),"") | V40: 911 | W40: 64227 | X40: 110000 | Y40: =IF($V40="","",IF(ISNA(VLOOKUP($V40,mtk,1,0)),"Không có",VLOOKUP($V40,mtk,1,0))) -> 911 | Z40: =IF($V40="","",IF(ISNA(VLOOKUP($W40,mtk,1,0)),"Không có",VLOOKUP($W40,mtk,1,0))) -> 64227 | AA40: =IF(COUNTIF($H$6:$H$526,$H40)>1,"Trùng mã",0) -> 0 | AC40: =ROUND(X40*AB40,0) -> 0 | AD40: =IF($M40="","",VLOOKUP($M40,vkhncc,2,0)) | AE40: =IF($M40="","",VLOOKUP($M40,vkhncc,4,0)) | AF40: =IF($AB40<>"",VLOOKUP($M40,vkhncc,7,0),"") | AG40: =IF($AB40<>"",VLOOKUP($M40,vkhncc,8,0),"") | AH40: =IF(OR($AB40<>"",C40="nvl",C40="nhh"),$F40,"") | AI40: =IF($AB40<>"",VLOOKUP($M40,DMKH!$B$6:$F$1822,3,0),"") | AJ40: =IF(AND(H40=H41,V40=V41),W41,IF(AND(H40=H41,W40=W41),V41,"")) | AK40: =IF(AND(H40=H41,V40=V41),X41,IF(AND(H40=H41,W40=W41),X41,"")) | AL40: =D40 -> 30/06/2015 | AM40: =IF(D40="","","Ngày "&LEFT(D40,2)&" tháng "&MID(D40,4,2)&" năm "&RIGHT(D40,4)) -> Ngày 30 tháng 06 năm 2015 | AN40: =V40&M40 -> 911 | AO40: =W40&M40 -> 64227 | AP40: =IF($AB40="","",IF(OR(MID($D40,4,2)="01",MID($D40,4,2)="02",MID($D40,4,2)="03"),"1",IF(OR(MID($D40,4,2)="04",MID($D40,4,2)="05",MID($D40,4,2)="06"),"2",IF(OR(MID($D40,4,2)="07",MID($D40,4,2)="08",MID($D40,4,2)="09"),"3",IF(OR(MID($D40,4,2)="10",MID($D40,4,2)="11",MID($D40,4,2)="12"),"4"))))) | AQ40: =A40&"-"&V40 -> 6-911 | AR40: =A40&"-"&W40 -> 6-64227 | AS40: =IF(LEFT($J40,1)="n",A40&P40,"") | AT40: =IF(LEFT($J40,1)="x",A40&P40,"") | AU40: =$A40&$H40&$U40&$V40 -> 6PKT012911 | AV40: =$A40&$U40&$W40 -> 664227 | AW40: =$A40&"-"&V40&"-"&W40 -> 6-911-64227
A41: =IF(D41>0,MONTH(D41),0) -> 6 | B41: PKT | D41: 30/06/2015 | E41: 30/06/2015 | F41: v | G41: {=IF(B41<>"",IF(AND(OR(V41=V40,W41=W40),F41=F40,K41=K40,N41=N40),G40,MAX(IF(B41=B$6:$B40,$G$6:G40))+1),"")} -> 13 | H41: =IF(B41<>"",B41&TEXT(G41,"000"),"") -> PKT013 | I41: {=IF(C41<>"",IF(AND(OR(V41=V40,W41=W40),F41=F40,K41=K40,N41=N40),I40,MAX(IF(C41=C$6:$C40,$I$6:I40))+1),"")} | J41: =IF(C41<>"",C41&TEXT(I41,"000"),"") | K41: quan.nv | L41: =IF($K41>0,VLOOKUP($K41,NV!$B$4:$C$33,2,0),"") -> Nguyễn Văn Quân | N41: =IF($M41>0,VLOOKUP($M41,vkhncc,2,0),"") | O41: Kết chuyển chi phí bằng tiền khác | Q41: =IF($P41>0,VLOOKUP($P41,vvt,2,0),"") | T41: =IFERROR(INDEX(NX!$L$9:$L$168,MATCH($A41&$P41,NX!$B$9:$B$169,0)),"") | V41: 911 | W41: 64228 | X41: 4000000 | Y41: =IF($V41="","",IF(ISNA(VLOOKUP($V41,mtk,1,0)),"Không có",VLOOKUP($V41,mtk,1,0))) -> 911 | Z41: =IF($V41="","",IF(ISNA(VLOOKUP($W41,mtk,1,0)),"Không có",VLOOKUP($W41,mtk,1,0))) -> 64228 | AA41: =IF(COUNTIF($H$6:$H$526,$H41)>1,"Trùng mã",0) -> 0 | AC41: =ROUND(X41*AB41,0) -> 0 | AD41: =IF($M41="","",VLOOKUP($M41,vkhncc,2,0)) | AE41: =IF($M41="","",VLOOKUP($M41,vkhncc,4,0)) | AF41: =IF($AB41<>"",VLOOKUP($M41,vkhncc,7,0),"") | AG41: =IF($AB41<>"",VLOOKUP($M41,vkhncc,8,0),"") | AH41: =IF(OR($AB41<>"",C41="nvl",C41="nhh"),$F41,"") | AI41: =IF($AB41<>"",VLOOKUP($M41,DMKH!$B$6:$F$1822,3,0),"") | AJ41: =IF(AND(H41=H42,V41=V42),W42,IF(AND(H41=H42,W41=W42),V42,"")) | AK41: =IF(AND(H41=H42,V41=V42),X42,IF(AND(H41=H42,W41=W42),X42,"")) | AL41: =D41 -> 30/06/2015 | AM41: =IF(D41="","","Ngày "&LEFT(D41,2)&" tháng "&MID(D41,4,2)&" năm "&RIGHT(D41,4)) -> Ngày 30 tháng 06 năm 2015 | AN41: =V41&M41 -> 911 | AO41: =W41&M41 -> 64228 | AP41: =IF($AB41="","",IF(OR(MID($D41,4,2)="01",MID($D41,4,2)="02",MID($D41,4,2)="03"),"1",IF(OR(MID($D41,4,2)="04",MID($D41,4,2)="05",MID($D41,4,2)="06"),"2",IF(OR(MID($D41,4,2)="07",MID($D41,4,2)="08",MID($D41,4,2)="09"),"3",IF(OR(MID($D41,4,2)="10",MID($D41,4,2)="11",MID($D41,4,2)="12"),"4"))))) | AQ41: =A41&"-"&V41 -> 6-911 | AR41: =A41&"-"&W41 -> 6-64228 | AS41: =IF(LEFT($J41,1)="n",A41&P41,"") | AT41: =IF(LEFT($J41,1)="x",A41&P41,"") | AU41: =$A41&$H41&$U41&$V41 -> 6PKT013911 | AV41: =$A41&$U41&$W41 -> 664228 | AW41: =$A41&"-"&V41&"-"&W41 -> 6-911-64228
A42: =IF(D42>0,MONTH(D42),0) -> 6 | B42: PKT | D42: 30/06/2015 | E42: 30/06/2015 | F42: 29 | G42: {=IF(B42<>"",IF(AND(OR(V42=V41,W42=W41),F42=F41,K42=K41,N42=N41),G41,MAX(IF(B42=B$6:$B41,$G$6:G41))+1),"")} -> 14 | H42: =IF(B42<>"",B42&TEXT(G42,"000"),"") -> PKT014 | I42: {=IF(C42<>"",IF(AND(OR(V42=V41,W42=W41),F42=F41,K42=K41,N42=N41),I41,MAX(IF(C42=C$6:$C41,$I$6:I41))+1),"")} | J42: =IF(C42<>"",C42&TEXT(I42,"000"),"") | K42: quan.nv | L42: =IF($K42>0,VLOOKUP($K42,NV!$B$4:$C$33,2,0),"") -> Nguyễn Văn Quân | N42: =IF($M42>0,VLOOKUP($M42,vkhncc,2,0),"") | O42: Kết chuyển doanh thu hoạt động tài chính | Q42: =IF($P42>0,VLOOKUP($P42,vvt,2,0),"") | T42: =IFERROR(INDEX(NX!$L$9:$L$168,MATCH($A42&$P42,NX!$B$9:$B$169,0)),"") | V42: 515 | W42: 911 | X42: 1588 | Y42: =IF($V42="","",IF(ISNA(VLOOKUP($V42,mtk,1,0)),"Không có",VLOOKUP($V42,mtk,1,0))) -> 515 | Z42: =IF($V42="","",IF(ISNA(VLOOKUP($W42,mtk,1,0)),"Không có",VLOOKUP($W42,mtk,1,0))) -> 911 | AA42: =IF(COUNTIF($H$6:$H$526,$H42)>1,"Trùng mã",0) -> 0 | AC42: =ROUND(X42*AB42,0) -> 0 | AD42: =IF($M42="","",VLOOKUP($M42,vkhncc,2,0)) | AE42: =IF($M42="","",VLOOKUP($M42,vkhncc,4,0)) | AF42: =IF($AB42<>"",VLOOKUP($M42,vkhncc,7,0),"") | AG42: =IF($AB42<>"",VLOOKUP($M42,vkhncc,8,0),"") | AH42: =IF(OR($AB42<>"",C42="nvl",C42="nhh"),$F42,"") | AI42: =IF($AB42<>"",VLOOKUP($M42,DMKH!$B$6:$F$1822,3,0),"") | AJ42: =IF(AND(H42=H43,V42=V43),W43,IF(AND(H42=H43,W42=W43),V43,"")) | AK42: =IF(AND(H42=H43,V42=V43),X43,IF(AND(H42=H43,W42=W43),X43,"")) | AL42: =D42 -> 30/06/2015 | AM42: =IF(D42="","","Ngày "&LEFT(D42,2)&" tháng "&MID(D42,4,2)&" năm "&RIGHT(D42,4)) -> Ngày 30 tháng 06 năm 2015 | AN42: =V42&M42 -> 515 | AO42: =W42&M42 -> 911 | AP42: =IF($AB42="","",IF(OR(MID($D42,4,2)="01",MID($D42,4,2)="02",MID($D42,4,2)="03"),"1",IF(OR(MID($D42,4,2)="04",MID($D42,4,2)="05",MID($D42,4,2)="06"),"2",IF(OR(MID($D42,4,2)="07",MID($D42,4,2)="08",MID($D42,4,2)="09"),"3",IF(OR(MID($D42,4,2)="10",MID($D42,4,2)="11",MID($D42,4,2)="12"),"4"))))) | AQ42: =A42&"-"&V42 -> 6-515 | AR42: =A42&"-"&W42 -> 6-911 | AS42: =IF(LEFT($J42,1)="n",A42&P42,"") | AT42: =IF(LEFT($J42,1)="x",A42&P42,"") | AU42: =$A42&$H42&$U42&$V42 -> 6PKT014515 | AV42: =$A42&$U42&$W42 -> 6911 | AW42: =$A42&"-"&V42&"-"&W42 -> 6-515-911
A43: =IF(D43>0,MONTH(D43),0) -> 6 | B43: PKT | D43: 30/06/2015 | E43: 30/06/2015 | F43: 30 | G43: {=IF(B43<>"",IF(AND(OR(V43=V42,W43=W42),F43=F42,K43=K42,N43=N42),G42,MAX(IF(B43=B$6:$B42,$G$6:G42))+1),"")} -> 15 | H43: =IF(B43<>"",B43&TEXT(G43,"000"),"") -> PKT015 | I43: {=IF(C43<>"",IF(AND(OR(V43=V42,W43=W42),F43=F42,K43=K42,N43=N42),I42,MAX(IF(C43=C$6:$C42,$I$6:I42))+1),"")} | J43: =IF(C43<>"",C43&TEXT(I43,"000"),"") | K43: quan.nv | L43: =IF($K43>0,VLOOKUP($K43,NV!$B$4:$C$33,2,0),"") -> Nguyễn Văn Quân | N43: =IF($M43>0,VLOOKUP($M43,vkhncc,2,0),"") | O43: Xác định kết quả kinh doanh | Q43: =IF($P43>0,VLOOKUP($P43,vvt,2,0),"") | T43: =IFERROR(INDEX(NX!$L$9:$L$168,MATCH($A43&$P43,NX!$B$9:$B$169,0)),"") | V43: 4212 | W43: 911 | X43: 21215412 | Y43: =IF($V43="","",IF(ISNA(VLOOKUP($V43,mtk,1,0)),"Không có",VLOOKUP($V43,mtk,1,0))) -> 4212 | Z43: =IF($V43="","",IF(ISNA(VLOOKUP($W43,mtk,1,0)),"Không có",VLOOKUP($W43,mtk,1,0))) -> 911 | AA43: =IF(COUNTIF($H$6:$H$526,$H43)>1,"Trùng mã",0) -> 0 | AC43: =ROUND(X43*AB43,0) -> 0 | AD43: =IF($M43="","",VLOOKUP($M43,vkhncc,2,0)) | AE43: =IF($M43="","",VLOOKUP($M43,vkhncc,4,0)) | AF43: =IF($AB43<>"",VLOOKUP($M43,vkhncc,7,0),"") | AG43: =IF($AB43<>"",VLOOKUP($M43,vkhncc,8,0),"") | AH43: =IF(OR($AB43<>"",C43="nvl",C43="nhh"),$F43,"") | AI43: =IF($AB43<>"",VLOOKUP($M43,DMKH!$B$6:$F$1822,3,0),"") | AJ43: =IF(AND(H43=H44,V43=V44),W44,IF(AND(H43=H44,W43=W44),V44,"")) | AK43: =IF(AND(H43=H44,V43=V44),X44,IF(AND(H43=H44,W43=W44),X44,"")) | AL43: =D43 -> 30/06/2015 | AM43: =IF(D43="","","Ngày "&LEFT(D43,2)&" tháng "&MID(D43,4,2)&" năm "&RIGHT(D43,4)) -> Ngày 30 tháng 06 năm 2015 | AN43: =V43&M43 -> 4212 | AO43: =W43&M43 -> 911 | AP43: =IF($AB43="","",IF(OR(MID($D43,4,2)="01",MID($D43,4,2)="02",MID($D43,4,2)="03"),"1",IF(OR(MID($D43,4,2)="04",MID($D43,4,2)="05",MID($D43,4,2)="06"),"2",IF(OR(MID($D43,4,2)="07",MID($D43,4,2)="08",MID($D43,4,2)="09"),"3",IF(OR(MID($D43,4,2)="10",MID($D43,4,2)="11",MID($D43,4,2)="12"),"4"))))) | AQ43: =A43&"-"&V43 -> 6-4212 | AR43: =A43&"-"&W43 -> 6-911 | AS43: =IF(LEFT($J43,1)="n",A43&P43,"") | AT43: =IF(LEFT($J43,1)="x",A43&P43,"") | AU43: =$A43&$H43&$U43&$V43 -> 6PKT0154212 | AV43: =$A43&$U43&$W43 -> 6911 | AW43: =$A43&"-"&V43&"-"&W43 -> 6-4212-911
A44: =IF(D44>0,MONTH(D44),0) -> 7 | B44: PT | D44: 01/07/2015 | E44: 01/07/2015 | F44: 21 | G44: {=IF(B44<>"",IF(AND(OR(V44=V43,W44=W43),F44=F43,K44=K43,N44=N43),G43,MAX(IF(B44=B$6:$B43,$G$6:G43))+1),"")} -> 2 | H44: =IF(B44<>"",B44&TEXT(G44,"000"),"") -> PT002 | I44: {=IF(C44<>"",IF(AND(OR(V44=V43,W44=W43),F44=F43,K44=K43,N44=N43),I43,MAX(IF(C44=C$6:$C43,$I$6:I43))+1),"")} | J44: =IF(C44<>"",C44&TEXT(I44,"000"),"") | K44: minh.lv | L44: =IF($K44>0,VLOOKUP($K44,NV!$B$4:$C$33,2,0),"") -> Lê Văn Minh | N44: =IF($M44>0,VLOOKUP($M44,vkhncc,2,0),"") | O44: Rút tiền gửi ngân hàng về nhập quỹ tiền mặt | Q44: =IF($P44>0,VLOOKUP($P44,vvt,2,0),"") | T44: =IFERROR(INDEX(NX!$L$9:$L$168,MATCH($A44&$P44,NX!$B$9:$B$169,0)),"") | V44: 1111 | W44: 11211 | X44: 24000000 | Y44: =IF($V44="","",IF(ISNA(VLOOKUP($V44,mtk,1,0)),"Không có",VLOOKUP($V44,mtk,1,0))) -> 1111 | Z44: =IF($V44="","",IF(ISNA(VLOOKUP($W44,mtk,1,0)),"Không có",VLOOKUP($W44,mtk,1,0))) -> 11211 | AA44: =IF(COUNTIF($H$6:$H$526,$H44)>1,"Trùng mã",0) -> 0 | AC44: =ROUND(X44*AB44,0) -> 0 | AD44: =IF($M44="","",VLOOKUP($M44,vkhncc,2,0)) | AE44: =IF($M44="","",VLOOKUP($M44,vkhncc,4,0)) | AF44: =IF($AB44<>"",VLOOKUP($M44,vkhncc,7,0),"") | AG44: =IF($AB44<>"",VLOOKUP($M44,vkhncc,8,0),"") | AH44: =IF(OR($AB44<>"",C44="nvl",C44="nhh"),$F44,"") | AI44: =IF($AB44<>"",VLOOKUP($M44,DMKH!$B$6:$F$1822,3,0),"") | AJ44: =IF(AND(H44=H45,V44=V45),W45,IF(AND(H44=H45,W44=W45),V45,"")) | AK44: =IF(AND(H44=H45,V44=V45),X45,IF(AND(H44=H45,W44=W45),X45,"")) | AL44: =D44 -> 01/07/2015 | AM44: =IF(D44="","","Ngày "&LEFT(D44,2)&" tháng "&MID(D44,4,2)&" năm "&RIGHT(D44,4)) -> Ngày 01 tháng 07 năm 2015 | AN44: =V44&M44 -> 1111 | AO44: =W44&M44 -> 11211 | AP44: =IF($AB44="","",IF(OR(MID($D44,4,2)="01",MID($D44,4,2)="02",MID($D44,4,2)="03"),"1",IF(OR(MID($D44,4,2)="04",MID($D44,4,2)="05",MID($D44,4,2)="06"),"2",IF(OR(MID($D44,4,2)="07",MID($D44,4,2)="08",MID($D44,4,2)="09"),"3",IF(OR(MID($D44,4,2)="10",MID($D44,4,2)="11",MID($D44,4,2)="12"),"4"))))) | AQ44: =A44&"-"&V44 -> 7-1111 | AR44: =A44&"-"&W44 -> 7-11211 | AS44: =IF(LEFT($J44,1)="n",A44&P44,"") | AT44: =IF(LEFT($J44,1)="x",A44&P44,"") | AU44: =$A44&$H44&$U44&$V44 -> 7PT0021111 | AV44: =$A44&$U44&$W44 -> 711211 | AW44: =$A44&"-"&V44&"-"&W44 -> 7-1111-11211
A45: =IF(D45>0,MONTH(D45),0) -> 7 | B45: GBN | D45: 18/07/2015 | E45: 18/07/2015 | F45: 22 | G45: {=IF(B45<>"",IF(AND(OR(V45=V44,W45=W44),F45=F44,K45=K44,N45=N44),G44,MAX(IF(B45=B$6:$B44,$G$6:G44))+1),"")} -> 3 | H45: =IF(B45<>"",B45&TEXT(G45,"000"),"") -> GBN003 | I45: {=IF(C45<>"",IF(AND(OR(V45=V44,W45=W44),F45=F44,K45=K44,N45=N44),I44,MAX(IF(C45=C$6:$C44,$I$6:I44))+1),"")} | J45: =IF(C45<>"",C45&TEXT(I45,"000"),"") | L45: =IF($K45>0,VLOOKUP($K45,NV!$B$4:$C$33,2,0),"") | N45: =IF($M45>0,VLOOKUP($M45,vkhncc,2,0),"") | O45: Phí SMS | Q45: =IF($P45>0,VLOOKUP($P45,vvt,2,0),"") | T45: =IFERROR(INDEX(NX!$L$9:$L$168,MATCH($A45&$P45,NX!$B$9:$B$169,0)),"") | V45: 64227 | W45: 11211 | X45: 55000 | Y45: =IF($V45="","",IF(ISNA(VLOOKUP($V45,mtk,1,0)),"Không có",VLOOKUP($V45,mtk,1,0))) -> 64227 | Z45: =IF($V45="","",IF(ISNA(VLOOKUP($W45,mtk,1,0)),"Không có",VLOOKUP($W45,mtk,1,0))) -> 11211 | AA45: =IF(COUNTIF($H$6:$H$526,$H45)>1,"Trùng mã",0) -> 0 | AC45: =ROUND(X45*AB45,0) -> 0 | AD45: =IF($M45="","",VLOOKUP($M45,vkhncc,2,0)) | AE45: =IF($M45="","",VLOOKUP($M45,vkhncc,4,0)) | AF45: =IF($AB45<>"",VLOOKUP($M45,vkhncc,7,0),"") | AG45: =IF($AB45<>"",VLOOKUP($M45,vkhncc,8,0),"") | AH45: =IF(OR($AB45<>"",C45="nvl",C45="nhh"),$F45,"") | AI45: =IF($AB45<>"",VLOOKUP($M45,DMKH!$B$6:$F$1822,3,0),"") | AJ45: =IF(AND(H45=H46,V45=V46),W46,IF(AND(H45=H46,W45=W46),V46,"")) | AK45: =IF(AND(H45=H46,V45=V46),X46,IF(AND(H45=H46,W45=W46),X46,"")) | AL45: =D45 -> 18/07/2015 | AM45: =IF(D45="","","Ngày "&LEFT(D45,2)&" tháng "&MID(D45,4,2)&" năm "&RIGHT(D45,4)) -> Ngày 18 tháng 07 năm 2015 | AN45: =V45&M45 -> 64227 | AO45: =W45&M45 -> 11211 | AP45: =IF($AB45="","",IF(OR(MID($D45,4,2)="01",MID($D45,4,2)="02",MID($D45,4,2)="03"),"1",IF(OR(MID($D45,4,2)="04",MID($D45,4,2)="05",MID($D45,4,2)="06"),"2",IF(OR(MID($D45,4,2)="07",MID($D45,4,2)="08",MID($D45,4,2)="09"),"3",IF(OR(MID($D45,4,2)="10",MID($D45,4,2)="11",MID($D45,4,2)="12"),"4"))))) | AQ45: =A45&"-"&V45 -> 7-64227 | AR45: =A45&"-"&W45 -> 7-11211 | AS45: =IF(LEFT($J45,1)="n",A45&P45,"") | AT45: =IF(LEFT($J45,1)="x",A45&P45,"") | AU45: =$A45&$H45&$U45&$V45 -> 7GBN00364227 | AV45: =$A45&$U45&$W45 -> 711211 | AW45: =$A45&"-"&V45&"-"&W45 -> 7-64227-11211
A46: =IF(D46>0,MONTH(D46),0) -> 7 | B46: GBC | D46: 25/07/2015 | E46: 25/07/2015 | F46: 23 | G46: {=IF(B46<>"",IF(AND(OR(V46=V45,W46=W45),F46=F45,K46=K45,N46=N45),G45,MAX(IF(B46=B$6:$B45,$G$6:G45))+1),"")} -> 5 | H46: =IF(B46<>"",B46&TEXT(G46,"000"),"") -> GBC005 | I46: {=IF(C46<>"",IF(AND(OR(V46=V45,W46=W45),F46=F45,K46=K45,N46=N45),I45,MAX(IF(C46=C$6:$C45,$I$6:I45))+1),"")} | J46: =IF(C46<>"",C46&TEXT(I46,"000"),"") | L46: =IF($K46>0,VLOOKUP($K46,NV!$B$4:$C$33,2,0),"") | N46: =IF($M46>0,VLOOKUP($M46,vkhncc,2,0),"") | O46: Lãi tiền gửi ngân hàng | Q46: =IF($P46>0,VLOOKUP($P46,vvt,2,0),"") | T46: =IFERROR(INDEX(NX!$L$9:$L$168,MATCH($A46&$P46,NX!$B$9:$B$169,0)),"") | V46: 11211 | W46: 515 | X46: 1234 | Y46: =IF($V46="","",IF(ISNA(VLOOKUP($V46,mtk,1,0)),"Không có",VLOOKUP($V46,mtk,1,0))) -> 11211 | Z46: =IF($V46="","",IF(ISNA(VLOOKUP($W46,mtk,1,0)),"Không có",VLOOKUP($W46,mtk,1,0))) -> 515 | AA46: =IF(COUNTIF($H$6:$H$526,$H46)>1,"Trùng mã",0) -> 0 | AC46: =ROUND(X46*AB46,0) -> 0 | AD46: =IF($M46="","",VLOOKUP($M46,vkhncc,2,0)) | AE46: =IF($M46="","",VLOOKUP($M46,vkhncc,4,0)) | AF46: =IF($AB46<>"",VLOOKUP($M46,vkhncc,7,0),"") | AG46: =IF($AB46<>"",VLOOKUP($M46,vkhncc,8,0),"") | AH46: =IF(OR($AB46<>"",C46="nvl",C46="nhh"),$F46,"") | AI46: =IF($AB46<>"",VLOOKUP($M46,DMKH!$B$6:$F$1822,3,0),"") | AJ46: =IF(AND(H46=H47,V46=V47),W47,IF(AND(H46=H47,W46=W47),V47,"")) | AK46: =IF(AND(H46=H47,V46=V47),X47,IF(AND(H46=H47,W46=W47),X47,"")) | AL46: =D46 -> 25/07/2015 | AM46: =IF(D46="","","Ngày "&LEFT(D46,2)&" tháng "&MID(D46,4,2)&" năm "&RIGHT(D46,4)) -> Ngày 25 tháng 07 năm 2015 | AN46: =V46&M46 -> 11211 | AO46: =W46&M46 -> 515 | AP46: =IF($AB46="","",IF(OR(MID($D46,4,2)="01",MID($D46,4,2)="02",MID($D46,4,2)="03"),"1",IF(OR(MID($D46,4,2)="04",MID($D46,4,2)="05",MID($D46,4,2)="06"),"2",IF(OR(MID($D46,4,2)="07",MID($D46,4,2)="08",MID($D46,4,2)="09"),"3",IF(OR(MID($D46,4,2)="10",MID($D46,4,2)="11",MID($D46,4,2)="12"),"4"))))) | AQ46: =A46&"-"&V46 -> 7-11211 | AR46: =A46&"-"&W46 -> 7-515 | AS46: =IF(LEFT($J46,1)="n",A46&P46,"") | AT46: =IF(LEFT($J46,1)="x",A46&P46,"") | AU46: =$A46&$H46&$U46&$V46 -> 7GBC00511211 | AV46: =$A46&$U46&$W46 -> 7515 | AW46: =$A46&"-"&V46&"-"&W46 -> 7-11211-515
A47: =IF(D47>0,MONTH(D47),0) -> 7 | B47: PKT | D47: 31/07/2015 | E47: 31/07/2015 | F47: 24 | G47: {=IF(B47<>"",IF(AND(OR(V47=V46,W47=W46),F47=F46,K47=K46,N47=N46),G46,MAX(IF(B47=B$6:$B46,$G$6:G46))+1),"")} -> 16 | H47: =IF(B47<>"",B47&TEXT(G47,"000"),"") -> PKT016 | I47: {=IF(C47<>"",IF(AND(OR(V47=V46,W47=W46),F47=F46,K47=K46,N47=N46),I46,MAX(IF(C47=C$6:$C46,$I$6:I46))+1),"")} | J47: =IF(C47<>"",C47&TEXT(I47,"000"),"") | K47: quan.nv | L47: =IF($K47>0,VLOOKUP($K47,NV!$B$4:$C$33,2,0),"") -> Nguyễn Văn Quân | N47: =IF($M47>0,VLOOKUP($M47,vkhncc,2,0),"") | O47: Lương phải trả tháng 07/2015 | Q47: =IF($P47>0,VLOOKUP($P47,vvt,2,0),"") | T47: =IFERROR(INDEX(NX!$L$9:$L$168,MATCH($A47&$P47,NX!$B$9:$B$169,0)),"") | U47: HD0504/HĐKT | V47: 1542 | W47: 334 | X47: 3342000 | Y47: =IF($V47="","",IF(ISNA(VLOOKUP($V47,mtk,1,0)),"Không có",VLOOKUP($V47,mtk,1,0))) -> 1542 | Z47: =IF($V47="","",IF(ISNA(VLOOKUP($W47,mtk,1,0)),"Không có",VLOOKUP($W47,mtk,1,0))) -> 334 | AA47: =IF(COUNTIF($H$6:$H$526,$H47)>1,"Trùng mã",0) -> Trùng mã | AC47: =ROUND(X47*AB47,0) -> 0 | AD47: =IF($M47="","",VLOOKUP($M47,vkhncc,2,0)) | AE47: =IF($M47="","",VLOOKUP($M47,vkhncc,4,0)) | AF47: =IF($AB47<>"",VLOOKUP($M47,vkhncc,7,0),"") | AG47: =IF($AB47<>"",VLOOKUP($M47,vkhncc,8,0),"") | AH47: =IF(OR($AB47<>"",C47="nvl",C47="nhh"),$F47,"") | AI47: =IF($AB47<>"",VLOOKUP($M47,DMKH!$B$6:$F$1822,3,0),"") | AJ47: =IF(AND(H47=H48,V47=V48),W48,IF(AND(H47=H48,W47=W48),V48,"")) -> 64221 | AK47: =IF(AND(H47=H48,V47=V48),X48,IF(AND(H47=H48,W47=W48),X48,"")) -> 4830000 | AL47: =D47 -> 31/07/2015 | AM47: =IF(D47="","","Ngày "&LEFT(D47,2)&" tháng "&MID(D47,4,2)&" năm "&RIGHT(D47,4)) -> Ngày 31 tháng 07 năm 2015 | AN47: =V47&M47 -> 1542 | AO47: =W47&M47 -> 334 | AP47: =IF($AB47="","",IF(OR(MID($D47,4,2)="01",MID($D47,4,2)="02",MID($D47,4,2)="03"),"1",IF(OR(MID($D47,4,2)="04",MID($D47,4,2)="05",MID($D47,4,2)="06"),"2",IF(OR(MID($D47,4,2)="07",MID($D47,4,2)="08",MID($D47,4,2)="09"),"3",IF(OR(MID($D47,4,2)="10",MID($D47,4,2)="11",MID($D47,4,2)="12"),"4"))))) | AQ47: =A47&"-"&V47 -> 7-1542 | AR47: =A47&"-"&W47 -> 7-334 | AS47: =IF(LEFT($J47,1)="n",A47&P47,"") | AT47: =IF(LEFT($J47,1)="x",A47&P47,"") | AU47: =$A47&$H47&$U47&$V47 -> 7PKT016HD0504/HĐKT1542 | AV47: =$A47&$U47&$W47 -> 7HD0504/HĐKT334 | AW47: =$A47&"-"&V47&"-"&W47 -> 7-1542-334
A48: =IF(D48>0,MONTH(D48),0) -> 7 | B48: PKT | D48: 31/07/2015 | E48: 31/07/2015 | F48: 24 | G48: {=IF(B48<>"",IF(AND(OR(V48=V47,W48=W47),F48=F47,K48=K47,N48=N47),G47,MAX(IF(B48=B$6:$B47,$G$6:G47))+1),"")} -> 16 | H48: =IF(B48<>"",B48&TEXT(G48,"000"),"") -> PKT016 | I48: {=IF(C48<>"",IF(AND(OR(V48=V47,W48=W47),F48=F47,K48=K47,N48=N47),I47,MAX(IF(C48=C$6:$C47,$I$6:I47))+1),"")} | J48: =IF(C48<>"",C48&TEXT(I48,"000"),"") | K48: quan.nv | L48: =IF($K48>0,VLOOKUP($K48,NV!$B$4:$C$33,2,0),"") -> Nguyễn Văn Quân | N48: =IF($M48>0,VLOOKUP($M48,vkhncc,2,0),"") | O48: Lương phải trả tháng 07/2015 | Q48: =IF($P48>0,VLOOKUP($P48,vvt,2,0),"") | T48: =IFERROR(INDEX(NX!$L$9:$L$168,MATCH($A48&$P48,NX!$B$9:$B$169,0)),"") | V48: 64221 | W48: 334 | X48: 4830000 | Y48: =IF($V48="","",IF(ISNA(VLOOKUP($V48,mtk,1,0)),"Không có",VLOOKUP($V48,mtk,1,0))) -> 64221 | Z48: =IF($V48="","",IF(ISNA(VLOOKUP($W48,mtk,1,0)),"Không có",VLOOKUP($W48,mtk,1,0))) -> 334 | AA48: =IF(COUNTIF($H$6:$H$526,$H48)>1,"Trùng mã",0) -> Trùng mã | AC48: =ROUND(X48*AB48,0) -> 0 | AD48: =IF($M48="","",VLOOKUP($M48,vkhncc,2,0)) | AE48: =IF($M48="","",VLOOKUP($M48,vkhncc,4,0)) | AF48: =IF($AB48<>"",VLOOKUP($M48,vkhncc,7,0),"") | AG48: =IF($AB48<>"",VLOOKUP($M48,vkhncc,8,0),"") | AH48: =IF(OR($AB48<>"",C48="nvl",C48="nhh"),$F48,"") | AI48: =IF($AB48<>"",VLOOKUP($M48,DMKH!$B$6:$F$1822,3,0),"") | AJ48: =IF(AND(H48=H49,V48=V49),W49,IF(AND(H48=H49,W48=W49),V49,"")) | AK48: =IF(AND(H48=H49,V48=V49),X49,IF(AND(H48=H49,W48=W49),X49,"")) | AL48: =D48 -> 31/07/2015 | AM48: =IF(D48="","","Ngày "&LEFT(D48,2)&" tháng "&MID(D48,4,2)&" năm "&RIGHT(D48,4)) -> Ngày 31 tháng 07 năm 2015 | AN48: =V48&M48 -> 64221 | AO48: =W48&M48 -> 334 | AP48: =IF($AB48="","",IF(OR(MID($D48,4,2)="01",MID($D48,4,2)="02",MID($D48,4,2)="03"),"1",IF(OR(MID($D48,4,2)="04",MID($D48,4,2)="05",MID($D48,4,2)="06"),"2",IF(OR(MID($D48,4,2)="07",MID($D48,4,2)="08",MID($D48,4,2)="09"),"3",IF(OR(MID($D48,4,2)="10",MID($D48,4,2)="11",MID($D48,4,2)="12"),"4"))))) | AQ48: =A48&"-"&V48 -> 7-64221 | AR48: =A48&"-"&W48 -> 7-334 | AS48: =IF(LEFT($J48,1)="n",A48&P48,"") | AT48: =IF(LEFT($J48,1)="x",A48&P48,"") | AU48: =$A48&$H48&$U48&$V48 -> 7PKT01664221 | AV48: =$A48&$U48&$W48 -> 7334 | AW48: =$A48&"-"&V48&"-"&W48 -> 7-64221-334
A49: =IF(D49>0,MONTH(D49),0) -> 7 | B49: PC | D49: 31/07/2015 | E49: 31/07/2015 | F49: 25 | G49: {=IF(B49<>"",IF(AND(OR(V49=V48,W49=W48),F49=F48,K49=K48,N49=N48),G48,MAX(IF(B49=B$6:$B48,$G$6:G48))+1),"")} -> 13 | H49: =IF(B49<>"",B49&TEXT(G49,"000"),"") -> PC013 | I49: {=IF(C49<>"",IF(AND(OR(V49=V48,W49=W48),F49=F48,K49=K48,N49=N48),I48,MAX(IF(C49=C$6:$C48,$I$6:I48))+1),"")} | J49: =IF(C49<>"",C49&TEXT(I49,"000"),"") | K49: quan.nv | L49: =IF($K49>0,VLOOKUP($K49,NV!$B$4:$C$33,2,0),"") -> Nguyễn Văn Quân | N49: =IF($M49>0,VLOOKUP($M49,vkhncc,2,0),"") | O49: Thanh toán lương tháng 07/2015 | Q49: =IF($P49>0,VLOOKUP($P49,vvt,2,0),"") | T49: =IFERROR(INDEX(NX!$L$9:$L$168,MATCH($A49&$P49,NX!$B$9:$B$169,0)),"") | V49: 334 | W49: 1111 | X49: 8172000 | Y49: =IF($V49="","",IF(ISNA(VLOOKUP($V49,mtk,1,0)),"Không có",VLOOKUP($V49,mtk,1,0))) -> 334 | Z49: =IF($V49="","",IF(ISNA(VLOOKUP($W49,mtk,1,0)),"Không có",VLOOKUP($W49,mtk,1,0))) -> 1111 | AA49: =IF(COUNTIF($H$6:$H$526,$H49)>1,"Trùng mã",0) -> 0 | AC49: =ROUND(X49*AB49,0) -> 0 | AD49: =IF($M49="","",VLOOKUP($M49,vkhncc,2,0)) | AE49: =IF($M49="","",VLOOKUP($M49,vkhncc,4,0)) | AF49: =IF($AB49<>"",VLOOKUP($M49,vkhncc,7,0),"") | AG49: =IF($AB49<>"",VLOOKUP($M49,vkhncc,8,0),"") | AH49: =IF(OR($AB49<>"",C49="nvl",C49="nhh"),$F49,"") | AI49: =IF($AB49<>"",VLOOKUP($M49,DMKH!$B$6:$F$1822,3,0),"") | AJ49: =IF(AND(H49=H50,V49=V50),W50,IF(AND(H49=H50,W49=W50),V50,"")) | AK49: =IF(AND(H49=H50,V49=V50),X50,IF(AND(H49=H50,W49=W50),X50,"")) | AL49: =D49 -> 31/07/2015 | AM49: =IF(D49="","","Ngày "&LEFT(D49,2)&" tháng "&MID(D49,4,2)&" năm "&RIGHT(D49,4)) -> Ngày 31 tháng 07 năm 2015 | AN49: =V49&M49 -> 334 | AO49: =W49&M49 -> 1111 | AP49: =IF($AB49="","",IF(OR(MID($D49,4,2)="01",MID($D49,4,2)="02",MID($D49,4,2)="03"),"1",IF(OR(MID($D49,4,2)="04",MID($D49,4,2)="05",MID($D49,4,2)="06"),"2",IF(OR(MID($D49,4,2)="07",MID($D49,4,2)="08",MID($D49,4,2)="09"),"3",IF(OR(MID($D49,4,2)="10",MID($D49,4,2)="11",MID($D49,4,2)="12"),"4"))))) | AQ49: =A49&"-"&V49 -> 7-334 | AR49: =A49&"-"&W49 -> 7-1111 | AS49: =IF(LEFT($J49,1)="n",A49&P49,"") | AT49: =IF(LEFT($J49,1)="x",A49&P49,"") | AU49: =$A49&$H49&$U49&$V49 -> 7PC013334 | AV49: =$A49&$U49&$W49 -> 71111 | AW49: =$A49&"-"&V49&"-"&W49 -> 7-334-1111
A50: =IF(D50>0,MONTH(D50),0) -> 8 | B50: GBN | D50: 16/08/2015 | E50: 16/08/2015 | F50: 26 | G50: {=IF(B50<>"",IF(AND(OR(V50=V49,W50=W49),F50=F49,K50=K49,N50=N49),G49,MAX(IF(B50=B$6:$B49,$G$6:G49))+1),"")} -> 4 | H50: =IF(B50<>"",B50&TEXT(G50,"000"),"") -> GBN004 | I50: {=IF(C50<>"",IF(AND(OR(V50=V49,W50=W49),F50=F49,K50=K49,N50=N49),I49,MAX(IF(C50=C$6:$C49,$I$6:I49))+1),"")} | J50: =IF(C50<>"",C50&TEXT(I50,"000"),"") | L50: =IF($K50>0,VLOOKUP($K50,NV!$B$4:$C$33,2,0),"") | N50: =IF($M50>0,VLOOKUP($M50,vkhncc,2,0),"") | O50: Phí SMS | Q50: =IF($P50>0,VLOOKUP($P50,vvt,2,0),"") | T50: =IFERROR(INDEX(NX!$L$9:$L$168,MATCH($A50&$P50,NX!$B$9:$B$169,0)),"") | V50: 64227 | W50: 11211 | X50: 55000 | Y50: =IF($V50="","",IF(ISNA(VLOOKUP($V50,mtk,1,0)),"Không có",VLOOKUP($V50,mtk,1,0))) -> 64227 | Z50: =IF($V50="","",IF(ISNA(VLOOKUP($W50,mtk,1,0)),"Không có",VLOOKUP($W50,mtk,1,0))) -> 11211 | AA50: =IF(COUNTIF($H$6:$H$526,$H50)>1,"Trùng mã",0) -> 0 | AC50: =ROUND(X50*AB50,0) -> 0 | AD50: =IF($M50="","",VLOOKUP($M50,vkhncc,2,0)) | AE50: =IF($M50="","",VLOOKUP($M50,vkhncc,4,0)) | AF50: =IF($AB50<>"",VLOOKUP($M50,vkhncc,7,0),"") | AG50: =IF($AB50<>"",VLOOKUP($M50,vkhncc,8,0),"") | AH50: =IF(OR($AB50<>"",C50="nvl",C50="nhh"),$F50,"") | AI50: =IF($AB50<>"",VLOOKUP($M50,DMKH!$B$6:$F$1822,3,0),"") | AJ50: =IF(AND(H50=H51,V50=V51),W51,IF(AND(H50=H51,W50=W51),V51,"")) | AK50: =IF(AND(H50=H51,V50=V51),X51,IF(AND(H50=H51,W50=W51),X51,"")) | AL50: =D50 -> 16/08/2015 | AM50: =IF(D50="","","Ngày "&LEFT(D50,2)&" tháng "&MID(D50,4,2)&" năm "&RIGHT(D50,4)) -> Ngày 16 tháng 08 năm 2015 | AN50: =V50&M50 -> 64227 | AO50: =W50&M50 -> 11211 | AP50: =IF($AB50="","",IF(OR(MID($D50,4,2)="01",MID($D50,4,2)="02",MID($D50,4,2)="03"),"1",IF(OR(MID($D50,4,2)="04",MID($D50,4,2)="05",MID($D50,4,2)="06"),"2",IF(OR(MID($D50,4,2)="07",MID($D50,4,2)="08",MID($D50,4,2)="09"),"3",IF(OR(MID($D50,4,2)="10",MID($D50,4,2)="11",MID($D50,4,2)="12"),"4"))))) | AQ50: =A50&"-"&V50 -> 8-64227 | AR50: =A50&"-"&W50 -> 8-11211 | AS50: =IF(LEFT($J50,1)="n",A50&P50,"") | AT50: =IF(LEFT($J50,1)="x",A50&P50,"") | AU50: =$A50&$H50&$U50&$V50 -> 8GBN00464227 | AV50: =$A50&$U50&$W50 -> 811211 | AW50: =$A50&"-"&V50&"-"&W50 -> 8-64227-11211
A51: =IF(D51>0,MONTH(D51),0) -> 8 | B51: GBC | D51: 25/08/2015 | E51: 25/08/2015 | F51: 27 | G51: {=IF(B51<>"",IF(AND(OR(V51=V50,W51=W50),F51=F50,K51=K50,N51=N50),G50,MAX(IF(B51=B$6:$B50,$G$6:G50))+1),"")} -> 6 | H51: =IF(B51<>"",B51&TEXT(G51,"000"),"") -> GBC006 | I51: {=IF(C51<>"",IF(AND(OR(V51=V50,W51=W50),F51=F50,K51=K50,N51=N50),I50,MAX(IF(C51=C$6:$C50,$I$6:I50))+1),"")} | J51: =IF(C51<>"",C51&TEXT(I51,"000"),"") | L51: =IF($K51>0,VLOOKUP($K51,NV!$B$4:$C$33,2,0),"") | N51: =IF($M51>0,VLOOKUP($M51,vkhncc,2,0),"") | O51: Lãi tiền gửi ngân hàng | Q51: =IF($P51>0,VLOOKUP($P51,vvt,2,0),"") | T51: =IFERROR(INDEX(NX!$L$9:$L$168,MATCH($A51&$P51,NX!$B$9:$B$169,0)),"") | V51: 11211 | W51: 515 | X51: 703 | Y51: =IF($V51="","",IF(ISNA(VLOOKUP($V51,mtk,1,0)),"Không có",VLOOKUP($V51,mtk,1,0))) -> 11211 | Z51: =IF($V51="","",IF(ISNA(VLOOKUP($W51,mtk,1,0)),"Không có",VLOOKUP($W51,mtk,1,0))) -> 515 | AA51: =IF(COUNTIF($H$6:$H$526,$H51)>1,"Trùng mã",0) -> 0 | AC51: =ROUND(X51*AB51,0) -> 0 | AD51: =IF($M51="","",VLOOKUP($M51,vkhncc,2,0)) | AE51: =IF($M51="","",VLOOKUP($M51,vkhncc,4,0)) | AF51: =IF($AB51<>"",VLOOKUP($M51,vkhncc,7,0),"") | AG51: =IF($AB51<>"",VLOOKUP($M51,vkhncc,8,0),"") | AH51: =IF(OR($AB51<>"",C51="nvl",C51="nhh"),$F51,"") | AI51: =IF($AB51<>"",VLOOKUP($M51,DMKH!$B$6:$F$1822,3,0),"") | AJ51: =IF(AND(H51=H52,V51=V52),W52,IF(AND(H51=H52,W51=W52),V52,"")) | AK51: =IF(AND(H51=H52,V51=V52),X52,IF(AND(H51=H52,W51=W52),X52,"")) | AL51: =D51 -> 25/08/2015 | AM51: =IF(D51="","","Ngày "&LEFT(D51,2)&" tháng "&MID(D51,4,2)&" năm "&RIGHT(D51,4)) -> Ngày 25 tháng 08 năm 2015 | AN51: =V51&M51 -> 11211 | AO51: =W51&M51 -> 515 | AP51: =IF($AB51="","",IF(OR(MID($D51,4,2)="01",MID($D51,4,2)="02",MID($D51,4,2)="03"),"1",IF(OR(MID($D51,4,2)="04",MID($D51,4,2)="05",MID($D51,4,2)="06"),"2",IF(OR(MID($D51,4,2)="07",MID($D51,4,2)="08",MID($D51,4,2)="09"),"3",IF(OR(MID($D51,4,2)="10",MID($D51,4,2)="11",MID($D51,4,2)="12"),"4"))))) | AQ51: =A51&"-"&V51 -> 8-11211 | AR51: =A51&"-"&W51 -> 8-515 | AS51: =IF(LEFT($J51,1)="n",A51&P51,"") | AT51: =IF(LEFT($J51,1)="x",A51&P51,"") | AU51: =$A51&$H51&$U51&$V51 -> 8GBC00611211 | AV51: =$A51&$U51&$W51 -> 8515 | AW51: =$A51&"-"&V51&"-"&W51 -> 8-11211-515
A52: =IF(D52>0,MONTH(D52),0) -> 8 | B52: PKT | D52: 30/08/2015 | E52: 30/08/2015 | F52: 28 | G52: {=IF(B52<>"",IF(AND(OR(V52=V51,W52=W51),F52=F51,K52=K51,N52=N51),G51,MAX(IF(B52=B$6:$B51,$G$6:G51))+1),"")} -> 17 | H52: =IF(B52<>"",B52&TEXT(G52,"000"),"") -> PKT017 | I52: {=IF(C52<>"",IF(AND(OR(V52=V51,W52=W51),F52=F51,K52=K51,N52=N51),I51,MAX(IF(C52=C$6:$C51,$I$6:I51))+1),"")} | J52: =IF(C52<>"",C52&TEXT(I52,"000"),"") | K52: quan.nv | L52: =IF($K52>0,VLOOKUP($K52,NV!$B$4:$C$33,2,0),"") -> Nguyễn Văn Quân | N52: =IF($M52>0,VLOOKUP($M52,vkhncc,2,0),"") | O52: Lương phải trả tháng 08/2015 | Q52: =IF($P52>0,VLOOKUP($P52,vvt,2,0),"") | T52: =IFERROR(INDEX(NX!$L$9:$L$168,MATCH($A52&$P52,NX!$B$9:$B$169,0)),"") | U52: HD0504/HĐKT | V52: 1542 | W52: 334 | X52: 3112000 | Y52: =IF($V52="","",IF(ISNA(VLOOKUP($V52,mtk,1,0)),"Không có",VLOOKUP($V52,mtk,1,0))) -> 1542 | Z52: =IF($V52="","",IF(ISNA(VLOOKUP($W52,mtk,1,0)),"Không có",VLOOKUP($W52,mtk,1,0))) -> 334 | AA52: =IF(COUNTIF($H$6:$H$526,$H52)>1,"Trùng mã",0) -> Trùng mã | AC52: =ROUND(X52*AB52,0) -> 0 | AD52: =IF($M52="","",VLOOKUP($M52,vkhncc,2,0)) | AE52: =IF($M52="","",VLOOKUP($M52,vkhncc,4,0)) | AF52: =IF($AB52<>"",VLOOKUP($M52,vkhncc,7,0),"") | AG52: =IF($AB52<>"",VLOOKUP($M52,vkhncc,8,0),"") | AH52: =IF(OR($AB52<>"",C52="nvl",C52="nhh"),$F52,"") | AI52: =IF($AB52<>"",VLOOKUP($M52,DMKH!$B$6:$F$1822,3,0),"") | AJ52: =IF(AND(H52=H53,V52=V53),W53,IF(AND(H52=H53,W52=W53),V53,"")) -> 64221 | AK52: =IF(AND(H52=H53,V52=V53),X53,IF(AND(H52=H53,W52=W53),X53,"")) -> 4581000 | AL52: =D52 -> 30/08/2015 | AM52: =IF(D52="","","Ngày "&LEFT(D52,2)&" tháng "&MID(D52,4,2)&" năm "&RIGHT(D52,4)) -> Ngày 30 tháng 08 năm 2015 | AN52: =V52&M52 -> 1542 | AO52: =W52&M52 -> 334 | AP52: =IF($AB52="","",IF(OR(MID($D52,4,2)="01",MID($D52,4,2)="02",MID($D52,4,2)="03"),"1",IF(OR(MID($D52,4,2)="04",MID($D52,4,2)="05",MID($D52,4,2)="06"),"2",IF(OR(MID($D52,4,2)="07",MID($D52,4,2)="08",MID($D52,4,2)="09"),"3",IF(OR(MID($D52,4,2)="10",MID($D52,4,2)="11",MID($D52,4,2)="12"),"4"))))) | AQ52: =A52&"-"&V52 -> 8-1542 | AR52: =A52&"-"&W52 -> 8-334 | AS52: =IF(LEFT($J52,1)="n",A52&P52,"") | AT52: =IF(LEFT($J52,1)="x",A52&P52,"") | AU52: =$A52&$H52&$U52&$V52 -> 8PKT017HD0504/HĐKT1542 | AV52: =$A52&$U52&$W52 -> 8HD0504/HĐKT334 | AW52: =$A52&"-"&V52&"-"&W52 -> 8-1542-334
A53: =IF(D53>0,MONTH(D53),0) -> 8 | B53: PKT | D53: 30/08/2015 | E53: 30/08/2015 | F53: 28 | G53: {=IF(B53<>"",IF(AND(OR(V53=V52,W53=W52),F53=F52,K53=K52,N53=N52),G52,MAX(IF(B53=B$6:$B52,$G$6:G52))+1),"")} -> 17 | H53: =IF(B53<>"",B53&TEXT(G53,"000"),"") -> PKT017 | I53: {=IF(C53<>"",IF(AND(OR(V53=V52,W53=W52),F53=F52,K53=K52,N53=N52),I52,MAX(IF(C53=C$6:$C52,$I$6:I52))+1),"")} | J53: =IF(C53<>"",C53&TEXT(I53,"000"),"") | K53: quan.nv | L53: =IF($K53>0,VLOOKUP($K53,NV!$B$4:$C$33,2,0),"") -> Nguyễn Văn Quân | N53: =IF($M53>0,VLOOKUP($M53,vkhncc,2,0),"") | O53: Lương phải trả tháng 08/2015 | Q53: =IF($P53>0,VLOOKUP($P53,vvt,2,0),"") | T53: =IFERROR(INDEX(NX!$L$9:$L$168,MATCH($A53&$P53,NX!$B$9:$B$169,0)),"") | V53: 64221 | W53: 334 | X53: 4581000 | Y53: =IF($V53="","",IF(ISNA(VLOOKUP($V53,mtk,1,0)),"Không có",VLOOKUP($V53,mtk,1,0))) -> 64221 | Z53: =IF($V53="","",IF(ISNA(VLOOKUP($W53,mtk,1,0)),"Không có",VLOOKUP($W53,mtk,1,0))) -> 334 | AA53: =IF(COUNTIF($H$6:$H$526,$H53)>1,"Trùng mã",0) -> Trùng mã | AC53: =ROUND(X53*AB53,0) -> 0 | AD53: =IF($M53="","",VLOOKUP($M53,vkhncc,2,0)) | AE53: =IF($M53="","",VLOOKUP($M53,vkhncc,4,0)) | AF53: =IF($AB53<>"",VLOOKUP($M53,vkhncc,7,0),"") | AG53: =IF($AB53<>"",VLOOKUP($M53,vkhncc,8,0),"") | AH53: =IF(OR($AB53<>"",C53="nvl",C53="nhh"),$F53,"") | AI53: =IF($AB53<>"",VLOOKUP($M53,DMKH!$B$6:$F$1822,3,0),"") | AJ53: =IF(AND(H53=H54,V53=V54),W54,IF(AND(H53=H54,W53=W54),V54,"")) | AK53: =IF(AND(H53=H54,V53=V54),X54,IF(AND(H53=H54,W53=W54),X54,"")) | AL53: =D53 -> 30/08/2015 | AM53: =IF(D53="","","Ngày "&LEFT(D53,2)&" tháng "&MID(D53,4,2)&" năm "&RIGHT(D53,4)) -> Ngày 30 tháng 08 năm 2015 | AN53: =V53&M53 -> 64221 | AO53: =W53&M53 -> 334 | AP53: =IF($AB53="","",IF(OR(MID($D53,4,2)="01",MID($D53,4,2)="02",MID($D53,4,2)="03"),"1",IF(OR(MID($D53,4,2)="04",MID($D53,4,2)="05",MID($D53,4,2)="06"),"2",IF(OR(MID($D53,4,2)="07",MID($D53,4,2)="08",MID($D53,4,2)="09"),"3",IF(OR(MID($D53,4,2)="10",MID($D53,4,2)="11",MID($D53,4,2)="12"),"4"))))) | AQ53: =A53&"-"&V53 -> 8-64221 | AR53: =A53&"-"&W53 -> 8-334 | AS53: =IF(LEFT($J53,1)="n",A53&P53,"") | AT53: =IF(LEFT($J53,1)="x",A53&P53,"") | AU53: =$A53&$H53&$U53&$V53 -> 8PKT01764221 | AV53: =$A53&$U53&$W53 -> 8334 | AW53: =$A53&"-"&V53&"-"&W53 -> 8-64221-334
A54: =IF(D54>0,MONTH(D54),0) -> 8 | B54: PC | D54: 30/08/2015 | E54: 30/08/2015 | F54: 29 | G54: {=IF(B54<>"",IF(AND(OR(V54=V53,W54=W53),F54=F53,K54=K53,N54=N53),G53,MAX(IF(B54=B$6:$B53,$G$6:G53))+1),"")} -> 14 | H54: =IF(B54<>"",B54&TEXT(G54,"000"),"") -> PC014 | I54: {=IF(C54<>"",IF(AND(OR(V54=V53,W54=W53),F54=F53,K54=K53,N54=N53),I53,MAX(IF(C54=C$6:$C53,$I$6:I53))+1),"")} | J54: =IF(C54<>"",C54&TEXT(I54,"000"),"") | K54: quan.nv | L54: =IF($K54>0,VLOOKUP($K54,NV!$B$4:$C$33,2,0),"") -> Nguyễn Văn Quân | N54: =IF($M54>0,VLOOKUP($M54,vkhncc,2,0),"") | O54: Thanh toán lương tháng 08/2015 | Q54: =IF($P54>0,VLOOKUP($P54,vvt,2,0),"") | T54: =IFERROR(INDEX(NX!$L$9:$L$168,MATCH($A54&$P54,NX!$B$9:$B$169,0)),"") | V54: 334 | W54: 1111 | X54: 7693000 | Y54: =IF($V54="","",IF(ISNA(VLOOKUP($V54,mtk,1,0)),"Không có",VLOOKUP($V54,mtk,1,0))) -> 334 | Z54: =IF($V54="","",IF(ISNA(VLOOKUP($W54,mtk,1,0)),"Không có",VLOOKUP($W54,mtk,1,0))) -> 1111 | AA54: =IF(COUNTIF($H$6:$H$526,$H54)>1,"Trùng mã",0) -> 0 | AC54: =ROUND(X54*AB54,0) -> 0 | AD54: =IF($M54="","",VLOOKUP($M54,vkhncc,2,0)) | AE54: =IF($M54="","",VLOOKUP($M54,vkhncc,4,0)) | AF54: =IF($AB54<>"",VLOOKUP($M54,vkhncc,7,0),"") | AG54: =IF($AB54<>"",VLOOKUP($M54,vkhncc,8,0),"") | AH54: =IF(OR($AB54<>"",C54="nvl",C54="nhh"),$F54,"") | AI54: =IF($AB54<>"",VLOOKUP($M54,DMKH!$B$6:$F$1822,3,0),"") | AJ54: =IF(AND(H54=H55,V54=V55),W55,IF(AND(H54=H55,W54=W55),V55,"")) | AK54: =IF(AND(H54=H55,V54=V55),X55,IF(AND(H54=H55,W54=W55),X55,"")) | AL54: =D54 -> 30/08/2015 | AM54: =IF(D54="","","Ngày "&LEFT(D54,2)&" tháng "&MID(D54,4,2)&" năm "&RIGHT(D54,4)) -> Ngày 30 tháng 08 năm 2015 | AN54: =V54&M54 -> 334 | AO54: =W54&M54 -> 1111 | AP54: =IF($AB54="","",IF(OR(MID($D54,4,2)="01",MID($D54,4,2)="02",MID($D54,4,2)="03"),"1",IF(OR(MID($D54,4,2)="04",MID($D54,4,2)="05",MID($D54,4,2)="06"),"2",IF(OR(MID($D54,4,2)="07",MID($D54,4,2)="08",MID($D54,4,2)="09"),"3",IF(OR(MID($D54,4,2)="10",MID($D54,4,2)="11",MID($D54,4,2)="12"),"4"))))) | AQ54: =A54&"-"&V54 -> 8-334 | AR54: =A54&"-"&W54 -> 8-1111 | AS54: =IF(LEFT($J54,1)="n",A54&P54,"") | AT54: =IF(LEFT($J54,1)="x",A54&P54,"") | AU54: =$A54&$H54&$U54&$V54 -> 8PC014334 | AV54: =$A54&$U54&$W54 -> 81111 | AW54: =$A54&"-"&V54&"-"&W54 -> 8-334-1111
A55: =IF(D55>0,MONTH(D55),0) -> 9 | B55: PC | D55: 01/09/2015 | E55: 01/09/2015 | F55: v | G55: {=IF(B55<>"",IF(AND(OR(V55=V54,W55=W54),F55=F54,K55=K54,N55=N54),G54,MAX(IF(B55=B$6:$B54,$G$6:G54))+1),"")} -> 15 | H55: =IF(B55<>"",B55&TEXT(G55,"000"),"") -> PC015 | I55: {=IF(C55<>"",IF(AND(OR(V55=V54,W55=W54),F55=F54,K55=K54,N55=N54),I54,MAX(IF(C55=C$6:$C54,$I$6:I54))+1),"")} | J55: =IF(C55<>"",C55&TEXT(I55,"000"),"") | K55: quan.nv | L55: =IF($K55>0,VLOOKUP($K55,NV!$B$4:$C$33,2,0),"") -> Nguyễn Văn Quân | N55: =IF($M55>0,VLOOKUP($M55,vkhncc,2,0),"") | O55: Thưởng ngày lễ 02/9 | Q55: =IF($P55>0,VLOOKUP($P55,vvt,2,0),"") | T55: =IFERROR(INDEX(NX!$L$9:$L$168,MATCH($A55&$P55,NX!$B$9:$B$169,0)),"") | V55: 64228 | W55: 1111 | X55: 4000000 | Y55: =IF($V55="","",IF(ISNA(VLOOKUP($V55,mtk,1,0)),"Không có",VLOOKUP($V55,mtk,1,0))) -> 64228 | Z55: =IF($V55="","",IF(ISNA(VLOOKUP($W55,mtk,1,0)),"Không có",VLOOKUP($W55,mtk,1,0))) -> 1111 | AA55: =IF(COUNTIF($H$6:$H$526,$H55)>1,"Trùng mã",0) -> 0 | AC55: =ROUND(X55*AB55,0) -> 0 | AD55: =IF($M55="","",VLOOKUP($M55,vkhncc,2,0)) | AE55: =IF($M55="","",VLOOKUP($M55,vkhncc,4,0)) | AF55: =IF($AB55<>"",VLOOKUP($M55,vkhncc,7,0),"") | AG55: =IF($AB55<>"",VLOOKUP($M55,vkhncc,8,0),"") | AH55: =IF(OR($AB55<>"",C55="nvl",C55="nhh"),$F55,"") | AI55: =IF($AB55<>"",VLOOKUP($M55,DMKH!$B$6:$F$1822,3,0),"") | AJ55: =IF(AND(H55=H56,V55=V56),W56,IF(AND(H55=H56,W55=W56),V56,"")) | AK55: =IF(AND(H55=H56,V55=V56),X56,IF(AND(H55=H56,W55=W56),X56,"")) | AL55: =D55 -> 01/09/2015 | AM55: =IF(D55="","","Ngày "&LEFT(D55,2)&" tháng "&MID(D55,4,2)&" năm "&RIGHT(D55,4)) -> Ngày 01 tháng 09 năm 2015 | AN55: =V55&M55 -> 64228 | AO55: =W55&M55 -> 1111 | AP55: =IF($AB55="","",IF(OR(MID($D55,4,2)="01",MID($D55,4,2)="02",MID($D55,4,2)="03"),"1",IF(OR(MID($D55,4,2)="04",MID($D55,4,2)="05",MID($D55,4,2)="06"),"2",IF(OR(MID($D55,4,2)="07",MID($D55,4,2)="08",MID($D55,4,2)="09"),"3",IF(OR(MID($D55,4,2)="10",MID($D55,4,2)="11",MID($D55,4,2)="12"),"4"))))) | AQ55: =A55&"-"&V55 -> 9-64228 | AR55: =A55&"-"&W55 -> 9-1111 | AS55: =IF(LEFT($J55,1)="n",A55&P55,"") | AT55: =IF(LEFT($J55,1)="x",A55&P55,"") | AU55: =$A55&$H55&$U55&$V55 -> 9PC01564228 | AV55: =$A55&$U55&$W55 -> 91111 | AW55: =$A55&"-"&V55&"-"&W55 -> 9-64228-1111
A56: =IF(D56>0,MONTH(D56),0) -> 9 | B56: GBC | D56: 25/09/2015 | E56: 25/09/2015 | F56: 30 | G56: {=IF(B56<>"",IF(AND(OR(V56=V55,W56=W55),F56=F55,K56=K55,N56=N55),G55,MAX(IF(B56=B$6:$B55,$G$6:G55))+1),"")} -> 7 | H56: =IF(B56<>"",B56&TEXT(G56,"000"),"") -> GBC007 | I56: {=IF(C56<>"",IF(AND(OR(V56=V55,W56=W55),F56=F55,K56=K55,N56=N55),I55,MAX(IF(C56=C$6:$C55,$I$6:I55))+1),"")} | J56: =IF(C56<>"",C56&TEXT(I56,"000"),"") | L56: =IF($K56>0,VLOOKUP($K56,NV!$B$4:$C$33,2,0),"") | N56: =IF($M56>0,VLOOKUP($M56,vkhncc,2,0),"") | O56: Lãi tiền gửi ngân hàng | Q56: =IF($P56>0,VLOOKUP($P56,vvt,2,0),"") | T56: =IFERROR(INDEX(NX!$L$9:$L$168,MATCH($A56&$P56,NX!$B$9:$B$169,0)),"") | V56: 11211 | W56: 515 | X56: 678 | Y56: =IF($V56="","",IF(ISNA(VLOOKUP($V56,mtk,1,0)),"Không có",VLOOKUP($V56,mtk,1,0))) -> 11211 | Z56: =IF($V56="","",IF(ISNA(VLOOKUP($W56,mtk,1,0)),"Không có",VLOOKUP($W56,mtk,1,0))) -> 515 | AA56: =IF(COUNTIF($H$6:$H$526,$H56)>1,"Trùng mã",0) -> 0 | AC56: =ROUND(X56*AB56,0) -> 0 | AD56: =IF($M56="","",VLOOKUP($M56,vkhncc,2,0)) | AE56: =IF($M56="","",VLOOKUP($M56,vkhncc,4,0)) | AF56: =IF($AB56<>"",VLOOKUP($M56,vkhncc,7,0),"") | AG56: =IF($AB56<>"",VLOOKUP($M56,vkhncc,8,0),"") | AH56: =IF(OR($AB56<>"",C56="nvl",C56="nhh"),$F56,"") | AI56: =IF($AB56<>"",VLOOKUP($M56,DMKH!$B$6:$F$1822,3,0),"") | AJ56: =IF(AND(H56=H57,V56=V57),W57,IF(AND(H56=H57,W56=W57),V57,"")) | AK56: =IF(AND(H56=H57,V56=V57),X57,IF(AND(H56=H57,W56=W57),X57,"")) | AL56: =D56 -> 25/09/2015 | AM56: =IF(D56="","","Ngày "&LEFT(D56,2)&" tháng "&MID(D56,4,2)&" năm "&RIGHT(D56,4)) -> Ngày 25 tháng 09 năm 2015 | AN56: =V56&M56 -> 11211 | AO56: =W56&M56 -> 515 | AP56: =IF($AB56="","",IF(OR(MID($D56,4,2)="01",MID($D56,4,2)="02",MID($D56,4,2)="03"),"1",IF(OR(MID($D56,4,2)="04",MID($D56,4,2)="05",MID($D56,4,2)="06"),"2",IF(OR(MID($D56,4,2)="07",MID($D56,4,2)="08",MID($D56,4,2)="09"),"3",IF(OR(MID($D56,4,2)="10",MID($D56,4,2)="11",MID($D56,4,2)="12"),"4"))))) | AQ56: =A56&"-"&V56 -> 9-11211 | AR56: =A56&"-"&W56 -> 9-515 | AS56: =IF(LEFT($J56,1)="n",A56&P56,"") | AT56: =IF(LEFT($J56,1)="x",A56&P56,"") | AU56: =$A56&$H56&$U56&$V56 -> 9GBC00711211 | AV56: =$A56&$U56&$W56 -> 9515 | AW56: =$A56&"-"&V56&"-"&W56 -> 9-11211-515
A57: =IF(D57>0,MONTH(D57),0) -> 9 | B57: GBN | D57: 26/09/2015 | E57: 26/09/2015 | F57: 31 | G57: {=IF(B57<>"",IF(AND(OR(V57=V56,W57=W56),F57=F56,K57=K56,N57=N56),G56,MAX(IF(B57=B$6:$B56,$G$6:G56))+1),"")} -> 5 | H57: =IF(B57<>"",B57&TEXT(G57,"000"),"") -> GBN005 | I57: {=IF(C57<>"",IF(AND(OR(V57=V56,W57=W56),F57=F56,K57=K56,N57=N56),I56,MAX(IF(C57=C$6:$C56,$I$6:I56))+1),"")} | J57: =IF(C57<>"",C57&TEXT(I57,"000"),"") | L57: =IF($K57>0,VLOOKUP($K57,NV!$B$4:$C$33,2,0),"") | N57: =IF($M57>0,VLOOKUP($M57,vkhncc,2,0),"") | O57: Phí SMS | Q57: =IF($P57>0,VLOOKUP($P57,vvt,2,0),"") | T57: =IFERROR(INDEX(NX!$L$9:$L$168,MATCH($A57&$P57,NX!$B$9:$B$169,0)),"") | V57: 64227 | W57: 11211 | X57: 55000 | Y57: =IF($V57="","",IF(ISNA(VLOOKUP($V57,mtk,1,0)),"Không có",VLOOKUP($V57,mtk,1,0))) -> 64227 | Z57: =IF($V57="","",IF(ISNA(VLOOKUP($W57,mtk,1,0)),"Không có",VLOOKUP($W57,mtk,1,0))) -> 11211 | AA57: =IF(COUNTIF($H$6:$H$526,$H57)>1,"Trùng mã",0) -> 0 | AC57: =ROUND(X57*AB57,0) -> 0 | AD57: =IF($M57="","",VLOOKUP($M57,vkhncc,2,0)) | AE57: =IF($M57="","",VLOOKUP($M57,vkhncc,4,0)) | AF57: =IF($AB57<>"",VLOOKUP($M57,vkhncc,7,0),"") | AG57: =IF($AB57<>"",VLOOKUP($M57,vkhncc,8,0),"") | AH57: =IF(OR($AB57<>"",C57="nvl",C57="nhh"),$F57,"") | AI57: =IF($AB57<>"",VLOOKUP($M57,vkhncc,3,0),"") | AJ57: =IF(AND(H57=H58,V57=V58),W58,IF(AND(H57=H58,W57=W58),V58,"")) | AK57: =IF(AND(H57=H58,V57=V58),X58,IF(AND(H57=H58,W57=W58),X58,"")) | AL57: =D57 -> 26/09/2015 | AM57: =IF(D57="","","Ngày "&LEFT(D57,2)&" tháng "&MID(D57,4,2)&" năm "&RIGHT(D57,4)) -> Ngày 26 tháng 09 năm 2015 | AN57: =V57&M57 -> 64227 | AO57: =W57&M57 -> 11211 | AP57: =IF($AB57="","",IF(OR(MID($D57,4,2)="01",MID($D57,4,2)="02",MID($D57,4,2)="03"),"1",IF(OR(MID($D57,4,2)="04",MID($D57,4,2)="05",MID($D57,4,2)="06"),"2",IF(OR(MID($D57,4,2)="07",MID($D57,4,2)="08",MID($D57,4,2)="09"),"3",IF(OR(MID($D57,4,2)="10",MID($D57,4,2)="11",MID($D57,4,2)="12"),"4"))))) | AQ57: =A57&"-"&V57 -> 9-64227 | AR57: =A57&"-"&W57 -> 9-11211 | AS57: =IF(LEFT($J57,1)="n",A57&P57,"") | AT57: =IF(LEFT($J57,1)="x",A57&P57,"") | AU57: =$A57&$H57&$U57&$V57 -> 9GBN00564227 | AV57: =$A57&$U57&$W57 -> 911211 | AW57: =$A57&"-"&V57&"-"&W57 -> 9-64227-11211
A58: =IF(D58>0,MONTH(D58),0) -> 9 | B58: PKT | D58: 30/09/2015 | E58: 30/09/2015 | F58: 32 | G58: {=IF(B58<>"",IF(AND(OR(V58=V57,W58=W57),F58=F57,K58=K57,N58=N57),G57,MAX(IF(B58=B$6:$B57,$G$6:G57))+1),"")} -> 18 | H58: =IF(B58<>"",B58&TEXT(G58,"000"),"") -> PKT018 | I58: {=IF(C58<>"",IF(AND(OR(V58=V57,W58=W57),F58=F57,K58=K57,N58=N57),I57,MAX(IF(C58=C$6:$C57,$I$6:I57))+1),"")} | J58: =IF(C58<>"",C58&TEXT(I58,"000"),"") | K58: quan.nv | L58: =IF($K58>0,VLOOKUP($K58,NV!$B$4:$C$33,2,0),"") -> Nguyễn Văn Quân | N58: =IF($M58>0,VLOOKUP($M58,vkhncc,2,0),"") | O58: Lương phải trả tháng 09/2015 | Q58: =IF($P58>0,VLOOKUP($P58,vvt,2,0),"") | T58: =IFERROR(INDEX(NX!$L$9:$L$168,MATCH($A58&$P58,NX!$B$9:$B$169,0)),"") | U58: HD0504/HĐKT | V58: 1542 | W58: 334 | X58: 3342000 | Y58: =IF($V58="","",IF(ISNA(VLOOKUP($V58,mtk,1,0)),"Không có",VLOOKUP($V58,mtk,1,0))) -> 1542 | Z58: =IF($V58="","",IF(ISNA(VLOOKUP($W58,mtk,1,0)),"Không có",VLOOKUP($W58,mtk,1,0))) -> 334 | AA58: =IF(COUNTIF($H$6:$H$526,$H58)>1,"Trùng mã",0) -> Trùng mã | AC58: =ROUND(X58*AB58,0) -> 0 | AD58: =IF($M58="","",VLOOKUP($M58,vkhncc,2,0)) | AE58: =IF($M58="","",VLOOKUP($M58,vkhncc,4,0)) | AF58: =IF($AB58<>"",VLOOKUP($M58,vkhncc,7,0),"") | AG58: =IF($AB58<>"",VLOOKUP($M58,vkhncc,8,0),"") | AH58: =IF(OR($AB58<>"",C58="nvl",C58="nhh"),$F58,"") | AI58: =IF($AB58<>"",VLOOKUP($M58,DMKH!$B$6:$F$1822,3,0),"") | AJ58: =IF(AND(H58=H59,V58=V59),W59,IF(AND(H58=H59,W58=W59),V59,"")) -> 64221 | AK58: =IF(AND(H58=H59,V58=V59),X59,IF(AND(H58=H59,W58=W59),X59,"")) -> 4830000 | AL58: =D58 -> 30/09/2015 | AM58: =IF(D58="","","Ngày "&LEFT(D58,2)&" tháng "&MID(D58,4,2)&" năm "&RIGHT(D58,4)) -> Ngày 30 tháng 09 năm 2015 | AN58: =V58&M58 -> 1542 | AO58: =W58&M58 -> 334 | AP58: =IF($AB58="","",IF(OR(MID($D58,4,2)="01",MID($D58,4,2)="02",MID($D58,4,2)="03"),"1",IF(OR(MID($D58,4,2)="04",MID($D58,4,2)="05",MID($D58,4,2)="06"),"2",IF(OR(MID($D58,4,2)="07",MID($D58,4,2)="08",MID($D58,4,2)="09"),"3",IF(OR(MID($D58,4,2)="10",MID($D58,4,2)="11",MID($D58,4,2)="12"),"4"))))) | AQ58: =A58&"-"&V58 -> 9-1542 | AR58: =A58&"-"&W58 -> 9-334 | AS58: =IF(LEFT($J58,1)="n",A58&P58,"") | AT58: =IF(LEFT($J58,1)="x",A58&P58,"") | AU58: =$A58&$H58&$U58&$V58 -> 9PKT018HD0504/HĐKT1542 | AV58: =$A58&$U58&$W58 -> 9HD0504/HĐKT334 | AW58: =$A58&"-"&V58&"-"&W58 -> 9-1542-334
A59: =IF(D59>0,MONTH(D59),0) -> 9 | B59: PKT | D59: 30/09/2015 | E59: 30/09/2015 | F59: 32 | G59: {=IF(B59<>"",IF(AND(OR(V59=V58,W59=W58),F59=F58,K59=K58,N59=N58),G58,MAX(IF(B59=B$6:$B58,$G$6:G58))+1),"")} -> 18 | H59: =IF(B59<>"",B59&TEXT(G59,"000"),"") -> PKT018 | I59: {=IF(C59<>"",IF(AND(OR(V59=V58,W59=W58),F59=F58,K59=K58,N59=N58),I58,MAX(IF(C59=C$6:$C58,$I$6:I58))+1),"")} | J59: =IF(C59<>"",C59&TEXT(I59,"000"),"") | K59: quan.nv | L59: =IF($K59>0,VLOOKUP($K59,NV!$B$4:$C$33,2,0),"") -> Nguyễn Văn Quân | N59: =IF($M59>0,VLOOKUP($M59,vkhncc,2,0),"") | O59: Lương phải trả tháng 09/2015 | Q59: =IF($P59>0,VLOOKUP($P59,vvt,2,0),"") | T59: =IFERROR(INDEX(NX!$L$9:$L$168,MATCH($A59&$P59,NX!$B$9:$B$169,0)),"") | V59: 64221 | W59: 334 | X59: 4830000 | Y59: =IF($V59="","",IF(ISNA(VLOOKUP($V59,mtk,1,0)),"Không có",VLOOKUP($V59,mtk,1,0))) -> 64221 | Z59: =IF($V59="","",IF(ISNA(VLOOKUP($W59,mtk,1,0)),"Không có",VLOOKUP($W59,mtk,1,0))) -> 334 | AA59: =IF(COUNTIF($H$6:$H$526,$H59)>1,"Trùng mã",0) -> Trùng mã | AC59: =ROUND(X59*AB59,0) -> 0 | AD59: =IF($M59="","",VLOOKUP($M59,vkhncc,2,0)) | AE59: =IF($M59="","",VLOOKUP($M59,vkhncc,4,0)) | AF59: =IF($AB59<>"",VLOOKUP($M59,vkhncc,7,0),"") | AG59: =IF($AB59<>"",VLOOKUP($M59,vkhncc,8,0),"") | AH59: =IF(OR($AB59<>"",C59="nvl",C59="nhh"),$F59,"") | AI59: =IF($AB59<>"",VLOOKUP($M59,DMKH!$B$6:$F$1822,3,0),"") | AJ59: =IF(AND(H59=H60,V59=V60),W60,IF(AND(H59=H60,W59=W60),V60,"")) | AK59: =IF(AND(H59=H60,V59=V60),X60,IF(AND(H59=H60,W59=W60),X60,"")) | AL59: =D59 -> 30/09/2015 | AM59: =IF(D59="","","Ngày "&LEFT(D59,2)&" tháng "&MID(D59,4,2)&" năm "&RIGHT(D59,4)) -> Ngày 30 tháng 09 năm 2015 | AN59: =V59&M59 -> 64221 | AO59: =W59&M59 -> 334 | AP59: =IF($AB59="","",IF(OR(MID($D59,4,2)="01",MID($D59,4,2)="02",MID($D59,4,2)="03"),"1",IF(OR(MID($D59,4,2)="04",MID($D59,4,2)="05",MID($D59,4,2)="06"),"2",IF(OR(MID($D59,4,2)="07",MID($D59,4,2)="08",MID($D59,4,2)="09"),"3",IF(OR(MID($D59,4,2)="10",MID($D59,4,2)="11",MID($D59,4,2)="12"),"4"))))) | AQ59: =A59&"-"&V59 -> 9-64221 | AR59: =A59&"-"&W59 -> 9-334 | AS59: =IF(LEFT($J59,1)="n",A59&P59,"") | AT59: =IF(LEFT($J59,1)="x",A59&P59,"") | AU59: =$A59&$H59&$U59&$V59 -> 9PKT01864221 | AV59: =$A59&$U59&$W59 -> 9334 | AW59: =$A59&"-"&V59&"-"&W59 -> 9-64221-334
A60: =IF(D60>0,MONTH(D60),0) -> 9 | B60: PC | D60: 30/09/2015 | E60: 30/09/2015 | F60: 33 | G60: {=IF(B60<>"",IF(AND(OR(V60=V59,W60=W59),F60=F59,K60=K59,N60=N59),G59,MAX(IF(B60=B$6:$B59,$G$6:G59))+1),"")} -> 16 | H60: =IF(B60<>"",B60&TEXT(G60,"000"),"") -> PC016 | I60: {=IF(C60<>"",IF(AND(OR(V60=V59,W60=W59),F60=F59,K60=K59,N60=N59),I59,MAX(IF(C60=C$6:$C59,$I$6:I59))+1),"")} | J60: =IF(C60<>"",C60&TEXT(I60,"000"),"") | K60: quan.nv | L60: =IF($K60>0,VLOOKUP($K60,NV!$B$4:$C$33,2,0),"") -> Nguyễn Văn Quân | N60: =IF($M60>0,VLOOKUP($M60,vkhncc,2,0),"") | O60: Thanh toán lương tháng 09/2015 | Q60: =IF($P60>0,VLOOKUP($P60,vvt,2,0),"") | T60: =IFERROR(INDEX(NX!$L$9:$L$168,MATCH($A60&$P60,NX!$B$9:$B$169,0)),"") | V60: 334 | W60: 1111 | X60: 8172000 | Y60: =IF($V60="","",IF(ISNA(VLOOKUP($V60,mtk,1,0)),"Không có",VLOOKUP($V60,mtk,1,0))) -> 334 | Z60: =IF($V60="","",IF(ISNA(VLOOKUP($W60,mtk,1,0)),"Không có",VLOOKUP($W60,mtk,1,0))) -> 1111 | AA60: =IF(COUNTIF($H$6:$H$526,$H60)>1,"Trùng mã",0) -> 0 | AC60: =ROUND(X60*AB60,0) -> 0 | AD60: =IF($M60="","",VLOOKUP($M60,vkhncc,2,0)) | AE60: =IF($M60="","",VLOOKUP($M60,vkhncc,4,0)) | AF60: =IF($AB60<>"",VLOOKUP($M60,vkhncc,7,0),"") | AG60: =IF($AB60<>"",VLOOKUP($M60,vkhncc,8,0),"") | AH60: =IF(OR($AB60<>"",C60="nvl",C60="nhh"),$F60,"") | AI60: =IF($AB60<>"",VLOOKUP($M60,DMKH!$B$6:$F$1822,3,0),"") | AJ60: =IF(AND(H60=H61,V60=V61),W61,IF(AND(H60=H61,W60=W61),V61,"")) | AK60: =IF(AND(H60=H61,V60=V61),X61,IF(AND(H60=H61,W60=W61),X61,"")) | AL60: =D60 -> 30/09/2015 | AM60: =IF(D60="","","Ngày "&LEFT(D60,2)&" tháng "&MID(D60,4,2)&" năm "&RIGHT(D60,4)) -> Ngày 30 tháng 09 năm 2015 | AN60: =V60&M60 -> 334 | AO60: =W60&M60 -> 1111 | AP60: =IF($AB60="","",IF(OR(MID($D60,4,2)="01",MID($D60,4,2)="02",MID($D60,4,2)="03"),"1",IF(OR(MID($D60,4,2)="04",MID($D60,4,2)="05",MID($D60,4,2)="06"),"2",IF(OR(MID($D60,4,2)="07",MID($D60,4,2)="08",MID($D60,4,2)="09"),"3",IF(OR(MID($D60,4,2)="10",MID($D60,4,2)="11",MID($D60,4,2)="12"),"4"))))) | AQ60: =A60&"-"&V60 -> 9-334 | AR60: =A60&"-"&W60 -> 9-1111 | AS60: =IF(LEFT($J60,1)="n",A60&P60,"") | AT60: =IF(LEFT($J60,1)="x",A60&P60,"") | AU60: =$A60&$H60&$U60&$V60 -> 9PC016334 | AV60: =$A60&$U60&$W60 -> 91111 | AW60: =$A60&"-"&V60&"-"&W60 -> 9-334-1111
A61: =IF(D61>0,MONTH(D61),0) -> 9 | B61: PKT | D61: 30/09/2015 | E61: 30/09/2015 | F61: 34 | G61: {=IF(B61<>"",IF(AND(OR(V61=V60,W61=W60),F61=F60,K61=K60,N61=N60),G60,MAX(IF(B61=B$6:$B60,$G$6:G60))+1),"")} -> 19 | H61: =IF(B61<>"",B61&TEXT(G61,"000"),"") -> PKT019 | I61: {=IF(C61<>"",IF(AND(OR(V61=V60,W61=W60),F61=F60,K61=K60,N61=N60),I60,MAX(IF(C61=C$6:$C60,$I$6:I60))+1),"")} | J61: =IF(C61<>"",C61&TEXT(I61,"000"),"") | K61: quan.nv | L61: =IF($K61>0,VLOOKUP($K61,NV!$B$4:$C$33,2,0),"") -> Nguyễn Văn Quân | N61: =IF($M61>0,VLOOKUP($M61,vkhncc,2,0),"") | O61: Kết chuyển chi phí lương nhân viên quản lý | Q61: =IF($P61>0,VLOOKUP($P61,vvt,2,0),"") | T61: =IFERROR(INDEX(NX!$L$9:$L$168,MATCH($A61&$P61,NX!$B$9:$B$169,0)),"") | V61: 911 | W61: 64221 | X61: 14241000 | Y61: =IF($V61="","",IF(ISNA(VLOOKUP($V61,mtk,1,0)),"Không có",VLOOKUP($V61,mtk,1,0))) -> 911 | Z61: =IF($V61="","",IF(ISNA(VLOOKUP($W61,mtk,1,0)),"Không có",VLOOKUP($W61,mtk,1,0))) -> 64221 | AA61: =IF(COUNTIF($H$6:$H$526,$H61)>1,"Trùng mã",0) -> 0 | AC61: =ROUND(X61*AB61,0) -> 0 | AD61: =IF($M61="","",VLOOKUP($M61,vkhncc,2,0)) | AE61: =IF($M61="","",VLOOKUP($M61,vkhncc,4,0)) | AF61: =IF($AB61<>"",VLOOKUP($M61,vkhncc,7,0),"") | AG61: =IF($AB61<>"",VLOOKUP($M61,vkhncc,8,0),"") | AH61: =IF(OR($AB61<>"",C61="nvl",C61="nhh"),$F61,"") | AI61: =IF($AB61<>"",VLOOKUP($M61,DMKH!$B$6:$F$1822,3,0),"") | AJ61: =IF(AND(H61=H62,V61=V62),W62,IF(AND(H61=H62,W61=W62),V62,"")) | AK61: =IF(AND(H61=H62,V61=V62),X62,IF(AND(H61=H62,W61=W62),X62,"")) | AL61: =D61 -> 30/09/2015 | AM61: =IF(D61="","","Ngày "&LEFT(D61,2)&" tháng "&MID(D61,4,2)&" năm "&RIGHT(D61,4)) -> Ngày 30 tháng 09 năm 2015 | AN61: =V61&M61 -> 911 | AO61: =W61&M61 -> 64221 | AP61: =IF($AB61="","",IF(OR(MID($D61,4,2)="01",MID($D61,4,2)="02",MID($D61,4,2)="03"),"1",IF(OR(MID($D61,4,2)="04",MID($D61,4,2)="05",MID($D61,4,2)="06"),"2",IF(OR(MID($D61,4,2)="07",MID($D61,4,2)="08",MID($D61,4,2)="09"),"3",IF(OR(MID($D61,4,2)="10",MID($D61,4,2)="11",MID($D61,4,2)="12"),"4"))))) | AQ61: =A61&"-"&V61 -> 9-911 | AR61: =A61&"-"&W61 -> 9-64221 | AS61: =IF(LEFT($J61,1)="n",A61&P61,"") | AT61: =IF(LEFT($J61,1)="x",A61&P61,"") | AU61: =$A61&$H61&$U61&$V61 -> 9PKT019911 | AV61: =$A61&$U61&$W61 -> 964221 | AW61: =$A61&"-"&V61&"-"&W61 -> 9-911-64221
A62: =IF(D62>0,MONTH(D62),0) -> 9 | B62: PKT | D62: 30/09/2015 | E62: 30/09/2015 | F62: 35 | G62: {=IF(B62<>"",IF(AND(OR(V62=V61,W62=W61),F62=F61,K62=K61,N62=N61),G61,MAX(IF(B62=B$6:$B61,$G$6:G61))+1),"")} -> 20 | H62: =IF(B62<>"",B62&TEXT(G62,"000"),"") -> PKT020 | I62: {=IF(C62<>"",IF(AND(OR(V62=V61,W62=W61),F62=F61,K62=K61,N62=N61),I61,MAX(IF(C62=C$6:$C61,$I$6:I61))+1),"")} | J62: =IF(C62<>"",C62&TEXT(I62,"000"),"") | K62: quan.nv | L62: =IF($K62>0,VLOOKUP($K62,NV!$B$4:$C$33,2,0),"") -> Nguyễn Văn Quân | N62: =IF($M62>0,VLOOKUP($M62,vkhncc,2,0),"") | O62: Kết chuyển chi phí dịch vụ mua ngoài | Q62: =IF($P62>0,VLOOKUP($P62,vvt,2,0),"") | T62: =IFERROR(INDEX(NX!$L$9:$L$168,MATCH($A62&$P62,NX!$B$9:$B$169,0)),"") | V62: 911 | W62: 64227 | X62: 165000 | Y62: =IF($V62="","",IF(ISNA(VLOOKUP($V62,mtk,1,0)),"Không có",VLOOKUP($V62,mtk,1,0))) -> 911 | Z62: =IF($V62="","",IF(ISNA(VLOOKUP($W62,mtk,1,0)),"Không có",VLOOKUP($W62,mtk,1,0))) -> 64227 | AA62: =IF(COUNTIF($H$6:$H$526,$H62)>1,"Trùng mã",0) -> 0 | AC62: =ROUND(X62*AB62,0) -> 0 | AD62: =IF($M62="","",VLOOKUP($M62,vkhncc,2,0)) | AE62: =IF($M62="","",VLOOKUP($M62,vkhncc,4,0)) | AF62: =IF($AB62<>"",VLOOKUP($M62,vkhncc,7,0),"") | AG62: =IF($AB62<>"",VLOOKUP($M62,vkhncc,8,0),"") | AH62: =IF(OR($AB62<>"",C62="nvl",C62="nhh"),$F62,"") | AI62: =IF($AB62<>"",VLOOKUP($M62,DMKH!$B$6:$F$1822,3,0),"") | AJ62: =IF(AND(H62=H63,V62=V63),W63,IF(AND(H62=H63,W62=W63),V63,"")) | AK62: =IF(AND(H62=H63,V62=V63),X63,IF(AND(H62=H63,W62=W63),X63,"")) | AL62: =D62 -> 30/09/2015 | AM62: =IF(D62="","","Ngày "&LEFT(D62,2)&" tháng "&MID(D62,4,2)&" năm "&RIGHT(D62,4)) -> Ngày 30 tháng 09 năm 2015 | AN62: =V62&M62 -> 911 | AO62: =W62&M62 -> 64227 | AP62: =IF($AB62="","",IF(OR(MID($D62,4,2)="01",MID($D62,4,2)="02",MID($D62,4,2)="03"),"1",IF(OR(MID($D62,4,2)="04",MID($D62,4,2)="05",MID($D62,4,2)="06"),"2",IF(OR(MID($D62,4,2)="07",MID($D62,4,2)="08",MID($D62,4,2)="09"),"3",IF(OR(MID($D62,4,2)="10",MID($D62,4,2)="11",MID($D62,4,2)="12"),"4"))))) | AQ62: =A62&"-"&V62 -> 9-911 | AR62: =A62&"-"&W62 -> 9-64227 | AS62: =IF(LEFT($J62,1)="n",A62&P62,"") | AT62: =IF(LEFT($J62,1)="x",A62&P62,"") | AU62: =$A62&$H62&$U62&$V62 -> 9PKT020911 | AV62: =$A62&$U62&$W62 -> 964227 | AW62: =$A62&"-"&V62&"-"&W62 -> 9-911-64227
A63: =IF(D63>0,MONTH(D63),0) -> 9 | B63: PKT | D63: 30/09/2015 | E63: 30/09/2015 | F63: v | G63: {=IF(B63<>"",IF(AND(OR(V63=V62,W63=W62),F63=F62,K63=K62,N63=N62),G62,MAX(IF(B63=B$6:$B62,$G$6:G62))+1),"")} -> 21 | H63: =IF(B63<>"",B63&TEXT(G63,"000"),"") -> PKT021 | I63: {=IF(C63<>"",IF(AND(OR(V63=V62,W63=W62),F63=F62,K63=K62,N63=N62),I62,MAX(IF(C63=C$6:$C62,$I$6:I62))+1),"")} | J63: =IF(C63<>"",C63&TEXT(I63,"000"),"") | K63: quan.nv | L63: =IF($K63>0,VLOOKUP($K63,NV!$B$4:$C$33,2,0),"") -> Nguyễn Văn Quân | N63: =IF($M63>0,VLOOKUP($M63,vkhncc,2,0),"") | O63: Kết chuyển chi phí bằng tiền khác | Q63: =IF($P63>0,VLOOKUP($P63,vvt,2,0),"") | T63: =IFERROR(INDEX(NX!$L$9:$L$168,MATCH($A63&$P63,NX!$B$9:$B$169,0)),"") | V63: 911 | W63: 64228 | X63: 4000000 | Y63: =IF($V63="","",IF(ISNA(VLOOKUP($V63,mtk,1,0)),"Không có",VLOOKUP($V63,mtk,1,0))) -> 911 | Z63: =IF($V63="","",IF(ISNA(VLOOKUP($W63,mtk,1,0)),"Không có",VLOOKUP($W63,mtk,1,0))) -> 64228 | AA63: =IF(COUNTIF($H$6:$H$526,$H63)>1,"Trùng mã",0) -> 0 | AC63: =ROUND(X63*AB63,0) -> 0 | AD63: =IF($M63="","",VLOOKUP($M63,vkhncc,2,0)) | AE63: =IF($M63="","",VLOOKUP($M63,vkhncc,4,0)) | AF63: =IF($AB63<>"",VLOOKUP($M63,vkhncc,7,0),"") | AG63: =IF($AB63<>"",VLOOKUP($M63,vkhncc,8,0),"") | AH63: =IF(OR($AB63<>"",C63="nvl",C63="nhh"),$F63,"") | AI63: =IF($AB63<>"",VLOOKUP($M63,DMKH!$B$6:$F$1822,3,0),"") | AJ63: =IF(AND(H63=H64,V63=V64),W64,IF(AND(H63=H64,W63=W64),V64,"")) | AK63: =IF(AND(H63=H64,V63=V64),X64,IF(AND(H63=H64,W63=W64),X64,"")) | AL63: =D63 -> 30/09/2015 | AM63: =IF(D63="","","Ngày "&LEFT(D63,2)&" tháng "&MID(D63,4,2)&" năm "&RIGHT(D63,4)) -> Ngày 30 tháng 09 năm 2015 | AN63: =V63&M63 -> 911 | AO63: =W63&M63 -> 64228 | AP63: =IF($AB63="","",IF(OR(MID($D63,4,2)="01",MID($D63,4,2)="02",MID($D63,4,2)="03"),"1",IF(OR(MID($D63,4,2)="04",MID($D63,4,2)="05",MID($D63,4,2)="06"),"2",IF(OR(MID($D63,4,2)="07",MID($D63,4,2)="08",MID($D63,4,2)="09"),"3",IF(OR(MID($D63,4,2)="10",MID($D63,4,2)="11",MID($D63,4,2)="12"),"4"))))) | AQ63: =A63&"-"&V63 -> 9-911 | AR63: =A63&"-"&W63 -> 9-64228 | AS63: =IF(LEFT($J63,1)="n",A63&P63,"") | AT63: =IF(LEFT($J63,1)="x",A63&P63,"") | AU63: =$A63&$H63&$U63&$V63 -> 9PKT021911 | AV63: =$A63&$U63&$W63 -> 964228 | AW63: =$A63&"-"&V63&"-"&W63 -> 9-911-64228
A64: =IF(D64>0,MONTH(D64),0) -> 9 | B64: PKT | D64: 30/09/2015 | E64: 30/09/2015 | F64: 36 | G64: {=IF(B64<>"",IF(AND(OR(V64=V63,W64=W63),F64=F63,K64=K63,N64=N63),G63,MAX(IF(B64=B$6:$B63,$G$6:G63))+1),"")} -> 22 | H64: =IF(B64<>"",B64&TEXT(G64,"000"),"") -> PKT022 | I64: {=IF(C64<>"",IF(AND(OR(V64=V63,W64=W63),F64=F63,K64=K63,N64=N63),I63,MAX(IF(C64=C$6:$C63,$I$6:I63))+1),"")} | J64: =IF(C64<>"",C64&TEXT(I64,"000"),"") | K64: quan.nv | L64: =IF($K64>0,VLOOKUP($K64,NV!$B$4:$C$33,2,0),"") -> Nguyễn Văn Quân | N64: =IF($M64>0,VLOOKUP($M64,vkhncc,2,0),"") | O64: Kết chuyển doanh thu hoạt động tài chính | Q64: =IF($P64>0,VLOOKUP($P64,vvt,2,0),"") | T64: =IFERROR(INDEX(NX!$L$9:$L$168,MATCH($A64&$P64,NX!$B$9:$B$169,0)),"") | V64: 515 | W64: 911 | X64: 2615 | Y64: =IF($V64="","",IF(ISNA(VLOOKUP($V64,mtk,1,0)),"Không có",VLOOKUP($V64,mtk,1,0))) -> 515 | Z64: =IF($V64="","",IF(ISNA(VLOOKUP($W64,mtk,1,0)),"Không có",VLOOKUP($W64,mtk,1,0))) -> 911 | AA64: =IF(COUNTIF($H$6:$H$526,$H64)>1,"Trùng mã",0) -> 0 | AC64: =ROUND(X64*AB64,0) -> 0 | AD64: =IF($M64="","",VLOOKUP($M64,vkhncc,2,0)) | AE64: =IF($M64="","",VLOOKUP($M64,vkhncc,4,0)) | AF64: =IF($AB64<>"",VLOOKUP($M64,vkhncc,7,0),"") | AG64: =IF($AB64<>"",VLOOKUP($M64,vkhncc,8,0),"") | AH64: =IF(OR($AB64<>"",C64="nvl",C64="nhh"),$F64,"") | AI64: =IF($AB64<>"",VLOOKUP($M64,DMKH!$B$6:$F$1822,3,0),"") | AJ64: =IF(AND(H64=H65,V64=V65),W65,IF(AND(H64=H65,W64=W65),V65,"")) | AK64: =IF(AND(H64=H65,V64=V65),X65,IF(AND(H64=H65,W64=W65),X65,"")) | AL64: =D64 -> 30/09/2015 | AM64: =IF(D64="","","Ngày "&LEFT(D64,2)&" tháng "&MID(D64,4,2)&" năm "&RIGHT(D64,4)) -> Ngày 30 tháng 09 năm 2015 | AN64: =V64&M64 -> 515 | AO64: =W64&M64 -> 911 | AP64: =IF($AB64="","",IF(OR(MID($D64,4,2)="01",MID($D64,4,2)="02",MID($D64,4,2)="03"),"1",IF(OR(MID($D64,4,2)="04",MID($D64,4,2)="05",MID($D64,4,2)="06"),"2",IF(OR(MID($D64,4,2)="07",MID($D64,4,2)="08",MID($D64,4,2)="09"),"3",IF(OR(MID($D64,4,2)="10",MID($D64,4,2)="11",MID($D64,4,2)="12"),"4"))))) | AQ64: =A64&"-"&V64 -> 9-515 | AR64: =A64&"-"&W64 -> 9-911 | AS64: =IF(LEFT($J64,1)="n",A64&P64,"") | AT64: =IF(LEFT($J64,1)="x",A64&P64,"") | AU64: =$A64&$H64&$U64&$V64 -> 9PKT022515 | AV64: =$A64&$U64&$W64 -> 9911 | AW64: =$A64&"-"&V64&"-"&W64 -> 9-515-911
A65: =IF(D65>0,MONTH(D65),0) -> 9 | B65: PKT | D65: 30/09/2015 | E65: 30/09/2015 | F65: 37 | G65: {=IF(B65<>"",IF(AND(OR(V65=V64,W65=W64),F65=F64,K65=K64,N65=N64),G64,MAX(IF(B65=B$6:$B64,$G$6:G64))+1),"")} -> 23 | H65: =IF(B65<>"",B65&TEXT(G65,"000"),"") -> PKT023 | I65: {=IF(C65<>"",IF(AND(OR(V65=V64,W65=W64),F65=F64,K65=K64,N65=N64),I64,MAX(IF(C65=C$6:$C64,$I$6:I64))+1),"")} | J65: =IF(C65<>"",C65&TEXT(I65,"000"),"") | K65: quan.nv | L65: =IF($K65>0,VLOOKUP($K65,NV!$B$4:$C$33,2,0),"") -> Nguyễn Văn Quân | N65: =IF($M65>0,VLOOKUP($M65,vkhncc,2,0),"") | O65: Xác định kết quả kinh doanh | Q65: =IF($P65>0,VLOOKUP($P65,vvt,2,0),"") | T65: =IFERROR(INDEX(NX!$L$9:$L$168,MATCH($A65&$P65,NX!$B$9:$B$169,0)),"") | V65: 4212 | W65: 911 | X65: 18403385 | Y65: =IF($V65="","",IF(ISNA(VLOOKUP($V65,mtk,1,0)),"Không có",VLOOKUP($V65,mtk,1,0))) -> 4212 | Z65: =IF($V65="","",IF(ISNA(VLOOKUP($W65,mtk,1,0)),"Không có",VLOOKUP($W65,mtk,1,0))) -> 911 | AA65: =IF(COUNTIF($H$6:$H$526,$H65)>1,"Trùng mã",0) -> 0 | AC65: =ROUND(X65*AB65,0) -> 0 | AD65: =IF($M65="","",VLOOKUP($M65,vkhncc,2,0)) | AE65: =IF($M65="","",VLOOKUP($M65,vkhncc,4,0)) | AF65: =IF($AB65<>"",VLOOKUP($M65,vkhncc,7,0),"") | AG65: =IF($AB65<>"",VLOOKUP($M65,vkhncc,8,0),"") | AH65: =IF(OR($AB65<>"",C65="nvl",C65="nhh"),$F65,"") | AI65: =IF($AB65<>"",VLOOKUP($M65,DMKH!$B$6:$F$1822,3,0),"") | AJ65: =IF(AND(H65=H66,V65=V66),W66,IF(AND(H65=H66,W65=W66),V66,"")) | AK65: =IF(AND(H65=H66,V65=V66),X66,IF(AND(H65=H66,W65=W66),X66,"")) | AL65: =D65 -> 30/09/2015 | AM65: =IF(D65="","","Ngày "&LEFT(D65,2)&" tháng "&MID(D65,4,2)&" năm "&RIGHT(D65,4)) -> Ngày 30 tháng 09 năm 2015 | AN65: =V65&M65 -> 4212 | AO65: =W65&M65 -> 911 | AP65: =IF($AB65="","",IF(OR(MID($D65,4,2)="01",MID($D65,4,2)="02",MID($D65,4,2)="03"),"1",IF(OR(MID($D65,4,2)="04",MID($D65,4,2)="05",MID($D65,4,2)="06"),"2",IF(OR(MID($D65,4,2)="07",MID($D65,4,2)="08",MID($D65,4,2)="09"),"3",IF(OR(MID($D65,4,2)="10",MID($D65,4,2)="11",MID($D65,4,2)="12"),"4"))))) | AQ65: =A65&"-"&V65 -> 9-4212 | AR65: =A65&"-"&W65 -> 9-911 | AS65: =IF(LEFT($J65,1)="n",A65&P65,"") | AT65: =IF(LEFT($J65,1)="x",A65&P65,"") | AU65: =$A65&$H65&$U65&$V65 -> 9PKT0234212 | AV65: =$A65&$U65&$W65 -> 9911 | AW65: =$A65&"-"&V65&"-"&W65 -> 9-4212-911
A66: =IF(D66>0,MONTH(D66),0) -> 10 | B66: GBN | D66: 18/10/2015 | E66: 18/10/2015 | F66: 38 | G66: {=IF(B66<>"",IF(AND(OR(V66=V65,W66=W65),F66=F65,K66=K65,N66=N65),G65,MAX(IF(B66=B$6:$B65,$G$6:G65))+1),"")} -> 6 | H66: =IF(B66<>"",B66&TEXT(G66,"000"),"") -> GBN006 | I66: {=IF(C66<>"",IF(AND(OR(V66=V65,W66=W65),F66=F65,K66=K65,N66=N65),I65,MAX(IF(C66=C$6:$C65,$I$6:I65))+1),"")} | J66: =IF(C66<>"",C66&TEXT(I66,"000"),"") | L66: =IF($K66>0,VLOOKUP($K66,NV!$B$4:$C$33,2,0),"") | N66: =IF($M66>0,VLOOKUP($M66,vkhncc,2,0),"") | O66: Phí SMS | Q66: =IF($P66>0,VLOOKUP($P66,vvt,2,0),"") | T66: =IFERROR(INDEX(NX!$L$9:$L$168,MATCH($A66&$P66,NX!$B$9:$B$169,0)),"") | V66: 64227 | W66: 11211 | X66: 55000 | Y66: =IF($V66="","",IF(ISNA(VLOOKUP($V66,mtk,1,0)),"Không có",VLOOKUP($V66,mtk,1,0))) -> 64227 | Z66: =IF($V66="","",IF(ISNA(VLOOKUP($W66,mtk,1,0)),"Không có",VLOOKUP($W66,mtk,1,0))) -> 11211 | AA66: =IF(COUNTIF($H$6:$H$526,$H66)>1,"Trùng mã",0) -> 0 | AC66: =ROUND(X66*AB66,0) -> 0 | AD66: =IF($M66="","",VLOOKUP($M66,vkhncc,2,0)) | AE66: =IF($M66="","",VLOOKUP($M66,vkhncc,4,0)) | AF66: =IF($AB66<>"",VLOOKUP($M66,vkhncc,7,0),"") | AG66: =IF($AB66<>"",VLOOKUP($M66,vkhncc,8,0),"") | AH66: =IF(OR($AB66<>"",C66="nvl",C66="nhh"),$F66,"") | AI66: =IF($AB66<>"",VLOOKUP($M66,DMKH!$B$6:$F$1822,3,0),"") | AJ66: =IF(AND(H66=H67,V66=V67),W67,IF(AND(H66=H67,W66=W67),V67,"")) | AK66: =IF(AND(H66=H67,V66=V67),X67,IF(AND(H66=H67,W66=W67),X67,"")) | AL66: =D66 -> 18/10/2015 | AM66: =IF(D66="","","Ngày "&LEFT(D66,2)&" tháng "&MID(D66,4,2)&" năm "&RIGHT(D66,4)) -> Ngày 18 tháng 10 năm 2015 | AN66: =V66&M66 -> 64227 | AO66: =W66&M66 -> 11211 | AP66: =IF($AB66="","",IF(OR(MID($D66,4,2)="01",MID($D66,4,2)="02",MID($D66,4,2)="03"),"1",IF(OR(MID($D66,4,2)="04",MID($D66,4,2)="05",MID($D66,4,2)="06"),"2",IF(OR(MID($D66,4,2)="07",MID($D66,4,2)="08",MID($D66,4,2)="09"),"3",IF(OR(MID($D66,4,2)="10",MID($D66,4,2)="11",MID($D66,4,2)="12"),"4"))))) | AQ66: =A66&"-"&V66 -> 10-64227 | AR66: =A66&"-"&W66 -> 10-11211 | AS66: =IF(LEFT($J66,1)="n",A66&P66,"") | AT66: =IF(LEFT($J66,1)="x",A66&P66,"") | AU66: =$A66&$H66&$U66&$V66 -> 10GBN00664227 | AV66: =$A66&$U66&$W66 -> 1011211 | AW66: =$A66&"-"&V66&"-"&W66 -> 10-64227-11211
A67: =IF(D67>0,MONTH(D67),0) -> 10 | B67: GBC | D67: 25/10/2015 | E67: 25/10/2015 | F67: 39 | G67: {=IF(B67<>"",IF(AND(OR(V67=V66,W67=W66),F67=F66,K67=K66,N67=N66),G66,MAX(IF(B67=B$6:$B66,$G$6:G66))+1),"")} -> 8 | H67: =IF(B67<>"",B67&TEXT(G67,"000"),"") -> GBC008 | I67: {=IF(C67<>"",IF(AND(OR(V67=V66,W67=W66),F67=F66,K67=K66,N67=N66),I66,MAX(IF(C67=C$6:$C66,$I$6:I66))+1),"")} | J67: =IF(C67<>"",C67&TEXT(I67,"000"),"") | L67: =IF($K67>0,VLOOKUP($K67,NV!$B$4:$C$33,2,0),"") | N67: =IF($M67>0,VLOOKUP($M67,vkhncc,2,0),"") | O67: Lãi tiền gửi ngân hàng | Q67: =IF($P67>0,VLOOKUP($P67,vvt,2,0),"") | T67: =IFERROR(INDEX(NX!$L$9:$L$168,MATCH($A67&$P67,NX!$B$9:$B$169,0)),"") | V67: 11211 | W67: 515 | X67: 610 | Y67: =IF($V67="","",IF(ISNA(VLOOKUP($V67,mtk,1,0)),"Không có",VLOOKUP($V67,mtk,1,0))) -> 11211 | Z67: =IF($V67="","",IF(ISNA(VLOOKUP($W67,mtk,1,0)),"Không có",VLOOKUP($W67,mtk,1,0))) -> 515 | AA67: =IF(COUNTIF($H$6:$H$526,$H67)>1,"Trùng mã",0) -> 0 | AC67: =ROUND(X67*AB67,0) -> 0 | AD67: =IF($M67="","",VLOOKUP($M67,vkhncc,2,0)) | AE67: =IF($M67="","",VLOOKUP($M67,vkhncc,4,0)) | AF67: =IF($AB67<>"",VLOOKUP($M67,vkhncc,7,0),"") | AG67: =IF($AB67<>"",VLOOKUP($M67,vkhncc,8,0),"") | AH67: =IF(OR($AB67<>"",C67="nvl",C67="nhh"),$F67,"") | AI67: =IF($AB67<>"",VLOOKUP($M67,DMKH!$B$6:$F$1822,3,0),"") | AJ67: =IF(AND(H67=H68,V67=V68),W68,IF(AND(H67=H68,W67=W68),V68,"")) | AK67: =IF(AND(H67=H68,V67=V68),X68,IF(AND(H67=H68,W67=W68),X68,"")) | AL67: =D67 -> 25/10/2015 | AM67: =IF(D67="","","Ngày "&LEFT(D67,2)&" tháng "&MID(D67,4,2)&" năm "&RIGHT(D67,4)) -> Ngày 25 tháng 10 năm 2015 | AN67: =V67&M67 -> 11211 | AO67: =W67&M67 -> 515 | AP67: =IF($AB67="","",IF(OR(MID($D67,4,2)="01",MID($D67,4,2)="02",MID($D67,4,2)="03"),"1",IF(OR(MID($D67,4,2)="04",MID($D67,4,2)="05",MID($D67,4,2)="06"),"2",IF(OR(MID($D67,4,2)="07",MID($D67,4,2)="08",MID($D67,4,2)="09"),"3",IF(OR(MID($D67,4,2)="10",MID($D67,4,2)="11",MID($D67,4,2)="12"),"4"))))) | AQ67: =A67&"-"&V67 -> 10-11211 | AR67: =A67&"-"&W67 -> 10-515 | AS67: =IF(LEFT($J67,1)="n",A67&P67,"") | AT67: =IF(LEFT($J67,1)="x",A67&P67,"") | AU67: =$A67&$H67&$U67&$V67 -> 10GBC00811211 | AV67: =$A67&$U67&$W67 -> 10515 | AW67: =$A67&"-"&V67&"-"&W67 -> 10-11211-515
A68: =IF(D68>0,MONTH(D68),0) -> 10 | B68: PKT | D68: 31/10/2015 | E68: 31/10/2015 | F68: 40 | G68: {=IF(B68<>"",IF(AND(OR(V68=V67,W68=W67),F68=F67,K68=K67,N68=N67),G67,MAX(IF(B68=B$6:$B67,$G$6:G67))+1),"")} -> 24 | H68: =IF(B68<>"",B68&TEXT(G68,"000"),"") -> PKT024 | I68: {=IF(C68<>"",IF(AND(OR(V68=V67,W68=W67),F68=F67,K68=K67,N68=N67),I67,MAX(IF(C68=C$6:$C67,$I$6:I67))+1),"")} | J68: =IF(C68<>"",C68&TEXT(I68,"000"),"") | K68: quan.nv | L68: =IF($K68>0,VLOOKUP($K68,NV!$B$4:$C$33,2,0),"") -> Nguyễn Văn Quân | N68: =IF($M68>0,VLOOKUP($M68,vkhncc,2,0),"") | O68: Lương phải trả tháng 10/2015 | Q68: =IF($P68>0,VLOOKUP($P68,vvt,2,0),"") | T68: =IFERROR(INDEX(NX!$L$9:$L$168,MATCH($A68&$P68,NX!$B$9:$B$169,0)),"") | U68: HD1509/HĐKT | V68: 1542 | W68: 334 | X68: 3342000 | Y68: =IF($V68="","",IF(ISNA(VLOOKUP($V68,mtk,1,0)),"Không có",VLOOKUP($V68,mtk,1,0))) -> 1542 | Z68: =IF($V68="","",IF(ISNA(VLOOKUP($W68,mtk,1,0)),"Không có",VLOOKUP($W68,mtk,1,0))) -> 334 | AA68: =IF(COUNTIF($H$6:$H$526,$H68)>1,"Trùng mã",0) -> Trùng mã | AC68: =ROUND(X68*AB68,0) -> 0 | AD68: =IF($M68="","",VLOOKUP($M68,vkhncc,2,0)) | AE68: =IF($M68="","",VLOOKUP($M68,vkhncc,4,0)) | AF68: =IF($AB68<>"",VLOOKUP($M68,vkhncc,7,0),"") | AG68: =IF($AB68<>"",VLOOKUP($M68,vkhncc,8,0),"") | AH68: =IF(OR($AB68<>"",C68="nvl",C68="nhh"),$F68,"") | AI68: =IF($AB68<>"",VLOOKUP($M68,DMKH!$B$6:$F$1822,3,0),"") | AJ68: =IF(AND(H68=H69,V68=V69),W69,IF(AND(H68=H69,W68=W69),V69,"")) -> 64221 | AK68: =IF(AND(H68=H69,V68=V69),X69,IF(AND(H68=H69,W68=W69),X69,"")) -> 4581000 | AL68: =D68 -> 31/10/2015 | AM68: =IF(D68="","","Ngày "&LEFT(D68,2)&" tháng "&MID(D68,4,2)&" năm "&RIGHT(D68,4)) -> Ngày 31 tháng 10 năm 2015 | AN68: =V68&M68 -> 1542 | AO68: =W68&M68 -> 334 | AP68: =IF($AB68="","",IF(OR(MID($D68,4,2)="01",MID($D68,4,2)="02",MID($D68,4,2)="03"),"1",IF(OR(MID($D68,4,2)="04",MID($D68,4,2)="05",MID($D68,4,2)="06"),"2",IF(OR(MID($D68,4,2)="07",MID($D68,4,2)="08",MID($D68,4,2)="09"),"3",IF(OR(MID($D68,4,2)="10",MID($D68,4,2)="11",MID($D68,4,2)="12"),"4"))))) | AQ68: =A68&"-"&V68 -> 10-1542 | AR68: =A68&"-"&W68 -> 10-334 | AS68: =IF(LEFT($J68,1)="n",A68&P68,"") | AT68: =IF(LEFT($J68,1)="x",A68&P68,"") | AU68: =$A68&$H68&$U68&$V68 -> 10PKT024HD1509/HĐKT1542 | AV68: =$A68&$U68&$W68 -> 10HD1509/HĐKT334 | AW68: =$A68&"-"&V68&"-"&W68 -> 10-1542-334
A69: =IF(D69>0,MONTH(D69),0) -> 10 | B69: PKT | D69: 31/10/2015 | E69: 31/10/2015 | F69: 40 | G69: {=IF(B69<>"",IF(AND(OR(V69=V68,W69=W68),F69=F68,K69=K68,N69=N68),G68,MAX(IF(B69=B$6:$B68,$G$6:G68))+1),"")} -> 24 | H69: =IF(B69<>"",B69&TEXT(G69,"000"),"") -> PKT024 | I69: {=IF(C69<>"",IF(AND(OR(V69=V68,W69=W68),F69=F68,K69=K68,N69=N68),I68,MAX(IF(C69=C$6:$C68,$I$6:I68))+1),"")} | J69: =IF(C69<>"",C69&TEXT(I69,"000"),"") | K69: quan.nv | L69: =IF($K69>0,VLOOKUP($K69,NV!$B$4:$C$33,2,0),"") -> Nguyễn Văn Quân | N69: =IF($M69>0,VLOOKUP($M69,vkhncc,2,0),"") | O69: Lương phải trả tháng 10/2015 | Q69: =IF($P69>0,VLOOKUP($P69,vvt,2,0),"") | T69: =IFERROR(INDEX(NX!$L$9:$L$168,MATCH($A69&$P69,NX!$B$9:$B$169,0)),"") | V69: 64221 | W69: 334 | X69: 4581000 | Y69: =IF($V69="","",IF(ISNA(VLOOKUP($V69,mtk,1,0)),"Không có",VLOOKUP($V69,mtk,1,0))) -> 64221 | Z69: =IF($V69="","",IF(ISNA(VLOOKUP($W69,mtk,1,0)),"Không có",VLOOKUP($W69,mtk,1,0))) -> 334 | AA69: =IF(COUNTIF($H$6:$H$526,$H69)>1,"Trùng mã",0) -> Trùng mã | AC69: =ROUND(X69*AB69,0) -> 0 | AD69: =IF($M69="","",VLOOKUP($M69,vkhncc,2,0)) | AE69: =IF($M69="","",VLOOKUP($M69,vkhncc,4,0)) | AF69: =IF($AB69<>"",VLOOKUP($M69,vkhncc,7,0),"") | AG69: =IF($AB69<>"",VLOOKUP($M69,vkhncc,8,0),"") | AH69: =IF(OR($AB69<>"",C69="nvl",C69="nhh"),$F69,"") | AI69: =IF($AB69<>"",VLOOKUP($M69,DMKH!$B$6:$F$1822,3,0),"") | AJ69: =IF(AND(H69=H70,V69=V70),W70,IF(AND(H69=H70,W69=W70),V70,"")) | AK69: =IF(AND(H69=H70,V69=V70),X70,IF(AND(H69=H70,W69=W70),X70,"")) | AL69: =D69 -> 31/10/2015 | AM69: =IF(D69="","","Ngày "&LEFT(D69,2)&" tháng "&MID(D69,4,2)&" năm "&RIGHT(D69,4)) -> Ngày 31 tháng 10 năm 2015 | AN69: =V69&M69 -> 64221 | AO69: =W69&M69 -> 334 | AP69: =IF($AB69="","",IF(OR(MID($D69,4,2)="01",MID($D69,4,2)="02",MID($D69,4,2)="03"),"1",IF(OR(MID($D69,4,2)="04",MID($D69,4,2)="05",MID($D69,4,2)="06"),"2",IF(OR(MID($D69,4,2)="07",MID($D69,4,2)="08",MID($D69,4,2)="09"),"3",IF(OR(MID($D69,4,2)="10",MID($D69,4,2)="11",MID($D69,4,2)="12"),"4"))))) | AQ69: =A69&"-"&V69 -> 10-64221 | AR69: =A69&"-"&W69 -> 10-334 | AS69: =IF(LEFT($J69,1)="n",A69&P69,"") | AT69: =IF(LEFT($J69,1)="x",A69&P69,"") | AU69: =$A69&$H69&$U69&$V69 -> 10PKT02464221 | AV69: =$A69&$U69&$W69 -> 10334 | AW69: =$A69&"-"&V69&"-"&W69 -> 10-64221-334
A70: =IF(D70>0,MONTH(D70),0) -> 10 | B70: PC | D70: 31/10/2015 | E70: 31/10/2015 | F70: 41 | G70: {=IF(B70<>"",IF(AND(OR(V70=V69,W70=W69),F70=F69,K70=K69,N70=N69),G69,MAX(IF(B70=B$6:$B69,$G$6:G69))+1),"")} -> 17 | H70: =IF(B70<>"",B70&TEXT(G70,"000"),"") -> PC017 | I70: {=IF(C70<>"",IF(AND(OR(V70=V69,W70=W69),F70=F69,K70=K69,N70=N69),I69,MAX(IF(C70=C$6:$C69,$I$6:I69))+1),"")} | J70: =IF(C70<>"",C70&TEXT(I70,"000"),"") | K70: quan.nv | L70: =IF($K70>0,VLOOKUP($K70,NV!$B$4:$C$33,2,0),"") -> Nguyễn Văn Quân | N70: =IF($M70>0,VLOOKUP($M70,vkhncc,2,0),"") | O70: Thanh toán lương tháng 10/2015 | Q70: =IF($P70>0,VLOOKUP($P70,vvt,2,0),"") | T70: =IFERROR(INDEX(NX!$L$9:$L$168,MATCH($A70&$P70,NX!$B$9:$B$169,0)),"") | V70: 334 | W70: 1111 | X70: 7923000 | Y70: =IF($V70="","",IF(ISNA(VLOOKUP($V70,mtk,1,0)),"Không có",VLOOKUP($V70,mtk,1,0))) -> 334 | Z70: =IF($V70="","",IF(ISNA(VLOOKUP($W70,mtk,1,0)),"Không có",VLOOKUP($W70,mtk,1,0))) -> 1111 | AA70: =IF(COUNTIF($H$6:$H$526,$H70)>1,"Trùng mã",0) -> 0 | AC70: =ROUND(X70*AB70,0) -> 0 | AD70: =IF($M70="","",VLOOKUP($M70,vkhncc,2,0)) | AE70: =IF($M70="","",VLOOKUP($M70,vkhncc,4,0)) | AF70: =IF($AB70<>"",VLOOKUP($M70,vkhncc,7,0),"") | AG70: =IF($AB70<>"",VLOOKUP($M70,vkhncc,8,0),"") | AH70: =IF(OR($AB70<>"",C70="nvl",C70="nhh"),$F70,"") | AI70: =IF($AB70<>"",VLOOKUP($M70,DMKH!$B$6:$F$1822,3,0),"") | AJ70: =IF(AND(H70=H71,V70=V71),W71,IF(AND(H70=H71,W70=W71),V71,"")) | AK70: =IF(AND(H70=H71,V70=V71),X71,IF(AND(H70=H71,W70=W71),X71,"")) | AL70: =D70 -> 31/10/2015 | AM70: =IF(D70="","","Ngày "&LEFT(D70,2)&" tháng "&MID(D70,4,2)&" năm "&RIGHT(D70,4)) -> Ngày 31 tháng 10 năm 2015 | AN70: =V70&M70 -> 334 | AO70: =W70&M70 -> 1111 | AP70: =IF($AB70="","",IF(OR(MID($D70,4,2)="01",MID($D70,4,2)="02",MID($D70,4,2)="03"),"1",IF(OR(MID($D70,4,2)="04",MID($D70,4,2)="05",MID($D70,4,2)="06"),"2",IF(OR(MID($D70,4,2)="07",MID($D70,4,2)="08",MID($D70,4,2)="09"),"3",IF(OR(MID($D70,4,2)="10",MID($D70,4,2)="11",MID($D70,4,2)="12"),"4"))))) | AQ70: =A70&"-"&V70 -> 10-334 | AR70: =A70&"-"&W70 -> 10-1111 | AS70: =IF(LEFT($J70,1)="n",A70&P70,"") | AT70: =IF(LEFT($J70,1)="x",A70&P70,"") | AU70: =$A70&$H70&$U70&$V70 -> 10PC017334 | AV70: =$A70&$U70&$W70 -> 101111 | AW70: =$A70&"-"&V70&"-"&W70 -> 10-334-1111
A71: =IF(D71>0,MONTH(D71),0) -> 11 | B71: BH | D71: 11/11/2015 | E71: 11/11/2015 | F71: 0000003 | G71: {=IF(B71<>"",IF(AND(OR(V71=V70,W71=W70),F71=F70,K71=K70,N71=N70),G70,MAX(IF(B71=B$6:$B70,$G$6:G70))+1),"")} -> 2 | H71: =IF(B71<>"",B71&TEXT(G71,"000"),"") -> BH002 | I71: {=IF(C71<>"",IF(AND(OR(V71=V70,W71=W70),F71=F70,K71=K70,N71=N70),I70,MAX(IF(C71=C$6:$C70,$I$6:I70))+1),"")} | J71: =IF(C71<>"",C71&TEXT(I71,"000"),"") | L71: =IF($K71>0,VLOOKUP($K71,NV!$B$4:$C$33,2,0),"") | M71: gas.cty | N71: =IF($M71>0,VLOOKUP($M71,vkhncc,2,0),"") -> Công ty TNHH DHV - GAS | O71: Thiết kế bản vẽ kỹ thuật thi công nhà công vụ theo HĐ 0504/HĐKT | Q71: =IF($P71>0,VLOOKUP($P71,vvt,2,0),"") | T71: =IFERROR(INDEX(NX!$L$9:$L$168,MATCH($A71&$P71,NX!$B$9:$B$169,0)),"") | V71: 131 | W71: 5113 | X71: 22000000 | Y71: =IF($V71="","",IF(ISNA(VLOOKUP($V71,mtk,1,0)),"Không có",VLOOKUP($V71,mtk,1,0))) -> 131 | Z71: =IF($V71="","",IF(ISNA(VLOOKUP($W71,mtk,1,0)),"Không có",VLOOKUP($W71,mtk,1,0))) -> 5113 | AA71: =IF(COUNTIF($H$6:$H$526,$H71)>1,"Trùng mã",0) -> Trùng mã | AB71: 0.1 | AC71: =ROUND(X71*AB71,0) -> 2200000 | AD71: =IF($M71="","",VLOOKUP($M71,vkhncc,2,0)) -> Công ty TNHH DHV - GAS | AE71: =IF($M71="","",VLOOKUP($M71,vkhncc,4,0)) -> z | AF71: =IF($AB71<>"",VLOOKUP($M71,vkhncc,7,0),"") -> 1 | AG71: =IF($AB71<>"",VLOOKUP($M71,vkhncc,8,0),"") -> 0 | AH71: =IF(OR($AB71<>"",C71="nvl",C71="nhh"),$F71,"") -> 0000003 | AI71: =IF($AB71<>"",VLOOKUP($M71,DMKH!$B$6:$F$1822,3,0),"") -> 0 | AJ71: =IF(AND(H71=H72,V71=V72),W72,IF(AND(H71=H72,W71=W72),V72,"")) -> 33311 | AK71: =IF(AND(H71=H72,V71=V72),X72,IF(AND(H71=H72,W71=W72),X72,"")) -> 2200000 | AL71: =D71 -> 11/11/2015 | AM71: =IF(D71="","","Ngày "&LEFT(D71,2)&" tháng "&MID(D71,4,2)&" năm "&RIGHT(D71,4)) -> Ngày 11 tháng 11 năm 2015 | AN71: =V71&M71 -> 131gas.cty | AO71: =W71&M71 -> 5113gas.cty | AP71: =IF($AB71="","",IF(OR(MID($D71,4,2)="01",MID($D71,4,2)="02",MID($D71,4,2)="03"),"1",IF(OR(MID($D71,4,2)="04",MID($D71,4,2)="05",MID($D71,4,2)="06"),"2",IF(OR(MID($D71,4,2)="07",MID($D71,4,2)="08",MID($D71,4,2)="09"),"3",IF(OR(MID($D71,4,2)="10",MID($D71,4,2)="11",MID($D71,4,2)="12"),"4"))))) -> 4 | AQ71: =A71&"-"&V71 -> 11-131 | AR71: =A71&"-"&W71 -> 11-5113 | AS71: =IF(LEFT($J71,1)="n",A71&P71,"") | AT71: =IF(LEFT($J71,1)="x",A71&P71,"") | AU71: =$A71&$H71&$U71&$V71 -> 11BH002131 | AV71: =$A71&$U71&$W71 -> 115113 | AW71: =$A71&"-"&V71&"-"&W71 -> 11-131-5113
A72: =IF(D72>0,MONTH(D72),0) -> 11 | B72: BH | D72: 11/11/2015 | E72: 11/11/2015 | F72: 0000003 | G72: {=IF(B72<>"",IF(AND(OR(V72=V71,W72=W71),F72=F71,K72=K71,N72=N71),G71,MAX(IF(B72=B$6:$B71,$G$6:G71))+1),"")} -> 2 | H72: =IF(B72<>"",B72&TEXT(G72,"000"),"") -> BH002 | I72: {=IF(C72<>"",IF(AND(OR(V72=V71,W72=W71),F72=F71,K72=K71,N72=N71),I71,MAX(IF(C72=C$6:$C71,$I$6:I71))+1),"")} | J72: =IF(C72<>"",C72&TEXT(I72,"000"),"") | L72: =IF($K72>0,VLOOKUP($K72,NV!$B$4:$C$33,2,0),"") | M72: gas.cty | N72: =IF($M72>0,VLOOKUP($M72,vkhncc,2,0),"") -> Công ty TNHH DHV - GAS | O72: Thiết kế bản vẽ kỹ thuật thi công nhà công vụ theo HĐ 0504/HĐKT | Q72: =IF($P72>0,VLOOKUP($P72,vvt,2,0),"") | T72: =IFERROR(INDEX(NX!$L$9:$L$168,MATCH($A72&$P72,NX!$B$9:$B$169,0)),"") | V72: 131 | W72: 33311 | X72: 2200000 | Y72: =IF($V72="","",IF(ISNA(VLOOKUP($V72,mtk,1,0)),"Không có",VLOOKUP($V72,mtk,1,0))) -> 131 | Z72: =IF($V72="","",IF(ISNA(VLOOKUP($W72,mtk,1,0)),"Không có",VLOOKUP($W72,mtk,1,0))) -> 33311 | AA72: =IF(COUNTIF($H$6:$H$526,$H72)>1,"Trùng mã",0) -> Trùng mã | AC72: =ROUND(X72*AB72,0) -> 0 | AD72: =IF($M72="","",VLOOKUP($M72,vkhncc,2,0)) -> Công ty TNHH DHV - GAS | AE72: =IF($M72="","",VLOOKUP($M72,vkhncc,4,0)) -> z | AF72: =IF($AB72<>"",VLOOKUP($M72,vkhncc,7,0),"") | AG72: =IF($AB72<>"",VLOOKUP($M72,vkhncc,8,0),"") | AH72: =IF(OR($AB72<>"",C72="nvl",C72="nhh"),$F72,"") | AI72: =IF($AB72<>"",VLOOKUP($M72,DMKH!$B$6:$F$1822,3,0),"") | AJ72: =IF(AND(H72=H73,V72=V73),W73,IF(AND(H72=H73,W72=W73),V73,"")) | AK72: =IF(AND(H72=H73,V72=V73),X73,IF(AND(H72=H73,W72=W73),X73,"")) | AL72: =D72 -> 11/11/2015 | AM72: =IF(D72="","","Ngày "&LEFT(D72,2)&" tháng "&MID(D72,4,2)&" năm "&RIGHT(D72,4)) -> Ngày 11 tháng 11 năm 2015 | AN72: =V72&M72 -> 131gas.cty | AO72: =W72&M72 -> 33311gas.cty | AP72: =IF($AB72="","",IF(OR(MID($D72,4,2)="01",MID($D72,4,2)="02",MID($D72,4,2)="03"),"1",IF(OR(MID($D72,4,2)="04",MID($D72,4,2)="05",MID($D72,4,2)="06"),"2",IF(OR(MID($D72,4,2)="07",MID($D72,4,2)="08",MID($D72,4,2)="09"),"3",IF(OR(MID($D72,4,2)="10",MID($D72,4,2)="11",MID($D72,4,2)="12"),"4"))))) | AQ72: =A72&"-"&V72 -> 11-131 | AR72: =A72&"-"&W72 -> 11-33311 | AS72: =IF(LEFT($J72,1)="n",A72&P72,"") | AT72: =IF(LEFT($J72,1)="x",A72&P72,"") | AU72: =$A72&$H72&$U72&$V72 -> 11BH002131 | AV72: =$A72&$U72&$W72 -> 1133311 | AW72: =$A72&"-"&V72&"-"&W72 -> 11-131-33311
A73: =IF(D73>0,MONTH(D73),0) -> 11 | B73: PKT | D73: 11/11/2015 | E73: 11/11/2015 | F73: 43 | G73: {=IF(B73<>"",IF(AND(OR(V73=V72,W73=W72),F73=F72,K73=K72,N73=N72),G72,MAX(IF(B73=B$6:$B72,$G$6:G72))+1),"")} -> 25 | H73: =IF(B73<>"",B73&TEXT(G73,"000"),"") -> PKT025 | I73: {=IF(C73<>"",IF(AND(OR(V73=V72,W73=W72),F73=F72,K73=K72,N73=N72),I72,MAX(IF(C73=C$6:$C72,$I$6:I72))+1),"")} | J73: =IF(C73<>"",C73&TEXT(I73,"000"),"") | K73: quan.nv | L73: =IF($K73>0,VLOOKUP($K73,NV!$B$4:$C$33,2,0),"") -> Nguyễn Văn Quân | M73: gas.cty | N73: =IF($M73>0,VLOOKUP($M73,vkhncc,2,0),"") -> Công ty TNHH DHV - GAS | O73: Phản ánh chi phí giá vốn HĐ 0504/HĐKT | Q73: =IF($P73>0,VLOOKUP($P73,vvt,2,0),"") | T73: =IFERROR(INDEX(NX!$L$9:$L$168,MATCH($A73&$P73,NX!$B$9:$B$169,0)),"") | V73: 632 | W73: 1542 | X73: =$X$30+$X$36+$X$47+$X$52+$X$58 -> 15793000 | Y73: =IF($V73="","",IF(ISNA(VLOOKUP($V73,mtk,1,0)),"Không có",VLOOKUP($V73,mtk,1,0))) -> 632 | Z73: =IF($V73="","",IF(ISNA(VLOOKUP($W73,mtk,1,0)),"Không có",VLOOKUP($W73,mtk,1,0))) -> 1542 | AA73: =IF(COUNTIF($H$6:$H$526,$H73)>1,"Trùng mã",0) -> 0 | AC73: =ROUND(X73*AB73,0) -> 0 | AD73: =IF($M73="","",VLOOKUP($M73,vkhncc,2,0)) -> Công ty TNHH DHV - GAS | AE73: =IF($M73="","",VLOOKUP($M73,vkhncc,4,0)) -> z | AF73: =IF($AB73<>"",VLOOKUP($M73,vkhncc,7,0),"") | AG73: =IF($AB73<>"",VLOOKUP($M73,vkhncc,8,0),"") | AH73: =IF(OR($AB73<>"",C73="nvl",C73="nhh"),$F73,"") | AI73: =IF($AB73<>"",VLOOKUP($M73,DMKH!$B$6:$F$1822,3,0),"") | AJ73: =IF(AND(H73=H74,V73=V74),W74,IF(AND(H73=H74,W73=W74),V74,"")) | AK73: =IF(AND(H73=H74,V73=V74),X74,IF(AND(H73=H74,W73=W74),X74,"")) | AL73: =D73 -> 11/11/2015 | AM73: =IF(D73="","","Ngày "&LEFT(D73,2)&" tháng "&MID(D73,4,2)&" năm "&RIGHT(D73,4)) -> Ngày 11 tháng 11 năm 2015 | AN73: =V73&M73 -> 632gas.cty | AO73: =W73&M73 -> 1542gas.cty | AP73: =IF($AB73="","",IF(OR(MID($D73,4,2)="01",MID($D73,4,2)="02",MID($D73,4,2)="03"),"1",IF(OR(MID($D73,4,2)="04",MID($D73,4,2)="05",MID($D73,4,2)="06"),"2",IF(OR(MID($D73,4,2)="07",MID($D73,4,2)="08",MID($D73,4,2)="09"),"3",IF(OR(MID($D73,4,2)="10",MID($D73,4,2)="11",MID($D73,4,2)="12"),"4"))))) | AQ73: =A73&"-"&V73 -> 11-632 | AR73: =A73&"-"&W73 -> 11-1542 | AS73: =IF(LEFT($J73,1)="n",A73&P73,"") | AT73: =IF(LEFT($J73,1)="x",A73&P73,"") | AU73: =$A73&$H73&$U73&$V73 -> 11PKT025632 | AV73: =$A73&$U73&$W73 -> 111542 | AW73: =$A73&"-"&V73&"-"&W73 -> 11-632-1542
A74: =IF(D74>0,MONTH(D74),0) -> 11 | B74: PT | D74: 17/11/2015 | E74: 17/11/2015 | F74: 0000004 | G74: {=IF(B74<>"",IF(AND(OR(V74=V73,W74=W73),F74=F73,K74=K73,N74=N73),G73,MAX(IF(B74=B$6:$B73,$G$6:G73))+1),"")} -> 3 | H74: =IF(B74<>"",B74&TEXT(G74,"000"),"") -> PT003 | I74: {=IF(C74<>"",IF(AND(OR(V74=V73,W74=W73),F74=F73,K74=K73,N74=N73),I73,MAX(IF(C74=C$6:$C73,$I$6:I73))+1),"")} | J74: =IF(C74<>"",C74&TEXT(I74,"000"),"") | L74: =IF($K74>0,VLOOKUP($K74,NV!$B$4:$C$33,2,0),"") | M74: gas.cty | N74: =IF($M74>0,VLOOKUP($M74,vkhncc,2,0),"") -> Công ty TNHH DHV - GAS | O74: Thiết kế bản vẽ kỹ thuật thi công nhà máy sơn vỏ bình ga theo HĐ 1509/HĐKT | Q74: =IF($P74>0,VLOOKUP($P74,vvt,2,0),"") | T74: =IFERROR(INDEX(NX!$L$9:$L$168,MATCH($A74&$P74,NX!$B$9:$B$169,0)),"") | V74: 1111 | W74: 5113 | X74: 4545455 | Y74: =IF($V74="","",IF(ISNA(VLOOKUP($V74,mtk,1,0)),"Không có",VLOOKUP($V74,mtk,1,0))) -> 1111 | Z74: =IF($V74="","",IF(ISNA(VLOOKUP($W74,mtk,1,0)),"Không có",VLOOKUP($W74,mtk,1,0))) -> 5113 | AA74: =IF(COUNTIF($H$6:$H$526,$H74)>1,"Trùng mã",0) -> Trùng mã | AB74: 0.1 | AC74: 454545 | AD74: =IF($M74="","",VLOOKUP($M74,vkhncc,2,0)) -> Công ty TNHH DHV - GAS | AE74: =IF($M74="","",VLOOKUP($M74,vkhncc,4,0)) -> z | AF74: =IF($AB74<>"",VLOOKUP($M74,vkhncc,7,0),"") -> 1 | AG74: =IF($AB74<>"",VLOOKUP($M74,vkhncc,8,0),"") -> 0 | AH74: =IF(OR($AB74<>"",C74="nvl",C74="nhh"),$F74,"") -> 0000004 | AI74: =IF($AB74<>"",VLOOKUP($M74,DMKH!$B$6:$F$1822,3,0),"") -> 0 | AJ74: =IF(AND(H74=H75,V74=V75),W75,IF(AND(H74=H75,W74=W75),V75,"")) -> 33311 | AK74: =IF(AND(H74=H75,V74=V75),X75,IF(AND(H74=H75,W74=W75),X75,"")) -> 454545 | AL74: =D74 -> 17/11/2015 | AM74: =IF(D74="","","Ngày "&LEFT(D74,2)&" tháng "&MID(D74,4,2)&" năm "&RIGHT(D74,4)) -> Ngày 17 tháng 11 năm 2015 | AN74: =V74&M74 -> 1111gas.cty | AO74: =W74&M74 -> 5113gas.cty | AP74: =IF($AB74="","",IF(OR(MID($D74,4,2)="01",MID($D74,4,2)="02",MID($D74,4,2)="03"),"1",IF(OR(MID($D74,4,2)="04",MID($D74,4,2)="05",MID($D74,4,2)="06"),"2",IF(OR(MID($D74,4,2)="07",MID($D74,4,2)="08",MID($D74,4,2)="09"),"3",IF(OR(MID($D74,4,2)="10",MID($D74,4,2)="11",MID($D74,4,2)="12"),"4"))))) -> 4 | AQ74: =A74&"-"&V74 -> 11-1111 | AR74: =A74&"-"&W74 -> 11-5113 | AS74: =IF(LEFT($J74,1)="n",A74&P74,"") | AT74: =IF(LEFT($J74,1)="x",A74&P74,"") | AU74: =$A74&$H74&$U74&$V74 -> 11PT0031111 | AV74: =$A74&$U74&$W74 -> 115113 | AW74: =$A74&"-"&V74&"-"&W74 -> 11-1111-5113
A75: =IF(D75>0,MONTH(D75),0) -> 11 | B75: PT | D75: 17/11/2015 | E75: 17/11/2015 | F75: 0000004 | G75: {=IF(B75<>"",IF(AND(OR(V75=V74,W75=W74),F75=F74,K75=K74,N75=N74),G74,MAX(IF(B75=B$6:$B74,$G$6:G74))+1),"")} -> 3 | H75: =IF(B75<>"",B75&TEXT(G75,"000"),"") -> PT003 | I75: {=IF(C75<>"",IF(AND(OR(V75=V74,W75=W74),F75=F74,K75=K74,N75=N74),I74,MAX(IF(C75=C$6:$C74,$I$6:I74))+1),"")} | J75: =IF(C75<>"",C75&TEXT(I75,"000"),"") | L75: =IF($K75>0,VLOOKUP($K75,NV!$B$4:$C$33,2,0),"") | M75: gas.cty | N75: =IF($M75>0,VLOOKUP($M75,vkhncc,2,0),"") -> Công ty TNHH DHV - GAS | O75: Thiết kế bản vẽ kỹ thuật thi công nhà máy sơn vỏ bình ga theo HĐ 1509/HĐKT | Q75: =IF($P75>0,VLOOKUP($P75,vvt,2,0),"") | T75: =IFERROR(INDEX(NX!$L$9:$L$168,MATCH($A75&$P75,NX!$B$9:$B$169,0)),"") | V75: 1111 | W75: 33311 | X75: 454545 | Y75: =IF($V75="","",IF(ISNA(VLOOKUP($V75,mtk,1,0)),"Không có",VLOOKUP($V75,mtk,1,0))) -> 1111 | Z75: =IF($V75="","",IF(ISNA(VLOOKUP($W75,mtk,1,0)),"Không có",VLOOKUP($W75,mtk,1,0))) -> 33311 | AA75: =IF(COUNTIF($H$6:$H$526,$H75)>1,"Trùng mã",0) -> Trùng mã | AC75: =ROUND(X75*AB75,0) -> 0 | AD75: =IF($M75="","",VLOOKUP($M75,vkhncc,2,0)) -> Công ty TNHH DHV - GAS | AE75: =IF($M75="","",VLOOKUP($M75,vkhncc,4,0)) -> z | AF75: =IF($AB75<>"",VLOOKUP($M75,vkhncc,7,0),"") | AG75: =IF($AB75<>"",VLOOKUP($M75,vkhncc,8,0),"") | AH75: =IF(OR($AB75<>"",C75="nvl",C75="nhh"),$F75,"") | AI75: =IF($AB75<>"",VLOOKUP($M75,DMKH!$B$6:$F$1822,3,0),"") | AJ75: =IF(AND(H75=H76,V75=V76),W76,IF(AND(H75=H76,W75=W76),V76,"")) | AK75: =IF(AND(H75=H76,V75=V76),X76,IF(AND(H75=H76,W75=W76),X76,"")) | AL75: =D75 -> 17/11/2015 | AM75: =IF(D75="","","Ngày "&LEFT(D75,2)&" tháng "&MID(D75,4,2)&" năm "&RIGHT(D75,4)) -> Ngày 17 tháng 11 năm 2015 | AN75: =V75&M75 -> 1111gas.cty | AO75: =W75&M75 -> 33311gas.cty | AP75: =IF($AB75="","",IF(OR(MID($D75,4,2)="01",MID($D75,4,2)="02",MID($D75,4,2)="03"),"1",IF(OR(MID($D75,4,2)="04",MID($D75,4,2)="05",MID($D75,4,2)="06"),"2",IF(OR(MID($D75,4,2)="07",MID($D75,4,2)="08",MID($D75,4,2)="09"),"3",IF(OR(MID($D75,4,2)="10",MID($D75,4,2)="11",MID($D75,4,2)="12"),"4"))))) | AQ75: =A75&"-"&V75 -> 11-1111 | AR75: =A75&"-"&W75 -> 11-33311 | AS75: =IF(LEFT($J75,1)="n",A75&P75,"") | AT75: =IF(LEFT($J75,1)="x",A75&P75,"") | AU75: =$A75&$H75&$U75&$V75 -> 11PT0031111 | AV75: =$A75&$U75&$W75 -> 1133311 | AW75: =$A75&"-"&V75&"-"&W75 -> 11-1111-33311
A76: =IF(D76>0,MONTH(D76),0) -> 11 | B76: PKT | D76: 17/11/2015 | E76: 17/11/2015 | F76: 45 | G76: {=IF(B76<>"",IF(AND(OR(V76=V75,W76=W75),F76=F75,K76=K75,N76=N75),G75,MAX(IF(B76=B$6:$B75,$G$6:G75))+1),"")} -> 26 | H76: =IF(B76<>"",B76&TEXT(G76,"000"),"") -> PKT026 | I76: {=IF(C76<>"",IF(AND(OR(V76=V75,W76=W75),F76=F75,K76=K75,N76=N75),I75,MAX(IF(C76=C$6:$C75,$I$6:I75))+1),"")} | J76: =IF(C76<>"",C76&TEXT(I76,"000"),"") | K76: quan.nv | L76: =IF($K76>0,VLOOKUP($K76,NV!$B$4:$C$33,2,0),"") -> Nguyễn Văn Quân | M76: gas.cty | N76: =IF($M76>0,VLOOKUP($M76,vkhncc,2,0),"") -> Công ty TNHH DHV - GAS | O76: Phản ánh chi phí giá vốn HĐ 1509/HĐKT | Q76: =IF($P76>0,VLOOKUP($P76,vvt,2,0),"") | T76: =IFERROR(INDEX(NX!$L$9:$L$168,MATCH($A76&$P76,NX!$B$9:$B$169,0)),"") | V76: 632 | W76: 1542 | X76: =$X$68 -> 3342000 | Y76: =IF($V76="","",IF(ISNA(VLOOKUP($V76,mtk,1,0)),"Không có",VLOOKUP($V76,mtk,1,0))) -> 632 | Z76: =IF($V76="","",IF(ISNA(VLOOKUP($W76,mtk,1,0)),"Không có",VLOOKUP($W76,mtk,1,0))) -> 1542 | AA76: =IF(COUNTIF($H$6:$H$526,$H76)>1,"Trùng mã",0) -> 0 | AC76: =ROUND(X76*AB76,0) -> 0 | AD76: =IF($M76="","",VLOOKUP($M76,vkhncc,2,0)) -> Công ty TNHH DHV - GAS | AE76: =IF($M76="","",VLOOKUP($M76,vkhncc,4,0)) -> z | AF76: =IF($AB76<>"",VLOOKUP($M76,vkhncc,7,0),"") | AG76: =IF($AB76<>"",VLOOKUP($M76,vkhncc,8,0),"") | AH76: =IF(OR($AB76<>"",C76="nvl",C76="nhh"),$F76,"") | AI76: =IF($AB76<>"",VLOOKUP($M76,DMKH!$B$6:$F$1822,3,0),"") | AJ76: =IF(AND(H76=H77,V76=V77),W77,IF(AND(H76=H77,W76=W77),V77,"")) | AK76: =IF(AND(H76=H77,V76=V77),X77,IF(AND(H76=H77,W76=W77),X77,"")) | AL76: =D76 -> 17/11/2015 | AM76: =IF(D76="","","Ngày "&LEFT(D76,2)&" tháng "&MID(D76,4,2)&" năm "&RIGHT(D76,4)) -> Ngày 17 tháng 11 năm 2015 | AN76: =V76&M76 -> 632gas.cty | AO76: =W76&M76 -> 1542gas.cty | AP76: =IF($AB76="","",IF(OR(MID($D76,4,2)="01",MID($D76,4,2)="02",MID($D76,4,2)="03"),"1",IF(OR(MID($D76,4,2)="04",MID($D76,4,2)="05",MID($D76,4,2)="06"),"2",IF(OR(MID($D76,4,2)="07",MID($D76,4,2)="08",MID($D76,4,2)="09"),"3",IF(OR(MID($D76,4,2)="10",MID($D76,4,2)="11",MID($D76,4,2)="12"),"4"))))) | AQ76: =A76&"-"&V76 -> 11-632 | AR76: =A76&"-"&W76 -> 11-1542 | AS76: =IF(LEFT($J76,1)="n",A76&P76,"") | AT76: =IF(LEFT($J76,1)="x",A76&P76,"") | AU76: =$A76&$H76&$U76&$V76 -> 11PKT026632 | AV76: =$A76&$U76&$W76 -> 111542 | AW76: =$A76&"-"&V76&"-"&W76 -> 11-632-1542
A77: =IF(D77>0,MONTH(D77),0) -> 11 | B77: PKT | D77: 25/11/2015 | E77: 25/11/2015 | F77: 46 | G77: {=IF(B77<>"",IF(AND(OR(V77=V76,W77=W76),F77=F76,K77=K76,N77=N76),G76,MAX(IF(B77=B$6:$B76,$G$6:G76))+1),"")} -> 27 | H77: =IF(B77<>"",B77&TEXT(G77,"000"),"") -> PKT027 | I77: {=IF(C77<>"",IF(AND(OR(V77=V76,W77=W76),F77=F76,K77=K76,N77=N76),I76,MAX(IF(C77=C$6:$C76,$I$6:I76))+1),"")} | J77: =IF(C77<>"",C77&TEXT(I77,"000"),"") | K77: quan.nv | L77: =IF($K77>0,VLOOKUP($K77,NV!$B$4:$C$33,2,0),"") -> Nguyễn Văn Quân | N77: =IF($M77>0,VLOOKUP($M77,vkhncc,2,0),"") | O77: Phí SMS | Q77: =IF($P77>0,VLOOKUP($P77,vvt,2,0),"") | T77: =IFERROR(INDEX(NX!$L$9:$L$168,MATCH($A77&$P77,NX!$B$9:$B$169,0)),"") | V77: 64227 | W77: 11211 | X77: 55000 | Y77: =IF($V77="","",IF(ISNA(VLOOKUP($V77,mtk,1,0)),"Không có",VLOOKUP($V77,mtk,1,0))) -> 64227 | Z77: =IF($V77="","",IF(ISNA(VLOOKUP($W77,mtk,1,0)),"Không có",VLOOKUP($W77,mtk,1,0))) -> 11211 | AA77: =IF(COUNTIF($H$6:$H$526,$H77)>1,"Trùng mã",0) -> 0 | AC77: =ROUND(X77*AB77,0) -> 0 | AD77: =IF($M77="","",VLOOKUP($M77,vkhncc,2,0)) | AE77: =IF($M77="","",VLOOKUP($M77,vkhncc,4,0)) | AF77: =IF($AB77<>"",VLOOKUP($M77,vkhncc,7,0),"") | AG77: =IF($AB77<>"",VLOOKUP($M77,vkhncc,8,0),"") | AH77: =IF(OR($AB77<>"",C77="nvl",C77="nhh"),$F77,"") | AI77: =IF($AB77<>"",VLOOKUP($M77,DMKH!$B$6:$F$1822,3,0),"") | AJ77: =IF(AND(H77=H78,V77=V78),W78,IF(AND(H77=H78,W77=W78),V78,"")) | AK77: =IF(AND(H77=H78,V77=V78),X78,IF(AND(H77=H78,W77=W78),X78,"")) | AL77: =D77 -> 25/11/2015 | AM77: =IF(D77="","","Ngày "&LEFT(D77,2)&" tháng "&MID(D77,4,2)&" năm "&RIGHT(D77,4)) -> Ngày 25 tháng 11 năm 2015 | AN77: =V77&M77 -> 64227 | AO77: =W77&M77 -> 11211 | AP77: =IF($AB77="","",IF(OR(MID($D77,4,2)="01",MID($D77,4,2)="02",MID($D77,4,2)="03"),"1",IF(OR(MID($D77,4,2)="04",MID($D77,4,2)="05",MID($D77,4,2)="06"),"2",IF(OR(MID($D77,4,2)="07",MID($D77,4,2)="08",MID($D77,4,2)="09"),"3",IF(OR(MID($D77,4,2)="10",MID($D77,4,2)="11",MID($D77,4,2)="12"),"4"))))) | AQ77: =A77&"-"&V77 -> 11-64227 | AR77: =A77&"-"&W77 -> 11-11211 | AS77: =IF(LEFT($J77,1)="n",A77&P77,"") | AT77: =IF(LEFT($J77,1)="x",A77&P77,"") | AU77: =$A77&$H77&$U77&$V77 -> 11PKT02764227 | AV77: =$A77&$U77&$W77 -> 1111211 | AW77: =$A77&"-"&V77&"-"&W77 -> 11-64227-11211
